Workbook

Sheet INSTRUCCIONES
A1: ANEXO 2
A2: INFORMACIÓN ECONÓMICA Y FINANCIERA
A3: A. INFORMACIÓN ECONÓMICA
A4: Cumplimentar balances (A1) indicando el Nº de trabajadores para los ejercicios que se piden y, cuentas de resultados simplificados (A2) correspondientes a los tres últimos ejercicios cerrados y a los tres ejercicios posteriores previsionales.
A5: A.1. Balances correspondientes a los tres últimos ejercicios y previsionales correspondientes a los tres ejercicios siguientes consecutivos.
A6: A.2. Cuentas de resultados de los últimos tres ejercicios y previsionales correspondientes a los tres ejercicios siguientes consecutivos.
A7: En caso de empresas solicitantes de la ayuda que tengan una participación igual o superior al 25 % del capital social o de los derechos de voto de otra empresa y/u otra(s) empresa(s) tenga(n) una participación igual o superior al 25 % en la suya, aportar balance económico y cuentas de explotación de los dos últimos ejercicios cerrados de la empresa o empresas partícipes.
A8: B. INFORMACIÓN FINANCIERA
A9: Cumplimentar información del plan de financiación (B1) del proyecto de inversión de acuerdo con los datos económicos anteriores. Se deberá presentar la documentación acreditativa de las fuentes de financiación propia y externa privada.
A10: B.1. Plan de financiación
A12: C. VIABILIDAD ECONÓMICO-FINANCIERA
A13: Cumplimentar indicadores económicos (C1) para justificar la viabilidad económico financiera de la inversión proyectada.
... A15: Además, se deberá cumplimentar la Declaración responsable del solicitante relativa a la viabilidad económico financiera de la operación de inversión

Sheet A1. BALANCES
A1: BALANCES DE SITUACIÓN | M1: ANÁLISIS VERTICAL | X1: ANÁLISIS HORIZONTAL (AÑO 0) | AI1: ANÁLISIS HORIZONTAL (AÑO N-1)
A2: (En Euros) | B2: =YEAR(TODAY())-3 -> 2022 | C2: =YEAR(TODAY())-2 -> 2023 | D2: =YEAR(TODAY())-1 -> 2024 | E2: =YEAR(TODAY()) -> 2025 | F2: =YEAR(TODAY())+1 -> 2026 | G2: =YEAR(TODAY())+2 -> 2027 | M2: =B2 -> 2022 | N2: =C2 -> 2023 | O2: =D2 -> 2024 | P2: =E2 -> 2025 | Q2: =F2 -> 2026 | R2: =G2 -> 2027 | S2: =H2 -> 0 | T2: =I2 -> 0 | ... V2: =K2 -> 0 | X2: =B2 -> 2022 | Y2: =C2 -> 2023 | Z2: =D2 -> 2024 | AA2: =E2 -> 2025 | AB2: =F2 -> 2026 | AC2: =G2 -> 2027 | AD2: =H2 -> 0 | AE2: =I2 -> 0 | ... AG2: =K2 -> 0 | AI2: =B2 -> 2022 | AJ2: =C2 -> 2023 | AK2: =D2 -> 2024 | AL2: =E2 -> 2025 | AM2: =F2 -> 2026 | AN2: =G2 -> 2027 | AO2: =H2 -> 0 | AP2: =I2 -> 0 | ... AR2: =K2 -> 0
A3: A. ACTIVO NO CORRIENTE | B3: =SUM(B4:B10) -> 0 | C3: =SUM(C4:C10) -> 0 | D3: =SUM(D4:D10) -> 0 | E3: =SUM(E4:E10) -> 0 | F3: =SUM(F4:F10) -> 0 | G3: =SUM(G4:G10) -> 0 | H3: =SUM(H4:H10) -> 0 | I3: =SUM(I4:I10) -> 0 | ... K3: =SUM(K4:K10) -> 0 | M3: =IFERROR(B3/B$19,"") | N3: =IFERROR(C3/C$19,"") | O3: =IFERROR(D3/D$19,"") | P3: =IFERROR(E3/E$19,"") | Q3: =IFERROR(F3/F$19,"") | R3: =IFERROR(G3/G$19,"") | S3: =IFERROR(H3/H$19,"") | T3: =IFERROR(I3/I$19,"") | ... V3: =IFERROR(K3/K$19,"") | X3: =IFERROR(IF(X$2=0,"",IF((AND($B3,B3)>0),(((B3-$B3)/($B3))),(((B3-$B3)/ABS($B3))))),"") | Y3: =IFERROR(IF(Y$2=0,"",IF((AND($B3,C3)>0),(((C3-$B3)/($B3))),(((C3-$B3)/ABS($B3))))),"") | Z3: =IFERROR(IF(Z$2=0,"",IF((AND($B3,D3)>0),(((D3-$B3)/($B3))),(((D3-$B3)/ABS($B3))))),"") | AA3: =IFERROR(IF(AA$2=0,"",IF((AND($B3,E3)>0),(((E3-$B3)/($B3))),(((E3-$B3)/ABS($B3))))),"") | AB3: =IFERROR(IF(AB$2=0,"",IF((AND($B3,F3)>0),(((F3-$B3)/($B3))),(((F3-$B3)/ABS($B3))))),"") | AC3: =IFERROR(IF(AC$2=0,"",IF((AND($B3,G3)>0),(((G3-$B3)/($B3))),(((G3-$B3)/ABS($B3))))),"") | AD3: =IFERROR(IF(AD$2=0,"",IF((AND($B3,H3)>0),(((H3-$B3)/($B3))),(((H3-$B3)/ABS($B3))))),"") | AE3: =IFERROR(IF(AE$2=0,"",IF((AND($B3,I3)>0),(((I3-$B3)/($B3))),(((I3-$B3)/ABS($B3))))),"") | ... AG3: =IFERROR(IF(AG$2=0,"",IF((AND($B3,K3)>0),(((K3-$B3)/($B3))),(((K3-$B3)/ABS($B3))))),"") | AI3: =IFERROR(IF(AI$2=0,"",((B3-B3)/ABS(B3))),"") | AJ3: =IFERROR(IF(AJ$2=0,"",((C3-B3)/ABS(B3))),"") | AK3: =IFERROR(IF(AK$2=0,"",((D3-C3)/ABS(C3))),"") | AL3: =IFERROR(IF(AL$2=0,"",((E3-D3)/ABS(D3))),"") | AM3: =IFERROR(IF(AM$2=0,"",((F3-E3)/ABS(E3))),"") | AN3: =IFERROR(IF(AN$2=0,"",((G3-F3)/ABS(F3))),"") | AO3: =IFERROR(IF(AO$2=0,"",((H3-G3)/ABS(G3))),"") | AP3: =IFERROR(IF(AP$2=0,"",((I3-H3)/ABS(H3))),"") | AQ3: =IFERROR(IF(AQ$2=0,"",((J3-I3)/ABS(I3))),"") | AR3: =IFERROR(IF(AR$2=0,"",((K3-J3)/ABS(J3))),"")
A4: I. Inmovilizado intangible | M4: =IFERROR(B4/B$19,"") | N4: =IFERROR(C4/C$19,"") | O4: =IFERROR(D4/D$19,"") | P4: =IFERROR(E4/E$19,"") | Q4: =IFERROR(F4/F$19,"") | R4: =IFERROR(G4/G$19,"") | S4: =IFERROR(H4/H$19,"") | T4: =IFERROR(I4/I$19,"") | ... V4: =IFERROR(K4/K$19,"") | X4: =IFERROR(IF(X$2=0,"",IF((AND($B4,B4)>0),(((B4-$B4)/($B4))),(((B4-$B4)/ABS($B4))))),"") | Y4: =IFERROR(IF(Y$2=0,"",IF((AND($B4,C4)>0),(((C4-$B4)/($B4))),(((C4-$B4)/ABS($B4))))),"") | Z4: =IFERROR(IF(Z$2=0,"",IF((AND($B4,D4)>0),(((D4-$B4)/($B4))),(((D4-$B4)/ABS($B4))))),"") | AA4: =IFERROR(IF(AA$2=0,"",IF((AND($B4,E4)>0),(((E4-$B4)/($B4))),(((E4-$B4)/ABS($B4))))),"") | AB4: =IFERROR(IF(AB$2=0,"",IF((AND($B4,F4)>0),(((F4-$B4)/($B4))),(((F4-$B4)/ABS($B4))))),"") | AC4: =IFERROR(IF(AC$2=0,"",IF((AND($B4,G4)>0),(((G4-$B4)/($B4))),(((G4-$B4)/ABS($B4))))),"") | AD4: =IFERROR(IF(AD$2=0,"",IF((AND($B4,H4)>0),(((H4-$B4)/($B4))),(((H4-$B4)/ABS($B4))))),"") | AE4: =IFERROR(IF(AE$2=0,"",IF((AND($B4,I4)>0),(((I4-$B4)/($B4))),(((I4-$B4)/ABS($B4))))),"") | ... AG4: =IFERROR(IF(AG$2=0,"",IF((AND($B4,K4)>0),(((K4-$B4)/($B4))),(((K4-$B4)/ABS($B4))))),"") | AI4: =IFERROR(IF(AI$2=0,"",((B4-B4)/ABS(B4))),"") | AJ4: =IFERROR(IF(AJ$2=0,"",((C4-B4)/ABS(B4))),"") | AK4: =IFERROR(IF(AK$2=0,"",((D4-C4)/ABS(C4))),"") | AL4: =IFERROR(IF(AL$2=0,"",((E4-D4)/ABS(D4))),"") | AM4: =IFERROR(IF(AM$2=0,"",((F4-E4)/ABS(E4))),"") | AN4: =IFERROR(IF(AN$2=0,"",((G4-F4)/ABS(F4))),"") | AO4: =IFERROR(IF(AO$2=0,"",((H4-G4)/ABS(G4))),"") | AP4: =IFERROR(IF(AP$2=0,"",((I4-H4)/ABS(H4))),"") | AQ4: =IFERROR(IF(AQ$2=0,"",((J4-I4)/ABS(I4))),"") | AR4: =IFERROR(IF(AR$2=0,"",((K4-J4)/ABS(J4))),"")
A5: II. Inmovilizado material | M5: =IFERROR(B5/B$19,"") | N5: =IFERROR(C5/C$19,"") | O5: =IFERROR(D5/D$19,"") | P5: =IFERROR(E5/E$19,"") | Q5: =IFERROR(F5/F$19,"") | R5: =IFERROR(G5/G$19,"") | S5: =IFERROR(H5/H$19,"") | T5: =IFERROR(I5/I$19,"") | ... V5: =IFERROR(K5/K$19,"") | X5: =IFERROR(IF(X$2=0,"",IF((AND($B5,B5)>0),(((B5-$B5)/($B5))),(((B5-$B5)/ABS($B5))))),"") | Y5: =IFERROR(IF(Y$2=0,"",IF((AND($B5,C5)>0),(((C5-$B5)/($B5))),(((C5-$B5)/ABS($B5))))),"") | Z5: =IFERROR(IF(Z$2=0,"",IF((AND($B5,D5)>0),(((D5-$B5)/($B5))),(((D5-$B5)/ABS($B5))))),"") | AA5: =IFERROR(IF(AA$2=0,"",IF((AND($B5,E5)>0),(((E5-$B5)/($B5))),(((E5-$B5)/ABS($B5))))),"") | AB5: =IFERROR(IF(AB$2=0,"",IF((AND($B5,F5)>0),(((F5-$B5)/($B5))),(((F5-$B5)/ABS($B5))))),"") | AC5: =IFERROR(IF(AC$2=0,"",IF((AND($B5,G5)>0),(((G5-$B5)/($B5))),(((G5-$B5)/ABS($B5))))),"") | AD5: =IFERROR(IF(AD$2=0,"",IF((AND($B5,H5)>0),(((H5-$B5)/($B5))),(((H5-$B5)/ABS($B5))))),"") | AE5: =IFERROR(IF(AE$2=0,"",IF((AND($B5,I5)>0),(((I5-$B5)/($B5))),(((I5-$B5)/ABS($B5))))),"") | ... AG5: =IFERROR(IF(AG$2=0,"",IF((AND($B5,K5)>0),(((K5-$B5)/($B5))),(((K5-$B5)/ABS($B5))))),"") | AI5: =IFERROR(IF(AI$2=0,"",((B5-B5)/ABS(B5))),"") | AJ5: =IFERROR(IF(AJ$2=0,"",((C5-B5)/ABS(B5))),"") | AK5: =IFERROR(IF(AK$2=0,"",((D5-C5)/ABS(C5))),"") | AL5: =IFERROR(IF(AL$2=0,"",((E5-D5)/ABS(D5))),"") | AM5: =IFERROR(IF(AM$2=0,"",((F5-E5)/ABS(E5))),"") | AN5: =IFERROR(IF(AN$2=0,"",((G5-F5)/ABS(F5))),"") | AO5: =IFERROR(IF(AO$2=0,"",((H5-G5)/ABS(G5))),"") | AP5: =IFERROR(IF(AP$2=0,"",((I5-H5)/ABS(H5))),"") | AQ5: =IFERROR(IF(AQ$2=0,"",((J5-I5)/ABS(I5))),"") | AR5: =IFERROR(IF(AR$2=0,"",((K5-J5)/ABS(J5))),"")
A6: III. Inversiones inmobilarias | M6: =IFERROR(B6/B$19,"") | N6: =IFERROR(C6/C$19,"") | O6: =IFERROR(D6/D$19,"") | P6: =IFERROR(E6/E$19,"") | Q6: =IFERROR(F6/F$19,"") | R6: =IFERROR(G6/G$19,"") | S6: =IFERROR(H6/H$19,"") | T6: =IFERROR(I6/I$19,"") | ... V6: =IFERROR(K6/K$19,"") | X6: =IFERROR(IF(X$2=0,"",IF((AND($B6,B6)>0),(((B6-$B6)/($B6))),(((B6-$B6)/ABS($B6))))),"") | Y6: =IFERROR(IF(Y$2=0,"",IF((AND($B6,C6)>0),(((C6-$B6)/($B6))),(((C6-$B6)/ABS($B6))))),"") | Z6: =IFERROR(IF(Z$2=0,"",IF((AND($B6,D6)>0),(((D6-$B6)/($B6))),(((D6-$B6)/ABS($B6))))),"") | AA6: =IFERROR(IF(AA$2=0,"",IF((AND($B6,E6)>0),(((E6-$B6)/($B6))),(((E6-$B6)/ABS($B6))))),"") | AB6: =IFERROR(IF(AB$2=0,"",IF((AND($B6,F6)>0),(((F6-$B6)/($B6))),(((F6-$B6)/ABS($B6))))),"") | AC6: =IFERROR(IF(AC$2=0,"",IF((AND($B6,G6)>0),(((G6-$B6)/($B6))),(((G6-$B6)/ABS($B6))))),"") | AD6: =IFERROR(IF(AD$2=0,"",IF((AND($B6,H6)>0),(((H6-$B6)/($B6))),(((H6-$B6)/ABS($B6))))),"") | AE6: =IFERROR(IF(AE$2=0,"",IF((AND($B6,I6)>0),(((I6-$B6)/($B6))),(((I6-$B6)/ABS($B6))))),"") | ... AG6: =IFERROR(IF(AG$2=0,"",IF((AND($B6,K6)>0),(((K6-$B6)/($B6))),(((K6-$B6)/ABS($B6))))),"") | AI6: =IFERROR(IF(AI$2=0,"",((B6-B6)/ABS(B6))),"") | AJ6: =IFERROR(IF(AJ$2=0,"",((C6-B6)/ABS(B6))),"") | AK6: =IFERROR(IF(AK$2=0,"",((D6-C6)/ABS(C6))),"") | AL6: =IFERROR(IF(AL$2=0,"",((E6-D6)/ABS(D6))),"") | AM6: =IFERROR(IF(AM$2=0,"",((F6-E6)/ABS(E6))),"") | AN6: =IFERROR(IF(AN$2=0,"",((G6-F6)/ABS(F6))),"") | AO6: =IFERROR(IF(AO$2=0,"",((H6-G6)/ABS(G6))),"") | AP6: =IFERROR(IF(AP$2=0,"",((I6-H6)/ABS(H6))),"") | AQ6: =IFERROR(IF(AQ$2=0,"",((J6-I6)/ABS(I6))),"") | AR6: =IFERROR(IF(AR$2=0,"",((K6-J6)/ABS(J6))),"")
A7: IV. Inversiones en empresas del grupo y asociadas a largo plazo | M7: =IFERROR(B7/B$19,"") | N7: =IFERROR(C7/C$19,"") | O7: =IFERROR(D7/D$19,"") | P7: =IFERROR(E7/E$19,"") | Q7: =IFERROR(F7/F$19,"") | R7: =IFERROR(G7/G$19,"") | S7: =IFERROR(H7/H$19,"") | T7: =IFERROR(I7/I$19,"") | ... V7: =IFERROR(K7/K$19,"") | X7: =IFERROR(IF(X$2=0,"",IF((AND($B7,B7)>0),(((B7-$B7)/($B7))),(((B7-$B7)/ABS($B7))))),"") | Y7: =IFERROR(IF(Y$2=0,"",IF((AND($B7,C7)>0),(((C7-$B7)/($B7))),(((C7-$B7)/ABS($B7))))),"") | Z7: =IFERROR(IF(Z$2=0,"",IF((AND($B7,D7)>0),(((D7-$B7)/($B7))),(((D7-$B7)/ABS($B7))))),"") | AA7: =IFERROR(IF(AA$2=0,"",IF((AND($B7,E7)>0),(((E7-$B7)/($B7))),(((E7-$B7)/ABS($B7))))),"") | AB7: =IFERROR(IF(AB$2=0,"",IF((AND($B7,F7)>0),(((F7-$B7)/($B7))),(((F7-$B7)/ABS($B7))))),"") | AC7: =IFERROR(IF(AC$2=0,"",IF((AND($B7,G7)>0),(((G7-$B7)/($B7))),(((G7-$B7)/ABS($B7))))),"") | AD7: =IFERROR(IF(AD$2=0,"",IF((AND($B7,H7)>0),(((H7-$B7)/($B7))),(((H7-$B7)/ABS($B7))))),"") | AE7: =IFERROR(IF(AE$2=0,"",IF((AND($B7,I7)>0),(((I7-$B7)/($B7))),(((I7-$B7)/ABS($B7))))),"") | ... AG7: =IFERROR(IF(AG$2=0,"",IF((AND($B7,K7)>0),(((K7-$B7)/($B7))),(((K7-$B7)/ABS($B7))))),"") | AI7: =IFERROR(IF(AI$2=0,"",((B7-B7)/ABS(B7))),"") | AJ7: =IFERROR(IF(AJ$2=0,"",((C7-B7)/ABS(B7))),"") | AK7: =IFERROR(IF(AK$2=0,"",((D7-C7)/ABS(C7))),"") | AL7: =IFERROR(IF(AL$2=0,"",((E7-D7)/ABS(D7))),"") | AM7: =IFERROR(IF(AM$2=0,"",((F7-E7)/ABS(E7))),"") | AN7: =IFERROR(IF(AN$2=0,"",((G7-F7)/ABS(F7))),"") | AO7: =IFERROR(IF(AO$2=0,"",((H7-G7)/ABS(G7))),"") | AP7: =IFERROR(IF(AP$2=0,"",((I7-H7)/ABS(H7))),"") | AQ7: =IFERROR(IF(AQ$2=0,"",((J7-I7)/ABS(I7))),"") | AR7: =IFERROR(IF(AR$2=0,"",((K7-J7)/ABS(J7))),"")
A8: V. Inversiones financieras a largo plazo | M8: =IFERROR(B8/B$19,"") | N8: =IFERROR(C8/C$19,"") | O8: =IFERROR(D8/D$19,"") | P8: =IFERROR(E8/E$19,"") | Q8: =IFERROR(F8/F$19,"") | R8: =IFERROR(G8/G$19,"") | S8: =IFERROR(H8/H$19,"") | T8: =IFERROR(I8/I$19,"") | ... V8: =IFERROR(K8/K$19,"") | X8: =IFERROR(IF(X$2=0,"",IF((AND($B8,B8)>0),(((B8-$B8)/($B8))),(((B8-$B8)/ABS($B8))))),"") | Y8: =IFERROR(IF(Y$2=0,"",IF((AND($B8,C8)>0),(((C8-$B8)/($B8))),(((C8-$B8)/ABS($B8))))),"") | Z8: =IFERROR(IF(Z$2=0,"",IF((AND($B8,D8)>0),(((D8-$B8)/($B8))),(((D8-$B8)/ABS($B8))))),"") | AA8: =IFERROR(IF(AA$2=0,"",IF((AND($B8,E8)>0),(((E8-$B8)/($B8))),(((E8-$B8)/ABS($B8))))),"") | AB8: =IFERROR(IF(AB$2=0,"",IF((AND($B8,F8)>0),(((F8-$B8)/($B8))),(((F8-$B8)/ABS($B8))))),"") | AC8: =IFERROR(IF(AC$2=0,"",IF((AND($B8,G8)>0),(((G8-$B8)/($B8))),(((G8-$B8)/ABS($B8))))),"") | AD8: =IFERROR(IF(AD$2=0,"",IF((AND($B8,H8)>0),(((H8-$B8)/($B8))),(((H8-$B8)/ABS($B8))))),"") | AE8: =IFERROR(IF(AE$2=0,"",IF((AND($B8,I8)>0),(((I8-$B8)/($B8))),(((I8-$B8)/ABS($B8))))),"") | ... AG8: =IFERROR(IF(AG$2=0,"",IF((AND($B8,K8)>0),(((K8-$B8)/($B8))),(((K8-$B8)/ABS($B8))))),"") | AI8: =IFERROR(IF(AI$2=0,"",((B8-B8)/ABS(B8))),"") | AJ8: =IFERROR(IF(AJ$2=0,"",((C8-B8)/ABS(B8))),"") | AK8: =IFERROR(IF(AK$2=0,"",((D8-C8)/ABS(C8))),"") | AL8: =IFERROR(IF(AL$2=0,"",((E8-D8)/ABS(D8))),"") | AM8: =IFERROR(IF(AM$2=0,"",((F8-E8)/ABS(E8))),"") | AN8: =IFERROR(IF(AN$2=0,"",((G8-F8)/ABS(F8))),"") | AO8: =IFERROR(IF(AO$2=0,"",((H8-G8)/ABS(G8))),"") | AP8: =IFERROR(IF(AP$2=0,"",((I8-H8)/ABS(H8))),"") | AQ8: =IFERROR(IF(AQ$2=0,"",((J8-I8)/ABS(I8))),"") | AR8: =IFERROR(IF(AR$2=0,"",((K8-J8)/ABS(J8))),"")
A9: VI. Activos por impuesto diferido | M9: =IFERROR(B9/B$19,"") | N9: =IFERROR(C9/C$19,"") | O9: =IFERROR(D9/D$19,"") | P9: =IFERROR(E9/E$19,"") | Q9: =IFERROR(F9/F$19,"") | R9: =IFERROR(G9/G$19,"") | S9: =IFERROR(H9/H$19,"") | T9: =IFERROR(I9/I$19,"") | ... V9: =IFERROR(K9/K$19,"") | X9: =IFERROR(IF(X$2=0,"",IF((AND($B9,B9)>0),(((B9-$B9)/($B9))),(((B9-$B9)/ABS($B9))))),"") | Y9: =IFERROR(IF(Y$2=0,"",IF((AND($B9,C9)>0),(((C9-$B9)/($B9))),(((C9-$B9)/ABS($B9))))),"") | Z9: =IFERROR(IF(Z$2=0,"",IF((AND($B9,D9)>0),(((D9-$B9)/($B9))),(((D9-$B9)/ABS($B9))))),"") | AA9: =IFERROR(IF(AA$2=0,"",IF((AND($B9,E9)>0),(((E9-$B9)/($B9))),(((E9-$B9)/ABS($B9))))),"") | AB9: =IFERROR(IF(AB$2=0,"",IF((AND($B9,F9)>0),(((F9-$B9)/($B9))),(((F9-$B9)/ABS($B9))))),"") | AC9: =IFERROR(IF(AC$2=0,"",IF((AND($B9,G9)>0),(((G9-$B9)/($B9))),(((G9-$B9)/ABS($B9))))),"") | AD9: =IFERROR(IF(AD$2=0,"",IF((AND($B9,H9)>0),(((H9-$B9)/($B9))),(((H9-$B9)/ABS($B9))))),"") | AE9: =IFERROR(IF(AE$2=0,"",IF((AND($B9,I9)>0),(((I9-$B9)/($B9))),(((I9-$B9)/ABS($B9))))),"") | ... AG9: =IFERROR(IF(AG$2=0,"",IF((AND($B9,K9)>0),(((K9-$B9)/($B9))),(((K9-$B9)/ABS($B9))))),"") | AI9: =IFERROR(IF(AI$2=0,"",((B9-B9)/ABS(B9))),"") | AJ9: =IFERROR(IF(AJ$2=0,"",((C9-B9)/ABS(B9))),"") | AK9: =IFERROR(IF(AK$2=0,"",((D9-C9)/ABS(C9))),"") | AL9: =IFERROR(IF(AL$2=0,"",((E9-D9)/ABS(D9))),"") | AM9: =IFERROR(IF(AM$2=0,"",((F9-E9)/ABS(E9))),"") | AN9: =IFERROR(IF(AN$2=0,"",((G9-F9)/ABS(F9))),"") | AO9: =IFERROR(IF(AO$2=0,"",((H9-G9)/ABS(G9))),"") | AP9: =IFERROR(IF(AP$2=0,"",((I9-H9)/ABS(H9))),"") | AQ9: =IFERROR(IF(AQ$2=0,"",((J9-I9)/ABS(I9))),"") | AR9: =IFERROR(IF(AR$2=0,"",((K9-J9)/ABS(J9))),"")
A10: VII. Deudores comerciales no corrientes | M10: =IFERROR(B10/B$19,"") | N10: =IFERROR(C10/C$19,"") | O10: =IFERROR(D10/D$19,"") | P10: =IFERROR(E10/E$19,"") | Q10: =IFERROR(F10/F$19,"") | R10: =IFERROR(G10/G$19,"") | S10: =IFERROR(H10/H$19,"") | T10: =IFERROR(I10/I$19,"") | ... V10: =IFERROR(K10/K$19,"") | X10: =IFERROR(IF(X$2=0,"",IF((AND($B10,B10)>0),(((B10-$B10)/($B10))),(((B10-$B10)/ABS($B10))))),"") | Y10: =IFERROR(IF(Y$2=0,"",IF((AND($B10,C10)>0),(((C10-$B10)/($B10))),(((C10-$B10)/ABS($B10))))),"") | Z10: =IFERROR(IF(Z$2=0,"",IF((AND($B10,D10)>0),(((D10-$B10)/($B10))),(((D10-$B10)/ABS($B10))))),"") | AA10: =IFERROR(IF(AA$2=0,"",IF((AND($B10,E10)>0),(((E10-$B10)/($B10))),(((E10-$B10)/ABS($B10))))),"") | AB10: =IFERROR(IF(AB$2=0,"",IF((AND($B10,F10)>0),(((F10-$B10)/($B10))),(((F10-$B10)/ABS($B10))))),"") | AC10: =IFERROR(IF(AC$2=0,"",IF((AND($B10,G10)>0),(((G10-$B10)/($B10))),(((G10-$B10)/ABS($B10))))),"") | AD10: =IFERROR(IF(AD$2=0,"",IF((AND($B10,H10)>0),(((H10-$B10)/($B10))),(((H10-$B10)/ABS($B10))))),"") | AE10: =IFERROR(IF(AE$2=0,"",IF((AND($B10,I10)>0),(((I10-$B10)/($B10))),(((I10-$B10)/ABS($B10))))),"") | ... AG10: =IFERROR(IF(AG$2=0,"",IF((AND($B10,K10)>0),(((K10-$B10)/($B10))),(((K10-$B10)/ABS($B10))))),"") | AI10: =IFERROR(IF(AI$2=0,"",((B10-B10)/ABS(B10))),"") | AJ10: =IFERROR(IF(AJ$2=0,"",((C10-B10)/ABS(B10))),"") | AK10: =IFERROR(IF(AK$2=0,"",((D10-C10)/ABS(C10))),"") | AL10: =IFERROR(IF(AL$2=0,"",((E10-D10)/ABS(D10))),"") | AM10: =IFERROR(IF(AM$2=0,"",((F10-E10)/ABS(E10))),"") | AN10: =IFERROR(IF(AN$2=0,"",((G10-F10)/ABS(F10))),"") | AO10: =IFERROR(IF(AO$2=0,"",((H10-G10)/ABS(G10))),"") | AP10: =IFERROR(IF(AP$2=0,"",((I10-H10)/ABS(H10))),"") | AQ10: =IFERROR(IF(AQ$2=0,"",((J10-I10)/ABS(I10))),"") | AR10: =IFERROR(IF(AR$2=0,"",((K10-J10)/ABS(J10))),"")
A11: B. ACTIVO CORRIENTE | B11: =SUM(B12:B18) -> 0 | C11: =SUM(C12:C18) -> 0 | D11: =SUM(D12:D18) -> 0 | E11: =SUM(E12:E18) -> 0 | F11: =SUM(F12:F18) -> 0 | G11: =SUM(G12:G18) -> 0 | H11: =SUM(H12:H18) -> 0 | I11: =SUM(I12:I18) -> 0 | ... K11: =SUM(K12:K18) -> 0 | M11: =IFERROR(B11/B$19,"") | N11: =IFERROR(C11/C$19,"") | O11: =IFERROR(D11/D$19,"") | P11: =IFERROR(E11/E$19,"") | Q11: =IFERROR(F11/F$19,"") | R11: =IFERROR(G11/G$19,"") | S11: =IFERROR(H11/H$19,"") | T11: =IFERROR(I11/I$19,"") | ... V11: =IFERROR(K11/K$19,"") | X11: =IFERROR(IF(X$2=0,"",IF((AND($B11,B11)>0),(((B11-$B11)/($B11))),(((B11-$B11)/ABS($B11))))),"") | Y11: =IFERROR(IF(Y$2=0,"",IF((AND($B11,C11)>0),(((C11-$B11)/($B11))),(((C11-$B11)/ABS($B11))))),"") | Z11: =IFERROR(IF(Z$2=0,"",IF((AND($B11,D11)>0),(((D11-$B11)/($B11))),(((D11-$B11)/ABS($B11))))),"") | AA11: =IFERROR(IF(AA$2=0,"",IF((AND($B11,E11)>0),(((E11-$B11)/($B11))),(((E11-$B11)/ABS($B11))))),"") | AB11: =IFERROR(IF(AB$2=0,"",IF((AND($B11,F11)>0),(((F11-$B11)/($B11))),(((F11-$B11)/ABS($B11))))),"") | AC11: =IFERROR(IF(AC$2=0,"",IF((AND($B11,G11)>0),(((G11-$B11)/($B11))),(((G11-$B11)/ABS($B11))))),"") | AD11: =IFERROR(IF(AD$2=0,"",IF((AND($B11,H11)>0),(((H11-$B11)/($B11))),(((H11-$B11)/ABS($B11))))),"") | AE11: =IFERROR(IF(AE$2=0,"",IF((AND($B11,I11)>0),(((I11-$B11)/($B11))),(((I11-$B11)/ABS($B11))))),"") | ... AG11: =IFERROR(IF(AG$2=0,"",IF((AND($B11,K11)>0),(((K11-$B11)/($B11))),(((K11-$B11)/ABS($B11))))),"") | AI11: =IFERROR(IF(AI$2=0,"",((B11-B11)/ABS(B11))),"") | AJ11: =IFERROR(IF(AJ$2=0,"",((C11-B11)/ABS(B11))),"") | AK11: =IFERROR(IF(AK$2=0,"",((D11-C11)/ABS(C11))),"") | AL11: =IFERROR(IF(AL$2=0,"",((E11-D11)/ABS(D11))),"") | AM11: =IFERROR(IF(AM$2=0,"",((F11-E11)/ABS(E11))),"") | AN11: =IFERROR(IF(AN$2=0,"",((G11-F11)/ABS(F11))),"") | AO11: =IFERROR(IF(AO$2=0,"",((H11-G11)/ABS(G11))),"") | AP11: =IFERROR(IF(AP$2=0,"",((I11-H11)/ABS(H11))),"") | AQ11: =IFERROR(IF(AQ$2=0,"",((J11-I11)/ABS(I11))),"") | AR11: =IFERROR(IF(AR$2=0,"",((K11-J11)/ABS(J11))),"")
A12: I. Activos no corrientes mantenidos en la venta | M12: =IFERROR(B12/B$19,"") | N12: =IFERROR(C12/C$19,"") | O12: =IFERROR(D12/D$19,"") | P12: =IFERROR(E12/E$19,"") | Q12: =IFERROR(F12/F$19,"") | R12: =IFERROR(G12/G$19,"") | S12: =IFERROR(H12/H$19,"") | T12: =IFERROR(I12/I$19,"") | ... V12: =IFERROR(K12/K$19,"") | X12: =IFERROR(IF(X$2=0,"",IF((AND($B12,B12)>0),(((B12-$B12)/($B12))),(((B12-$B12)/ABS($B12))))),"") | Y12: =IFERROR(IF(Y$2=0,"",IF((AND($B12,C12)>0),(((C12-$B12)/($B12))),(((C12-$B12)/ABS($B12))))),"") | Z12: =IFERROR(IF(Z$2=0,"",IF((AND($B12,D12)>0),(((D12-$B12)/($B12))),(((D12-$B12)/ABS($B12))))),"") | AA12: =IFERROR(IF(AA$2=0,"",IF((AND($B12,E12)>0),(((E12-$B12)/($B12))),(((E12-$B12)/ABS($B12))))),"") | AB12: =IFERROR(IF(AB$2=0,"",IF((AND($B12,F12)>0),(((F12-$B12)/($B12))),(((F12-$B12)/ABS($B12))))),"") | AC12: =IFERROR(IF(AC$2=0,"",IF((AND($B12,G12)>0),(((G12-$B12)/($B12))),(((G12-$B12)/ABS($B12))))),"") | AD12: =IFERROR(IF(AD$2=0,"",IF((AND($B12,H12)>0),(((H12-$B12)/($B12))),(((H12-$B12)/ABS($B12))))),"") | AE12: =IFERROR(IF(AE$2=0,"",IF((AND($B12,I12)>0),(((I12-$B12)/($B12))),(((I12-$B12)/ABS($B12))))),"") | ... AG12: =IFERROR(IF(AG$2=0,"",IF((AND($B12,K12)>0),(((K12-$B12)/($B12))),(((K12-$B12)/ABS($B12))))),"") | AI12: =IFERROR(IF(AI$2=0,"",((B12-B12)/ABS(B12))),"") | AJ12: =IFERROR(IF(AJ$2=0,"",((C12-B12)/ABS(B12))),"") | AK12: =IFERROR(IF(AK$2=0,"",((D12-C12)/ABS(C12))),"") | AL12: =IFERROR(IF(AL$2=0,"",((E12-D12)/ABS(D12))),"") | AM12: =IFERROR(IF(AM$2=0,"",((F12-E12)/ABS(E12))),"") | AN12: =IFERROR(IF(AN$2=0,"",((G12-F12)/ABS(F12))),"") | AO12: =IFERROR(IF(AO$2=0,"",((H12-G12)/ABS(G12))),"") | AP12: =IFERROR(IF(AP$2=0,"",((I12-H12)/ABS(H12))),"") | AQ12: =IFERROR(IF(AQ$2=0,"",((J12-I12)/ABS(I12))),"") | AR12: =IFERROR(IF(AR$2=0,"",((K12-J12)/ABS(J12))),"")
A13: II. Existencias | M13: =IFERROR(B13/B$19,"") | N13: =IFERROR(C13/C$19,"") | O13: =IFERROR(D13/D$19,"") | P13: =IFERROR(E13/E$19,"") | Q13: =IFERROR(F13/F$19,"") | R13: =IFERROR(G13/G$19,"") | S13: =IFERROR(H13/H$19,"") | T13: =IFERROR(I13/I$19,"") | ... V13: =IFERROR(K13/K$19,"") | X13: =IFERROR(IF(X$2=0,"",IF((AND($B13,B13)>0),(((B13-$B13)/($B13))),(((B13-$B13)/ABS($B13))))),"") | Y13: =IFERROR(IF(Y$2=0,"",IF((AND($B13,C13)>0),(((C13-$B13)/($B13))),(((C13-$B13)/ABS($B13))))),"") | Z13: =IFERROR(IF(Z$2=0,"",IF((AND($B13,D13)>0),(((D13-$B13)/($B13))),(((D13-$B13)/ABS($B13))))),"") | AA13: =IFERROR(IF(AA$2=0,"",IF((AND($B13,E13)>0),(((E13-$B13)/($B13))),(((E13-$B13)/ABS($B13))))),"") | AB13: =IFERROR(IF(AB$2=0,"",IF((AND($B13,F13)>0),(((F13-$B13)/($B13))),(((F13-$B13)/ABS($B13))))),"") | AC13: =IFERROR(IF(AC$2=0,"",IF((AND($B13,G13)>0),(((G13-$B13)/($B13))),(((G13-$B13)/ABS($B13))))),"") | AD13: =IFERROR(IF(AD$2=0,"",IF((AND($B13,H13)>0),(((H13-$B13)/($B13))),(((H13-$B13)/ABS($B13))))),"") | AE13: =IFERROR(IF(AE$2=0,"",IF((AND($B13,I13)>0),(((I13-$B13)/($B13))),(((I13-$B13)/ABS($B13))))),"") | ... AG13: =IFERROR(IF(AG$2=0,"",IF((AND($B13,K13)>0),(((K13-$B13)/($B13))),(((K13-$B13)/ABS($B13))))),"") | AI13: =IFERROR(IF(AI$2=0,"",((B13-B13)/ABS(B13))),"") | AJ13: =IFERROR(IF(AJ$2=0,"",((C13-B13)/ABS(B13))),"") | AK13: =IFERROR(IF(AK$2=0,"",((D13-C13)/ABS(C13))),"") | AL13: =IFERROR(IF(AL$2=0,"",((E13-D13)/ABS(D13))),"") | AM13: =IFERROR(IF(AM$2=0,"",((F13-E13)/ABS(E13))),"") | AN13: =IFERROR(IF(AN$2=0,"",((G13-F13)/ABS(F13))),"") | AO13: =IFERROR(IF(AO$2=0,"",((H13-G13)/ABS(G13))),"") | AP13: =IFERROR(IF(AP$2=0,"",((I13-H13)/ABS(H13))),"") | AQ13: =IFERROR(IF(AQ$2=0,"",((J13-I13)/ABS(I13))),"") | AR13: =IFERROR(IF(AR$2=0,"",((K13-J13)/ABS(J13))),"")
A14: III. Deudores comerciales y otras cuentas a cobrar | M14: =IFERROR(B14/B$19,"") | N14: =IFERROR(C14/C$19,"") | O14: =IFERROR(D14/D$19,"") | P14: =IFERROR(E14/E$19,"") | Q14: =IFERROR(F14/F$19,"") | R14: =IFERROR(G14/G$19,"") | S14: =IFERROR(H14/H$19,"") | T14: =IFERROR(I14/I$19,"") | ... V14: =IFERROR(K14/K$19,"") | X14: =IFERROR(IF(X$2=0,"",IF((AND($B14,B14)>0),(((B14-$B14)/($B14))),(((B14-$B14)/ABS($B14))))),"") | Y14: =IFERROR(IF(Y$2=0,"",IF((AND($B14,C14)>0),(((C14-$B14)/($B14))),(((C14-$B14)/ABS($B14))))),"") | Z14: =IFERROR(IF(Z$2=0,"",IF((AND($B14,D14)>0),(((D14-$B14)/($B14))),(((D14-$B14)/ABS($B14))))),"") | AA14: =IFERROR(IF(AA$2=0,"",IF((AND($B14,E14)>0),(((E14-$B14)/($B14))),(((E14-$B14)/ABS($B14))))),"") | AB14: =IFERROR(IF(AB$2=0,"",IF((AND($B14,F14)>0),(((F14-$B14)/($B14))),(((F14-$B14)/ABS($B14))))),"") | AC14: =IFERROR(IF(AC$2=0,"",IF((AND($B14,G14)>0),(((G14-$B14)/($B14))),(((G14-$B14)/ABS($B14))))),"") | AD14: =IFERROR(IF(AD$2=0,"",IF((AND($B14,H14)>0),(((H14-$B14)/($B14))),(((H14-$B14)/ABS($B14))))),"") | AE14: =IFERROR(IF(AE$2=0,"",IF((AND($B14,I14)>0),(((I14-$B14)/($B14))),(((I14-$B14)/ABS($B14))))),"") | ... AG14: =IFERROR(IF(AG$2=0,"",IF((AND($B14,K14)>0),(((K14-$B14)/($B14))),(((K14-$B14)/ABS($B14))))),"") | AI14: =IFERROR(IF(AI$2=0,"",((B14-B14)/ABS(B14))),"") | AJ14: =IFERROR(IF(AJ$2=0,"",((C14-B14)/ABS(B14))),"") | AK14: =IFERROR(IF(AK$2=0,"",((D14-C14)/ABS(C14))),"") | AL14: =IFERROR(IF(AL$2=0,"",((E14-D14)/ABS(D14))),"") | AM14: =IFERROR(IF(AM$2=0,"",((F14-E14)/ABS(E14))),"") | AN14: =IFERROR(IF(AN$2=0,"",((G14-F14)/ABS(F14))),"") | AO14: =IFERROR(IF(AO$2=0,"",((H14-G14)/ABS(G14))),"") | AP14: =IFERROR(IF(AP$2=0,"",((I14-H14)/ABS(H14))),"") | AQ14: =IFERROR(IF(AQ$2=0,"",((J14-I14)/ABS(I14))),"") | AR14: =IFERROR(IF(AR$2=0,"",((K14-J14)/ABS(J14))),"")
A15: IV. Inversiones en empresas del grupo y asociadas a corto plazo | M15: =IFERROR(B15/B$19,"") | N15: =IFERROR(C15/C$19,"") | O15: =IFERROR(D15/D$19,"") | P15: =IFERROR(E15/E$19,"") | Q15: =IFERROR(F15/F$19,"") | R15: =IFERROR(G15/G$19,"") | S15: =IFERROR(H15/H$19,"") | T15: =IFERROR(I15/I$19,"") | ... V15: =IFERROR(K15/K$19,"") | X15: =IFERROR(IF(X$2=0,"",IF((AND($B15,B15)>0),(((B15-$B15)/($B15))),(((B15-$B15)/ABS($B15))))),"") | Y15: =IFERROR(IF(Y$2=0,"",IF((AND($B15,C15)>0),(((C15-$B15)/($B15))),(((C15-$B15)/ABS($B15))))),"") | Z15: =IFERROR(IF(Z$2=0,"",IF((AND($B15,D15)>0),(((D15-$B15)/($B15))),(((D15-$B15)/ABS($B15))))),"") | AA15: =IFERROR(IF(AA$2=0,"",IF((AND($B15,E15)>0),(((E15-$B15)/($B15))),(((E15-$B15)/ABS($B15))))),"") | AB15: =IFERROR(IF(AB$2=0,"",IF((AND($B15,F15)>0),(((F15-$B15)/($B15))),(((F15-$B15)/ABS($B15))))),"") | AC15: =IFERROR(IF(AC$2=0,"",IF((AND($B15,G15)>0),(((G15-$B15)/($B15))),(((G15-$B15)/ABS($B15))))),"") | AD15: =IFERROR(IF(AD$2=0,"",IF((AND($B15,H15)>0),(((H15-$B15)/($B15))),(((H15-$B15)/ABS($B15))))),"") | AE15: =IFERROR(IF(AE$2=0,"",IF((AND($B15,I15)>0),(((I15-$B15)/($B15))),(((I15-$B15)/ABS($B15))))),"") | ... AG15: =IFERROR(IF(AG$2=0,"",IF((AND($B15,K15)>0),(((K15-$B15)/($B15))),(((K15-$B15)/ABS($B15))))),"") | AI15: =IFERROR(IF(AI$2=0,"",((B15-B15)/ABS(B15))),"") | AJ15: =IFERROR(IF(AJ$2=0,"",((C15-B15)/ABS(B15))),"") | AK15: =IFERROR(IF(AK$2=0,"",((D15-C15)/ABS(C15))),"") | AL15: =IFERROR(IF(AL$2=0,"",((E15-D15)/ABS(D15))),"") | AM15: =IFERROR(IF(AM$2=0,"",((F15-E15)/ABS(E15))),"") | AN15: =IFERROR(IF(AN$2=0,"",((G15-F15)/ABS(F15))),"") | AO15: =IFERROR(IF(AO$2=0,"",((H15-G15)/ABS(G15))),"") | AP15: =IFERROR(IF(AP$2=0,"",((I15-H15)/ABS(H15))),"") | AQ15: =IFERROR(IF(AQ$2=0,"",((J15-I15)/ABS(I15))),"") | AR15: =IFERROR(IF(AR$2=0,"",((K15-J15)/ABS(J15))),"")
A16: V. Inversiones financieras a corto plazo | M16: =IFERROR(B16/B$19,"") | N16: =IFERROR(C16/C$19,"") | O16: =IFERROR(D16/D$19,"") | P16: =IFERROR(E16/E$19,"") | Q16: =IFERROR(F16/F$19,"") | R16: =IFERROR(G16/G$19,"") | S16: =IFERROR(H16/H$19,"") | T16: =IFERROR(I16/I$19,"") | ... V16: =IFERROR(K16/K$19,"") | X16: =IFERROR(IF(X$2=0,"",IF((AND($B16,B16)>0),(((B16-$B16)/($B16))),(((B16-$B16)/ABS($B16))))),"") | Y16: =IFERROR(IF(Y$2=0,"",IF((AND($B16,C16)>0),(((C16-$B16)/($B16))),(((C16-$B16)/ABS($B16))))),"") | Z16: =IFERROR(IF(Z$2=0,"",IF((AND($B16,D16)>0),(((D16-$B16)/($B16))),(((D16-$B16)/ABS($B16))))),"") | AA16: =IFERROR(IF(AA$2=0,"",IF((AND($B16,E16)>0),(((E16-$B16)/($B16))),(((E16-$B16)/ABS($B16))))),"") | AB16: =IFERROR(IF(AB$2=0,"",IF((AND($B16,F16)>0),(((F16-$B16)/($B16))),(((F16-$B16)/ABS($B16))))),"") | AC16: =IFERROR(IF(AC$2=0,"",IF((AND($B16,G16)>0),(((G16-$B16)/($B16))),(((G16-$B16)/ABS($B16))))),"") | AD16: =IFERROR(IF(AD$2=0,"",IF((AND($B16,H16)>0),(((H16-$B16)/($B16))),(((H16-$B16)/ABS($B16))))),"") | AE16: =IFERROR(IF(AE$2=0,"",IF((AND($B16,I16)>0),(((I16-$B16)/($B16))),(((I16-$B16)/ABS($B16))))),"") | ... AG16: =IFERROR(IF(AG$2=0,"",IF((AND($B16,K16)>0),(((K16-$B16)/($B16))),(((K16-$B16)/ABS($B16))))),"") | AI16: =IFERROR(IF(AI$2=0,"",((B16-B16)/ABS(B16))),"") | AJ16: =IFERROR(IF(AJ$2=0,"",((C16-B16)/ABS(B16))),"") | AK16: =IFERROR(IF(AK$2=0,"",((D16-C16)/ABS(C16))),"") | AL16: =IFERROR(IF(AL$2=0,"",((E16-D16)/ABS(D16))),"") | AM16: =IFERROR(IF(AM$2=0,"",((F16-E16)/ABS(E16))),"") | AN16: =IFERROR(IF(AN$2=0,"",((G16-F16)/ABS(F16))),"") | AO16: =IFERROR(IF(AO$2=0,"",((H16-G16)/ABS(G16))),"") | AP16: =IFERROR(IF(AP$2=0,"",((I16-H16)/ABS(H16))),"") | AQ16: =IFERROR(IF(AQ$2=0,"",((J16-I16)/ABS(I16))),"") | AR16: =IFERROR(IF(AR$2=0,"",((K16-J16)/ABS(J16))),"")
A17: VI. Periodificaciones a corto plazo | M17: =IFERROR(B17/B$19,"") | N17: =IFERROR(C17/C$19,"") | O17: =IFERROR(D17/D$19,"") | P17: =IFERROR(E17/E$19,"") | Q17: =IFERROR(F17/F$19,"") | R17: =IFERROR(G17/G$19,"") | S17: =IFERROR(H17/H$19,"") | T17: =IFERROR(I17/I$19,"") | ... V17: =IFERROR(K17/K$19,"") | X17: =IFERROR(IF(X$2=0,"",IF((AND($B17,B17)>0),(((B17-$B17)/($B17))),(((B17-$B17)/ABS($B17))))),"") | Y17: =IFERROR(IF(Y$2=0,"",IF((AND($B17,C17)>0),(((C17-$B17)/($B17))),(((C17-$B17)/ABS($B17))))),"") | Z17: =IFERROR(IF(Z$2=0,"",IF((AND($B17,D17)>0),(((D17-$B17)/($B17))),(((D17-$B17)/ABS($B17))))),"") | AA17: =IFERROR(IF(AA$2=0,"",IF((AND($B17,E17)>0),(((E17-$B17)/($B17))),(((E17-$B17)/ABS($B17))))),"") | AB17: =IFERROR(IF(AB$2=0,"",IF((AND($B17,F17)>0),(((F17-$B17)/($B17))),(((F17-$B17)/ABS($B17))))),"") | AC17: =IFERROR(IF(AC$2=0,"",IF((AND($B17,G17)>0),(((G17-$B17)/($B17))),(((G17-$B17)/ABS($B17))))),"") | AD17: =IFERROR(IF(AD$2=0,"",IF((AND($B17,H17)>0),(((H17-$B17)/($B17))),(((H17-$B17)/ABS($B17))))),"") | AE17: =IFERROR(IF(AE$2=0,"",IF((AND($B17,I17)>0),(((I17-$B17)/($B17))),(((I17-$B17)/ABS($B17))))),"") | ... AG17: =IFERROR(IF(AG$2=0,"",IF((AND($B17,K17)>0),(((K17-$B17)/($B17))),(((K17-$B17)/ABS($B17))))),"") | AI17: =IFERROR(IF(AI$2=0,"",((B17-B17)/ABS(B17))),"") | AJ17: =IFERROR(IF(AJ$2=0,"",((C17-B17)/ABS(B17))),"") | AK17: =IFERROR(IF(AK$2=0,"",((D17-C17)/ABS(C17))),"") | AL17: =IFERROR(IF(AL$2=0,"",((E17-D17)/ABS(D17))),"") | AM17: =IFERROR(IF(AM$2=0,"",((F17-E17)/ABS(E17))),"") | AN17: =IFERROR(IF(AN$2=0,"",((G17-F17)/ABS(F17))),"") | AO17: =IFERROR(IF(AO$2=0,"",((H17-G17)/ABS(G17))),"") | AP17: =IFERROR(IF(AP$2=0,"",((I17-H17)/ABS(H17))),"") | AQ17: =IFERROR(IF(AQ$2=0,"",((J17-I17)/ABS(I17))),"") | AR17: =IFERROR(IF(AR$2=0,"",((K17-J17)/ABS(J17))),"")
A18: VII. Efectivo y otros activos líquidos equivalentes | M18: =IFERROR(B18/B$19,"") | N18: =IFERROR(C18/C$19,"") | O18: =IFERROR(D18/D$19,"") | P18: =IFERROR(E18/E$19,"") | Q18: =IFERROR(F18/F$19,"") | R18: =IFERROR(G18/G$19,"") | S18: =IFERROR(H18/H$19,"") | T18: =IFERROR(I18/I$19,"") | ... V18: =IFERROR(K18/K$19,"") | X18: =IFERROR(IF(X$2=0,"",IF((AND($B18,B18)>0),(((B18-$B18)/($B18))),(((B18-$B18)/ABS($B18))))),"") | Y18: =IFERROR(IF(Y$2=0,"",IF((AND($B18,C18)>0),(((C18-$B18)/($B18))),(((C18-$B18)/ABS($B18))))),"") | Z18: =IFERROR(IF(Z$2=0,"",IF((AND($B18,D18)>0),(((D18-$B18)/($B18))),(((D18-$B18)/ABS($B18))))),"") | AA18: =IFERROR(IF(AA$2=0,"",IF((AND($B18,E18)>0),(((E18-$B18)/($B18))),(((E18-$B18)/ABS($B18))))),"") | AB18: =IFERROR(IF(AB$2=0,"",IF((AND($B18,F18)>0),(((F18-$B18)/($B18))),(((F18-$B18)/ABS($B18))))),"") | AC18: =IFERROR(IF(AC$2=0,"",IF((AND($B18,G18)>0),(((G18-$B18)/($B18))),(((G18-$B18)/ABS($B18))))),"") | AD18: =IFERROR(IF(AD$2=0,"",IF((AND($B18,H18)>0),(((H18-$B18)/($B18))),(((H18-$B18)/ABS($B18))))),"") | AE18: =IFERROR(IF(AE$2=0,"",IF((AND($B18,I18)>0),(((I18-$B18)/($B18))),(((I18-$B18)/ABS($B18))))),"") | ... AG18: =IFERROR(IF(AG$2=0,"",IF((AND($B18,K18)>0),(((K18-$B18)/($B18))),(((K18-$B18)/ABS($B18))))),"") | AI18: =IFERROR(IF(AI$2=0,"",((B18-B18)/ABS(B18))),"") | AJ18: =IFERROR(IF(AJ$2=0,"",((C18-B18)/ABS(B18))),"") | AK18: =IFERROR(IF(AK$2=0,"",((D18-C18)/ABS(C18))),"") | AL18: =IFERROR(IF(AL$2=0,"",((E18-D18)/ABS(D18))),"") | AM18: =IFERROR(IF(AM$2=0,"",((F18-E18)/ABS(E18))),"") | AN18: =IFERROR(IF(AN$2=0,"",((G18-F18)/ABS(F18))),"") | AO18: =IFERROR(IF(AO$2=0,"",((H18-G18)/ABS(G18))),"") | AP18: =IFERROR(IF(AP$2=0,"",((I18-H18)/ABS(H18))),"") | AQ18: =IFERROR(IF(AQ$2=0,"",((J18-I18)/ABS(I18))),"") | AR18: =IFERROR(IF(AR$2=0,"",((K18-J18)/ABS(J18))),"")
A19: TOTAL ACTIVO (A+B) | B19: =B3+B11 -> 0 | C19: =C3+C11 -> 0 | D19: =D3+D11 -> 0 | E19: =E3+E11 -> 0 | F19: =F3+F11 -> 0 | G19: =G3+G11 -> 0 | H19: =H3+H11 -> 0 | I19: =I3+I11 -> 0 | ... K19: =K3+K11 -> 0 | M19: =IFERROR(B19/B$19,"") | N19: =IFERROR(C19/C$19,"") | O19: =IFERROR(D19/D$19,"") | P19: =IFERROR(E19/E$19,"") | Q19: =IFERROR(F19/F$19,"") | R19: =IFERROR(G19/G$19,"") | S19: =IFERROR(H19/H$19,"") | T19: =IFERROR(I19/I$19,"") | ... V19: =IFERROR(K19/K$19,"") | X19: =IFERROR(IF(X$2=0,"",IF((AND($B19,B19)>0),(((B19-$B19)/($B19))),(((B19-$B19)/ABS($B19))))),"") | Y19: =IFERROR(IF(Y$2=0,"",IF((AND($B19,C19)>0),(((C19-$B19)/($B19))),(((C19-$B19)/ABS($B19))))),"") | Z19: =IFERROR(IF(Z$2=0,"",IF((AND($B19,D19)>0),(((D19-$B19)/($B19))),(((D19-$B19)/ABS($B19))))),"") | AA19: =IFERROR(IF(AA$2=0,"",IF((AND($B19,E19)>0),(((E19-$B19)/($B19))),(((E19-$B19)/ABS($B19))))),"") | AB19: =IFERROR(IF(AB$2=0,"",IF((AND($B19,F19)>0),(((F19-$B19)/($B19))),(((F19-$B19)/ABS($B19))))),"") | AC19: =IFERROR(IF(AC$2=0,"",IF((AND($B19,G19)>0),(((G19-$B19)/($B19))),(((G19-$B19)/ABS($B19))))),"") | AD19: =IFERROR(IF(AD$2=0,"",IF((AND($B19,H19)>0),(((H19-$B19)/($B19))),(((H19-$B19)/ABS($B19))))),"") | AE19: =IFERROR(IF(AE$2=0,"",IF((AND($B19,I19)>0),(((I19-$B19)/($B19))),(((I19-$B19)/ABS($B19))))),"") | ... AG19: =IFERROR(IF(AG$2=0,"",IF((AND($B19,K19)>0),(((K19-$B19)/($B19))),(((K19-$B19)/ABS($B19))))),"") | AI19: =IFERROR(IF(AI$2=0,"",((B19-B19)/ABS(B19))),"") | AJ19: =IFERROR(IF(AJ$2=0,"",((C19-B19)/ABS(B19))),"") | AK19: =IFERROR(IF(AK$2=0,"",((D19-C19)/ABS(C19))),"") | AL19: =IFERROR(IF(AL$2=0,"",((E19-D19)/ABS(D19))),"") | AM19: =IFERROR(IF(AM$2=0,"",((F19-E19)/ABS(E19))),"") | AN19: =IFERROR(IF(AN$2=0,"",((G19-F19)/ABS(F19))),"") | AO19: =IFERROR(IF(AO$2=0,"",((H19-G19)/ABS(G19))),"") | AP19: =IFERROR(IF(AP$2=0,"",((I19-H19)/ABS(H19))),"") | AQ19: =IFERROR(IF(AQ$2=0,"",((J19-I19)/ABS(I19))),"") | AR19: =IFERROR(IF(AR$2=0,"",((K19-J19)/ABS(J19))),"")
A20: A. PATRIMONIO NETO | B20: =B21+B30+B34 -> 0 | C20: =C21+C30+C34 -> 0 | D20: =D21+D30+D34 -> 0 | E20: =E21+E30+E34 -> 0 | F20: =F21+F30+F34 -> 0 | G20: =G21+G30+G34 -> 0 | H20: =H21+H34 -> 0 | I20: =I21+I34 -> 0 | J20: =J21+J34 -> 0 | K20: =K21+K34 -> 0 | M20: =IFERROR(B20/B$19,"") | N20: =IFERROR(C20/C$19,"") | O20: =IFERROR(D20/D$19,"") | P20: =IFERROR(E20/E$19,"") | Q20: =IFERROR(F20/F$19,"") | R20: =IFERROR(G20/G$19,"") | S20: =IFERROR(H20/H$19,"") | T20: =IFERROR(I20/I$19,"") | ... V20: =IFERROR(K20/K$19,"") | X20: =IFERROR(IF(X$2=0,"",IF((AND($B20,B20)>0),(((B20-$B20)/($B20))),(((B20-$B20)/ABS($B20))))),"") | Y20: =IFERROR(IF(Y$2=0,"",IF((AND($B20,C20)>0),(((C20-$B20)/($B20))),(((C20-$B20)/ABS($B20))))),"") | Z20: =IFERROR(IF(Z$2=0,"",IF((AND($B20,D20)>0),(((D20-$B20)/($B20))),(((D20-$B20)/ABS($B20))))),"") | AA20: =IFERROR(IF(AA$2=0,"",IF((AND($B20,E20)>0),(((E20-$B20)/($B20))),(((E20-$B20)/ABS($B20))))),"") | AB20: =IFERROR(IF(AB$2=0,"",IF((AND($B20,F20)>0),(((F20-$B20)/($B20))),(((F20-$B20)/ABS($B20))))),"") | AC20: =IFERROR(IF(AC$2=0,"",IF((AND($B20,G20)>0),(((G20-$B20)/($B20))),(((G20-$B20)/ABS($B20))))),"") | AD20: =IFERROR(IF(AD$2=0,"",IF((AND($B20,H20)>0),(((H20-$B20)/($B20))),(((H20-$B20)/ABS($B20))))),"") | AE20: =IFERROR(IF(AE$2=0,"",IF((AND($B20,I20)>0),(((I20-$B20)/($B20))),(((I20-$B20)/ABS($B20))))),"") | ... AG20: =IFERROR(IF(AG$2=0,"",IF((AND($B20,K20)>0),(((K20-$B20)/($B20))),(((K20-$B20)/ABS($B20))))),"") | AI20: =IFERROR(IF(AI$2=0,"",((B20-B20)/ABS(B20))),"") | AJ20: =IFERROR(IF(AJ$2=0,"",((C20-B20)/ABS(B20))),"") | AK20: =IFERROR(IF(AK$2=0,"",((D20-C20)/ABS(C20))),"") | AL20: =IFERROR(IF(AL$2=0,"",((E20-D20)/ABS(D20))),"") | AM20: =IFERROR(IF(AM$2=0,"",((F20-E20)/ABS(E20))),"") | AN20: =IFERROR(IF(AN$2=0,"",((G20-F20)/ABS(F20))),"") | AO20: =IFERROR(IF(AO$2=0,"",((H20-G20)/ABS(G20))),"") | AP20: =IFERROR(IF(AP$2=0,"",((I20-H20)/ABS(H20))),"") | AQ20: =IFERROR(IF(AQ$2=0,"",((J20-I20)/ABS(I20))),"") | AR20: =IFERROR(IF(AR$2=0,"",((K20-J20)/ABS(J20))),"")
A21: A-1) Fondos propios | B21: =SUM(B22:B29) -> 0 | C21: =SUM(C22:C29) -> 0 | D21: =SUM(D22:D29) -> 0 | E21: =SUM(E22:E29) -> 0 | F21: =SUM(F22:F29) -> 0 | G21: =SUM(G22:G29) -> 0 | H21: =SUM(H22:H29) -> 0 | I21: =SUM(I22:I29) -> 0 | ... K21: =SUM(K22:K29) -> 0 | M21: =IFERROR(B21/B$19,"") | N21: =IFERROR(C21/C$19,"") | O21: =IFERROR(D21/D$19,"") | P21: =IFERROR(E21/E$19,"") | Q21: =IFERROR(F21/F$19,"") | R21: =IFERROR(G21/G$19,"") | S21: =IFERROR(H21/H$19,"") | T21: =IFERROR(I21/I$19,"") | ... V21: =IFERROR(K21/K$19,"") | X21: =IFERROR(IF(X$2=0,"",IF((AND($B21,B21)>0),(((B21-$B21)/($B21))),(((B21-$B21)/ABS($B21))))),"") | Y21: =IFERROR(IF(Y$2=0,"",IF((AND($B21,C21)>0),(((C21-$B21)/($B21))),(((C21-$B21)/ABS($B21))))),"") | Z21: =IFERROR(IF(Z$2=0,"",IF((AND($B21,D21)>0),(((D21-$B21)/($B21))),(((D21-$B21)/ABS($B21))))),"") | AA21: =IFERROR(IF(AA$2=0,"",IF((AND($B21,E21)>0),(((E21-$B21)/($B21))),(((E21-$B21)/ABS($B21))))),"") | AB21: =IFERROR(IF(AB$2=0,"",IF((AND($B21,F21)>0),(((F21-$B21)/($B21))),(((F21-$B21)/ABS($B21))))),"") | AC21: =IFERROR(IF(AC$2=0,"",IF((AND($B21,G21)>0),(((G21-$B21)/($B21))),(((G21-$B21)/ABS($B21))))),"") | AD21: =IFERROR(IF(AD$2=0,"",IF((AND($B21,H21)>0),(((H21-$B21)/($B21))),(((H21-$B21)/ABS($B21))))),"") | AE21: =IFERROR(IF(AE$2=0,"",IF((AND($B21,I21)>0),(((I21-$B21)/($B21))),(((I21-$B21)/ABS($B21))))),"") | ... AG21: =IFERROR(IF(AG$2=0,"",IF((AND($B21,K21)>0),(((K21-$B21)/($B21))),(((K21-$B21)/ABS($B21))))),"") | AI21: =IFERROR(IF(AI$2=0,"",((B21-B21)/ABS(B21))),"") | AJ21: =IFERROR(IF(AJ$2=0,"",((C21-B21)/ABS(B21))),"") | AK21: =IFERROR(IF(AK$2=0,"",((D21-C21)/ABS(C21))),"") | AL21: =IFERROR(IF(AL$2=0,"",((E21-D21)/ABS(D21))),"") | AM21: =IFERROR(IF(AM$2=0,"",((F21-E21)/ABS(E21))),"") | AN21: =IFERROR(IF(AN$2=0,"",((G21-F21)/ABS(F21))),"") | AO21: =IFERROR(IF(AO$2=0,"",((H21-G21)/ABS(G21))),"") | AP21: =IFERROR(IF(AP$2=0,"",((I21-H21)/ABS(H21))),"") | AQ21: =IFERROR(IF(AQ$2=0,"",((J21-I21)/ABS(I21))),"") | AR21: =IFERROR(IF(AR$2=0,"",((K21-J21)/ABS(J21))),"")
A22: I. Capital | M22: =IFERROR(B22/B$19,"") | N22: =IFERROR(C22/C$19,"") | O22: =IFERROR(D22/D$19,"") | P22: =IFERROR(E22/E$19,"") | Q22: =IFERROR(F22/F$19,"") | R22: =IFERROR(G22/G$19,"") | S22: =IFERROR(H22/H$19,"") | T22: =IFERROR(I22/I$19,"") | ... V22: =IFERROR(K22/K$19,"") | X22: =IFERROR(IF(X$2=0,"",IF((AND($B22,B22)>0),(((B22-$B22)/($B22))),(((B22-$B22)/ABS($B22))))),"") | Y22: =IFERROR(IF(Y$2=0,"",IF((AND($B22,C22)>0),(((C22-$B22)/($B22))),(((C22-$B22)/ABS($B22))))),"") | Z22: =IFERROR(IF(Z$2=0,"",IF((AND($B22,D22)>0),(((D22-$B22)/($B22))),(((D22-$B22)/ABS($B22))))),"") | AA22: =IFERROR(IF(AA$2=0,"",IF((AND($B22,E22)>0),(((E22-$B22)/($B22))),(((E22-$B22)/ABS($B22))))),"") | AB22: =IFERROR(IF(AB$2=0,"",IF((AND($B22,F22)>0),(((F22-$B22)/($B22))),(((F22-$B22)/ABS($B22))))),"") | AC22: =IFERROR(IF(AC$2=0,"",IF((AND($B22,G22)>0),(((G22-$B22)/($B22))),(((G22-$B22)/ABS($B22))))),"") | AD22: =IFERROR(IF(AD$2=0,"",IF((AND($B22,H22)>0),(((H22-$B22)/($B22))),(((H22-$B22)/ABS($B22))))),"") | AE22: =IFERROR(IF(AE$2=0,"",IF((AND($B22,I22)>0),(((I22-$B22)/($B22))),(((I22-$B22)/ABS($B22))))),"") | ... AG22: =IFERROR(IF(AG$2=0,"",IF((AND($B22,K22)>0),(((K22-$B22)/($B22))),(((K22-$B22)/ABS($B22))))),"") | AI22: =IFERROR(IF(AI$2=0,"",((B22-B22)/ABS(B22))),"") | AJ22: =IFERROR(IF(AJ$2=0,"",((C22-B22)/ABS(B22))),"") | AK22: =IFERROR(IF(AK$2=0,"",((D22-C22)/ABS(C22))),"") | AL22: =IFERROR(IF(AL$2=0,"",((E22-D22)/ABS(D22))),"") | AM22: =IFERROR(IF(AM$2=0,"",((F22-E22)/ABS(E22))),"") | AN22: =IFERROR(IF(AN$2=0,"",((G22-F22)/ABS(F22))),"") | AO22: =IFERROR(IF(AO$2=0,"",((H22-G22)/ABS(G22))),"") | AP22: =IFERROR(IF(AP$2=0,"",((I22-H22)/ABS(H22))),"") | AQ22: =IFERROR(IF(AQ$2=0,"",((J22-I22)/ABS(I22))),"") | AR22: =IFERROR(IF(AR$2=0,"",((K22-J22)/ABS(J22))),"")
A23: II. Prima de emisión | M23: =IFERROR(B23/B$19,"") | N23: =IFERROR(C23/C$19,"") | O23: =IFERROR(D23/D$19,"") | P23: =IFERROR(E23/E$19,"") | Q23: =IFERROR(F23/F$19,"") | R23: =IFERROR(G23/G$19,"") | S23: =IFERROR(H23/H$19,"") | T23: =IFERROR(I23/I$19,"") | ... V23: =IFERROR(K23/K$19,"") | X23: =IFERROR(IF(X$2=0,"",IF((AND($B23,B23)>0),(((B23-$B23)/($B23))),(((B23-$B23)/ABS($B23))))),"") | Y23: =IFERROR(IF(Y$2=0,"",IF((AND($B23,C23)>0),(((C23-$B23)/($B23))),(((C23-$B23)/ABS($B23))))),"") | Z23: =IFERROR(IF(Z$2=0,"",IF((AND($B23,D23)>0),(((D23-$B23)/($B23))),(((D23-$B23)/ABS($B23))))),"") | AA23: =IFERROR(IF(AA$2=0,"",IF((AND($B23,E23)>0),(((E23-$B23)/($B23))),(((E23-$B23)/ABS($B23))))),"") | AB23: =IFERROR(IF(AB$2=0,"",IF((AND($B23,F23)>0),(((F23-$B23)/($B23))),(((F23-$B23)/ABS($B23))))),"") | AC23: =IFERROR(IF(AC$2=0,"",IF((AND($B23,G23)>0),(((G23-$B23)/($B23))),(((G23-$B23)/ABS($B23))))),"") | AD23: =IFERROR(IF(AD$2=0,"",IF((AND($B23,H23)>0),(((H23-$B23)/($B23))),(((H23-$B23)/ABS($B23))))),"") | AE23: =IFERROR(IF(AE$2=0,"",IF((AND($B23,I23)>0),(((I23-$B23)/($B23))),(((I23-$B23)/ABS($B23))))),"") | ... AG23: =IFERROR(IF(AG$2=0,"",IF((AND($B23,K23)>0),(((K23-$B23)/($B23))),(((K23-$B23)/ABS($B23))))),"") | AI23: =IFERROR(IF(AI$2=0,"",((B23-B23)/ABS(B23))),"") | AJ23: =IFERROR(IF(AJ$2=0,"",((C23-B23)/ABS(B23))),"") | AK23: =IFERROR(IF(AK$2=0,"",((D23-C23)/ABS(C23))),"") | AL23: =IFERROR(IF(AL$2=0,"",((E23-D23)/ABS(D23))),"") | AM23: =IFERROR(IF(AM$2=0,"",((F23-E23)/ABS(E23))),"") | AN23: =IFERROR(IF(AN$2=0,"",((G23-F23)/ABS(F23))),"") | AO23: =IFERROR(IF(AO$2=0,"",((H23-G23)/ABS(G23))),"") | AP23: =IFERROR(IF(AP$2=0,"",((I23-H23)/ABS(H23))),"") | AQ23: =IFERROR(IF(AQ$2=0,"",((J23-I23)/ABS(I23))),"") | AR23: =IFERROR(IF(AR$2=0,"",((K23-J23)/ABS(J23))),"")
A24: III. Reservas | M24: =IFERROR(B24/B$19,"") | N24: =IFERROR(C24/C$19,"") | O24: =IFERROR(D24/D$19,"") | P24: =IFERROR(E24/E$19,"") | Q24: =IFERROR(F24/F$19,"") | R24: =IFERROR(G24/G$19,"") | S24: =IFERROR(H24/H$19,"") | T24: =IFERROR(I24/I$19,"") | ... V24: =IFERROR(K24/K$19,"") | X24: =IFERROR(IF(X$2=0,"",IF((AND($B24,B24)>0),(((B24-$B24)/($B24))),(((B24-$B24)/ABS($B24))))),"") | Y24: =IFERROR(IF(Y$2=0,"",IF((AND($B24,C24)>0),(((C24-$B24)/($B24))),(((C24-$B24)/ABS($B24))))),"") | Z24: =IFERROR(IF(Z$2=0,"",IF((AND($B24,D24)>0),(((D24-$B24)/($B24))),(((D24-$B24)/ABS($B24))))),"") | AA24: =IFERROR(IF(AA$2=0,"",IF((AND($B24,E24)>0),(((E24-$B24)/($B24))),(((E24-$B24)/ABS($B24))))),"") | AB24: =IFERROR(IF(AB$2=0,"",IF((AND($B24,F24)>0),(((F24-$B24)/($B24))),(((F24-$B24)/ABS($B24))))),"") | AC24: =IFERROR(IF(AC$2=0,"",IF((AND($B24,G24)>0),(((G24-$B24)/($B24))),(((G24-$B24)/ABS($B24))))),"") | AD24: =IFERROR(IF(AD$2=0,"",IF((AND($B24,H24)>0),(((H24-$B24)/($B24))),(((H24-$B24)/ABS($B24))))),"") | AE24: =IFERROR(IF(AE$2=0,"",IF((AND($B24,I24)>0),(((I24-$B24)/($B24))),(((I24-$B24)/ABS($B24))))),"") | ... AG24: =IFERROR(IF(AG$2=0,"",IF((AND($B24,K24)>0),(((K24-$B24)/($B24))),(((K24-$B24)/ABS($B24))))),"") | AI24: =IFERROR(IF(AI$2=0,"",((B24-B24)/ABS(B24))),"") | AJ24: =IFERROR(IF(AJ$2=0,"",((C24-B24)/ABS(B24))),"") | AK24: =IFERROR(IF(AK$2=0,"",((D24-C24)/ABS(C24))),"") | AL24: =IFERROR(IF(AL$2=0,"",((E24-D24)/ABS(D24))),"") | AM24: =IFERROR(IF(AM$2=0,"",((F24-E24)/ABS(E24))),"") | AN24: =IFERROR(IF(AN$2=0,"",((G24-F24)/ABS(F24))),"") | AO24: =IFERROR(IF(AO$2=0,"",((H24-G24)/ABS(G24))),"") | AP24: =IFERROR(IF(AP$2=0,"",((I24-H24)/ABS(H24))),"") | AQ24: =IFERROR(IF(AQ$2=0,"",((J24-I24)/ABS(I24))),"") | AR24: =IFERROR(IF(AR$2=0,"",((K24-J24)/ABS(J24))),"")
A25: IV. Acciones y participaciones en patrimonio propias
A26: V. Resultados de ejercicios anteriores | M26: =IFERROR(B26/B$19,"") | N26: =IFERROR(C26/C$19,"") | O26: =IFERROR(D26/D$19,"") | P26: =IFERROR(E26/E$19,"") | Q26: =IFERROR(F26/F$19,"") | R26: =IFERROR(G26/G$19,"") | S26: =IFERROR(H26/H$19,"") | T26: =IFERROR(I26/I$19,"") | ... V26: =IFERROR(K26/K$19,"") | X26: =IFERROR(IF(X$2=0,"",IF((AND($B26,B26)>0),(((B26-$B26)/($B26))),(((B26-$B26)/ABS($B26))))),"") | Y26: =IFERROR(IF(Y$2=0,"",IF((AND($B26,C26)>0),(((C26-$B26)/($B26))),(((C26-$B26)/ABS($B26))))),"") | Z26: =IFERROR(IF(Z$2=0,"",IF((AND($B26,D26)>0),(((D26-$B26)/($B26))),(((D26-$B26)/ABS($B26))))),"") | AA26: =IFERROR(IF(AA$2=0,"",IF((AND($B26,E26)>0),(((E26-$B26)/($B26))),(((E26-$B26)/ABS($B26))))),"") | AB26: =IFERROR(IF(AB$2=0,"",IF((AND($B26,F26)>0),(((F26-$B26)/($B26))),(((F26-$B26)/ABS($B26))))),"") | AC26: =IFERROR(IF(AC$2=0,"",IF((AND($B26,G26)>0),(((G26-$B26)/($B26))),(((G26-$B26)/ABS($B26))))),"") | AD26: =IFERROR(IF(AD$2=0,"",IF((AND($B26,H26)>0),(((H26-$B26)/($B26))),(((H26-$B26)/ABS($B26))))),"") | AE26: =IFERROR(IF(AE$2=0,"",IF((AND($B26,I26)>0),(((I26-$B26)/($B26))),(((I26-$B26)/ABS($B26))))),"") | ... AG26: =IFERROR(IF(AG$2=0,"",IF((AND($B26,K26)>0),(((K26-$B26)/($B26))),(((K26-$B26)/ABS($B26))))),"") | AI26: =IFERROR(IF(AI$2=0,"",((B26-B26)/ABS(B26))),"") | AJ26: =IFERROR(IF(AJ$2=0,"",((C26-B26)/ABS(B26))),"") | AK26: =IFERROR(IF(AK$2=0,"",((D26-C26)/ABS(C26))),"") | AL26: =IFERROR(IF(AL$2=0,"",((E26-D26)/ABS(D26))),"") | AM26: =IFERROR(IF(AM$2=0,"",((F26-E26)/ABS(E26))),"") | AN26: =IFERROR(IF(AN$2=0,"",((G26-F26)/ABS(F26))),"") | AO26: =IFERROR(IF(AO$2=0,"",((H26-G26)/ABS(G26))),"") | AP26: =IFERROR(IF(AP$2=0,"",((I26-H26)/ABS(H26))),"") | AQ26: =IFERROR(IF(AQ$2=0,"",((J26-I26)/ABS(I26))),"") | AR26: =IFERROR(IF(AR$2=0,"",((K26-J26)/ABS(J26))),"")
A27: VI. Otras aportaciones de socios | M27: =IFERROR(B27/B$19,"") | N27: =IFERROR(C27/C$19,"") | O27: =IFERROR(D27/D$19,"") | P27: =IFERROR(E27/E$19,"") | Q27: =IFERROR(F27/F$19,"") | R27: =IFERROR(G27/G$19,"") | S27: =IFERROR(H27/H$19,"") | T27: =IFERROR(I27/I$19,"") | ... V27: =IFERROR(K27/K$19,"") | X27: =IFERROR(IF(X$2=0,"",IF((AND($B27,B27)>0),(((B27-$B27)/($B27))),(((B27-$B27)/ABS($B27))))),"") | Y27: =IFERROR(IF(Y$2=0,"",IF((AND($B27,C27)>0),(((C27-$B27)/($B27))),(((C27-$B27)/ABS($B27))))),"") | Z27: =IFERROR(IF(Z$2=0,"",IF((AND($B27,D27)>0),(((D27-$B27)/($B27))),(((D27-$B27)/ABS($B27))))),"") | AA27: =IFERROR(IF(AA$2=0,"",IF((AND($B27,E27)>0),(((E27-$B27)/($B27))),(((E27-$B27)/ABS($B27))))),"") | AB27: =IFERROR(IF(AB$2=0,"",IF((AND($B27,F27)>0),(((F27-$B27)/($B27))),(((F27-$B27)/ABS($B27))))),"") | AC27: =IFERROR(IF(AC$2=0,"",IF((AND($B27,G27)>0),(((G27-$B27)/($B27))),(((G27-$B27)/ABS($B27))))),"") | AD27: =IFERROR(IF(AD$2=0,"",IF((AND($B27,H27)>0),(((H27-$B27)/($B27))),(((H27-$B27)/ABS($B27))))),"") | AE27: =IFERROR(IF(AE$2=0,"",IF((AND($B27,I27)>0),(((I27-$B27)/($B27))),(((I27-$B27)/ABS($B27))))),"") | ... AG27: =IFERROR(IF(AG$2=0,"",IF((AND($B27,K27)>0),(((K27-$B27)/($B27))),(((K27-$B27)/ABS($B27))))),"") | AI27: =IFERROR(IF(AI$2=0,"",((B27-B27)/ABS(B27))),"") | AJ27: =IFERROR(IF(AJ$2=0,"",((C27-B27)/ABS(B27))),"") | AK27: =IFERROR(IF(AK$2=0,"",((D27-C27)/ABS(C27))),"") | AL27: =IFERROR(IF(AL$2=0,"",((E27-D27)/ABS(D27))),"") | AM27: =IFERROR(IF(AM$2=0,"",((F27-E27)/ABS(E27))),"") | AN27: =IFERROR(IF(AN$2=0,"",((G27-F27)/ABS(F27))),"") | AO27: =IFERROR(IF(AO$2=0,"",((H27-G27)/ABS(G27))),"") | AP27: =IFERROR(IF(AP$2=0,"",((I27-H27)/ABS(H27))),"") | AQ27: =IFERROR(IF(AQ$2=0,"",((J27-I27)/ABS(I27))),"") | AR27: =IFERROR(IF(AR$2=0,"",((K27-J27)/ABS(J27))),"")
A28: VII. Resultado del ejercicio | M28: =IFERROR(B28/B$19,"") | N28: =IFERROR(C28/C$19,"") | O28: =IFERROR(D28/D$19,"") | P28: =IFERROR(E28/E$19,"") | Q28: =IFERROR(F28/F$19,"") | R28: =IFERROR(G28/G$19,"") | S28: =IFERROR(H28/H$19,"") | T28: =IFERROR(I28/I$19,"") | ... V28: =IFERROR(K28/K$19,"") | X28: =IFERROR(IF(X$2=0,"",IF((AND($B28,B28)>0),(((B28-$B28)/($B28))),(((B28-$B28)/ABS($B28))))),"") | Y28: =IFERROR(IF(Y$2=0,"",IF((AND($B28,C28)>0),(((C28-$B28)/($B28))),(((C28-$B28)/ABS($B28))))),"") | Z28: =IFERROR(IF(Z$2=0,"",IF((AND($B28,D28)>0),(((D28-$B28)/($B28))),(((D28-$B28)/ABS($B28))))),"") | AA28: =IFERROR(IF(AA$2=0,"",IF((AND($B28,E28)>0),(((E28-$B28)/($B28))),(((E28-$B28)/ABS($B28))))),"") | AB28: =IFERROR(IF(AB$2=0,"",IF((AND($B28,F28)>0),(((F28-$B28)/($B28))),(((F28-$B28)/ABS($B28))))),"") | AC28: =IFERROR(IF(AC$2=0,"",IF((AND($B28,G28)>0),(((G28-$B28)/($B28))),(((G28-$B28)/ABS($B28))))),"") | AD28: =IFERROR(IF(AD$2=0,"",IF((AND($B28,H28)>0),(((H28-$B28)/($B28))),(((H28-$B28)/ABS($B28))))),"") | AE28: =IFERROR(IF(AE$2=0,"",IF((AND($B28,I28)>0),(((I28-$B28)/($B28))),(((I28-$B28)/ABS($B28))))),"") | ... AG28: =IFERROR(IF(AG$2=0,"",IF((AND($B28,K28)>0),(((K28-$B28)/($B28))),(((K28-$B28)/ABS($B28))))),"") | AI28: =IFERROR(IF(AI$2=0,"",((B28-B28)/ABS(B28))),"") | AJ28: =IFERROR(IF(AJ$2=0,"",((C28-B28)/ABS(B28))),"") | AK28: =IFERROR(IF(AK$2=0,"",((D28-C28)/ABS(C28))),"") | AL28: =IFERROR(IF(AL$2=0,"",((E28-D28)/ABS(D28))),"") | AM28: =IFERROR(IF(AM$2=0,"",((F28-E28)/ABS(E28))),"") | AN28: =IFERROR(IF(AN$2=0,"",((G28-F28)/ABS(F28))),"") | AO28: =IFERROR(IF(AO$2=0,"",((H28-G28)/ABS(G28))),"") | AP28: =IFERROR(IF(AP$2=0,"",((I28-H28)/ABS(H28))),"") | AQ28: =IFERROR(IF(AQ$2=0,"",((J28-I28)/ABS(I28))),"") | AR28: =IFERROR(IF(AR$2=0,"",((K28-J28)/ABS(J28))),"")
A29: VIII. Dividendo a cuenta
A30: A-2) Ajustes por cambios de valor | B30: =SUM(B31:B33) -> 0 | C30: =SUM(C31:C33) -> 0 | D30: =SUM(D31:D33) -> 0 | E30: =SUM(E31:E33) -> 0 | F30: =SUM(F31:F33) -> 0 | G30: =SUM(G31:G33) -> 0
A31: i. Activos financieros a valor razonable con cambios en el patrimonio neto
A32: II. Operaciones de cobertura
A33: III. Otros
A34: A-3) Subvenciones, donaciones y legados recibidos | B34: =B35 -> 0 | C34: =C35 -> 0 | D34: =D35 -> 0 | E34: =E35 -> 0 | F34: =F35 -> 0 | G34: =G35 -> 0 | M34: =IFERROR(B34/B$19,"") | N34: =IFERROR(C34/C$19,"") | O34: =IFERROR(D34/D$19,"") | P34: =IFERROR(E34/E$19,"") | Q34: =IFERROR(F34/F$19,"") | R34: =IFERROR(G34/G$19,"") | S34: =IFERROR(H34/H$19,"") | T34: =IFERROR(I34/I$19,"") | ... V34: =IFERROR(K34/K$19,"") | X34: =IFERROR(IF(X$2=0,"",IF((AND($B34,B34)>0),(((B34-$B34)/($B34))),(((B34-$B34)/ABS($B34))))),"") | Y34: =IFERROR(IF(Y$2=0,"",IF((AND($B34,C34)>0),(((C34-$B34)/($B34))),(((C34-$B34)/ABS($B34))))),"") | Z34: =IFERROR(IF(Z$2=0,"",IF((AND($B34,D34)>0),(((D34-$B34)/($B34))),(((D34-$B34)/ABS($B34))))),"") | AA34: =IFERROR(IF(AA$2=0,"",IF((AND($B34,E34)>0),(((E34-$B34)/($B34))),(((E34-$B34)/ABS($B34))))),"") | AB34: =IFERROR(IF(AB$2=0,"",IF((AND($B34,F34)>0),(((F34-$B34)/($B34))),(((F34-$B34)/ABS($B34))))),"") | AC34: =IFERROR(IF(AC$2=0,"",IF((AND($B34,G34)>0),(((G34-$B34)/($B34))),(((G34-$B34)/ABS($B34))))),"") | AD34: =IFERROR(IF(AD$2=0,"",IF((AND($B34,H34)>0),(((H34-$B34)/($B34))),(((H34-$B34)/ABS($B34))))),"") | AE34: =IFERROR(IF(AE$2=0,"",IF((AND($B34,I34)>0),(((I34-$B34)/($B34))),(((I34-$B34)/ABS($B34))))),"") | ... AG34: =IFERROR(IF(AG$2=0,"",IF((AND($B34,K34)>0),(((K34-$B34)/($B34))),(((K34-$B34)/ABS($B34))))),"") | AI34: =IFERROR(IF(AI$2=0,"",((B34-B34)/ABS(B34))),"") | AJ34: =IFERROR(IF(AJ$2=0,"",((C34-B34)/ABS(B34))),"") | AK34: =IFERROR(IF(AK$2=0,"",((D34-C34)/ABS(C34))),"") | AL34: =IFERROR(IF(AL$2=0,"",((E34-D34)/ABS(D34))),"") | AM34: =IFERROR(IF(AM$2=0,"",((F34-E34)/ABS(E34))),"") | AN34: =IFERROR(IF(AN$2=0,"",((G34-F34)/ABS(F34))),"") | AO34: =IFERROR(IF(AO$2=0,"",((H34-G34)/ABS(G34))),"") | AP34: =IFERROR(IF(AP$2=0,"",((I34-H34)/ABS(H34))),"") | AQ34: =IFERROR(IF(AQ$2=0,"",((J34-I34)/ABS(I34))),"") | AR34: =IFERROR(IF(AR$2=0,"",((K34-J34)/ABS(J34))),"")
A35: I. Subvenciones, donaciones y legados recibidos
A36: B. PASIVO NO CORRIENTE | B36: =SUM(B37:B41) -> 0 | C36: =SUM(C37:C41) -> 0 | D36: =SUM(D37:D41) -> 0 | E36: =SUM(E37:E41) -> 0 | F36: =SUM(F37:F41) -> 0 | G36: =SUM(G37:G41) -> 0 | H36: =SUM(H37:H41) -> 0 | I36: =SUM(I37:I41) -> 0 | ... K36: =SUM(K37:K41) -> 0 | M36: =IFERROR(B36/B$19,"") | N36: =IFERROR(C36/C$19,"") | O36: =IFERROR(D36/D$19,"") | P36: =IFERROR(E36/E$19,"") | Q36: =IFERROR(F36/F$19,"") | R36: =IFERROR(G36/G$19,"") | S36: =IFERROR(H36/H$19,"") | T36: =IFERROR(I36/I$19,"") | ... V36: =IFERROR(K36/K$19,"") | X36: =IFERROR(IF(X$2=0,"",IF((AND($B36,B36)>0),(((B36-$B36)/($B36))),(((B36-$B36)/ABS($B36))))),"") | Y36: =IFERROR(IF(Y$2=0,"",IF((AND($B36,C36)>0),(((C36-$B36)/($B36))),(((C36-$B36)/ABS($B36))))),"") | Z36: =IFERROR(IF(Z$2=0,"",IF((AND($B36,D36)>0),(((D36-$B36)/($B36))),(((D36-$B36)/ABS($B36))))),"") | AA36: =IFERROR(IF(AA$2=0,"",IF((AND($B36,E36)>0),(((E36-$B36)/($B36))),(((E36-$B36)/ABS($B36))))),"") | AB36: =IFERROR(IF(AB$2=0,"",IF((AND($B36,F36)>0),(((F36-$B36)/($B36))),(((F36-$B36)/ABS($B36))))),"") | AC36: =IFERROR(IF(AC$2=0,"",IF((AND($B36,G36)>0),(((G36-$B36)/($B36))),(((G36-$B36)/ABS($B36))))),"") | AD36: =IFERROR(IF(AD$2=0,"",IF((AND($B36,H36)>0),(((H36-$B36)/($B36))),(((H36-$B36)/ABS($B36))))),"") | AE36: =IFERROR(IF(AE$2=0,"",IF((AND($B36,I36)>0),(((I36-$B36)/($B36))),(((I36-$B36)/ABS($B36))))),"") | ... AG36: =IFERROR(IF(AG$2=0,"",IF((AND($B36,K36)>0),(((K36-$B36)/($B36))),(((K36-$B36)/ABS($B36))))),"") | AI36: =IFERROR(IF(AI$2=0,"",((B36-B36)/ABS(B36))),"") | AJ36: =IFERROR(IF(AJ$2=0,"",((C36-B36)/ABS(B36))),"") | AK36: =IFERROR(IF(AK$2=0,"",((D36-C36)/ABS(C36))),"") | AL36: =IFERROR(IF(AL$2=0,"",((E36-D36)/ABS(D36))),"") | AM36: =IFERROR(IF(AM$2=0,"",((F36-E36)/ABS(E36))),"") | AN36: =IFERROR(IF(AN$2=0,"",((G36-F36)/ABS(F36))),"") | AO36: =IFERROR(IF(AO$2=0,"",((H36-G36)/ABS(G36))),"") | AP36: =IFERROR(IF(AP$2=0,"",((I36-H36)/ABS(H36))),"") | AQ36: =IFERROR(IF(AQ$2=0,"",((J36-I36)/ABS(I36))),"") | AR36: =IFERROR(IF(AR$2=0,"",((K36-J36)/ABS(J36))),"")
A37: I. Provisiones a largo plazo
A38: II. Deudas a largo plazo | M38: =IFERROR(B38/B$19,"") | N38: =IFERROR(C38/C$19,"") | O38: =IFERROR(D38/D$19,"") | P38: =IFERROR(E38/E$19,"") | Q38: =IFERROR(F38/F$19,"") | R38: =IFERROR(G38/G$19,"") | S38: =IFERROR(H38/H$19,"") | T38: =IFERROR(I38/I$19,"") | ... V38: =IFERROR(K38/K$19,"") | X38: =IFERROR(IF(X$2=0,"",IF((AND($B38,B38)>0),(((B38-$B38)/($B38))),(((B38-$B38)/ABS($B38))))),"") | Y38: =IFERROR(IF(Y$2=0,"",IF((AND($B38,C38)>0),(((C38-$B38)/($B38))),(((C38-$B38)/ABS($B38))))),"") | Z38: =IFERROR(IF(Z$2=0,"",IF((AND($B38,D38)>0),(((D38-$B38)/($B38))),(((D38-$B38)/ABS($B38))))),"") | AA38: =IFERROR(IF(AA$2=0,"",IF((AND($B38,E38)>0),(((E38-$B38)/($B38))),(((E38-$B38)/ABS($B38))))),"") | AB38: =IFERROR(IF(AB$2=0,"",IF((AND($B38,F38)>0),(((F38-$B38)/($B38))),(((F38-$B38)/ABS($B38))))),"") | AC38: =IFERROR(IF(AC$2=0,"",IF((AND($B38,G38)>0),(((G38-$B38)/($B38))),(((G38-$B38)/ABS($B38))))),"") | AD38: =IFERROR(IF(AD$2=0,"",IF((AND($B38,H38)>0),(((H38-$B38)/($B38))),(((H38-$B38)/ABS($B38))))),"") | AE38: =IFERROR(IF(AE$2=0,"",IF((AND($B38,I38)>0),(((I38-$B38)/($B38))),(((I38-$B38)/ABS($B38))))),"") | ... AG38: =IFERROR(IF(AG$2=0,"",IF((AND($B38,K38)>0),(((K38-$B38)/($B38))),(((K38-$B38)/ABS($B38))))),"") | AI38: =IFERROR(IF(AI$2=0,"",((B38-B38)/ABS(B38))),"") | AJ38: =IFERROR(IF(AJ$2=0,"",((C38-B38)/ABS(B38))),"") | AK38: =IFERROR(IF(AK$2=0,"",((D38-C38)/ABS(C38))),"") | AL38: =IFERROR(IF(AL$2=0,"",((E38-D38)/ABS(D38))),"") | AM38: =IFERROR(IF(AM$2=0,"",((F38-E38)/ABS(E38))),"") | AN38: =IFERROR(IF(AN$2=0,"",((G38-F38)/ABS(F38))),"") | AO38: =IFERROR(IF(AO$2=0,"",((H38-G38)/ABS(G38))),"") | AP38: =IFERROR(IF(AP$2=0,"",((I38-H38)/ABS(H38))),"") | AQ38: =IFERROR(IF(AQ$2=0,"",((J38-I38)/ABS(I38))),"") | AR38: =IFERROR(IF(AR$2=0,"",((K38-J38)/ABS(J38))),"")
A39: III. Deudas con empresas del grupo y asociadas a largo plazo | M39: =IFERROR(B39/B$19,"") | N39: =IFERROR(C39/C$19,"") | O39: =IFERROR(D39/D$19,"") | P39: =IFERROR(E39/E$19,"") | Q39: =IFERROR(F39/F$19,"") | R39: =IFERROR(G39/G$19,"") | S39: =IFERROR(H39/H$19,"") | T39: =IFERROR(I39/I$19,"") | ... V39: =IFERROR(K39/K$19,"") | X39: =IFERROR(IF(X$2=0,"",IF((AND($B39,B39)>0),(((B39-$B39)/($B39))),(((B39-$B39)/ABS($B39))))),"") | Y39: =IFERROR(IF(Y$2=0,"",IF((AND($B39,C39)>0),(((C39-$B39)/($B39))),(((C39-$B39)/ABS($B39))))),"") | Z39: =IFERROR(IF(Z$2=0,"",IF((AND($B39,D39)>0),(((D39-$B39)/($B39))),(((D39-$B39)/ABS($B39))))),"") | AA39: =IFERROR(IF(AA$2=0,"",IF((AND($B39,E39)>0),(((E39-$B39)/($B39))),(((E39-$B39)/ABS($B39))))),"") | AB39: =IFERROR(IF(AB$2=0,"",IF((AND($B39,F39)>0),(((F39-$B39)/($B39))),(((F39-$B39)/ABS($B39))))),"") | AC39: =IFERROR(IF(AC$2=0,"",IF((AND($B39,G39)>0),(((G39-$B39)/($B39))),(((G39-$B39)/ABS($B39))))),"") | AD39: =IFERROR(IF(AD$2=0,"",IF((AND($B39,H39)>0),(((H39-$B39)/($B39))),(((H39-$B39)/ABS($B39))))),"") | AE39: =IFERROR(IF(AE$2=0,"",IF((AND($B39,I39)>0),(((I39-$B39)/($B39))),(((I39-$B39)/ABS($B39))))),"") | ... AG39: =IFERROR(IF(AG$2=0,"",IF((AND($B39,K39)>0),(((K39-$B39)/($B39))),(((K39-$B39)/ABS($B39))))),"") | AI39: =IFERROR(IF(AI$2=0,"",((B39-B39)/ABS(B39))),"") | AJ39: =IFERROR(IF(AJ$2=0,"",((C39-B39)/ABS(B39))),"") | AK39: =IFERROR(IF(AK$2=0,"",((D39-C39)/ABS(C39))),"") | AL39: =IFERROR(IF(AL$2=0,"",((E39-D39)/ABS(D39))),"") | AM39: =IFERROR(IF(AM$2=0,"",((F39-E39)/ABS(E39))),"") | AN39: =IFERROR(IF(AN$2=0,"",((G39-F39)/ABS(F39))),"") | AO39: =IFERROR(IF(AO$2=0,"",((H39-G39)/ABS(G39))),"") | AP39: =IFERROR(IF(AP$2=0,"",((I39-H39)/ABS(H39))),"") | AQ39: =IFERROR(IF(AQ$2=0,"",((J39-I39)/ABS(I39))),"") | AR39: =IFERROR(IF(AR$2=0,"",((K39-J39)/ABS(J39))),"")
A40: IV. Pasivos por impuesto diferido | M40: =IFERROR(B40/B$19,"") | N40: =IFERROR(C40/C$19,"") | O40: =IFERROR(D40/D$19,"") | P40: =IFERROR(E40/E$19,"") | Q40: =IFERROR(F40/F$19,"") | R40: =IFERROR(G40/G$19,"") | S40: =IFERROR(H40/H$19,"") | T40: =IFERROR(I40/I$19,"") | ... V40: =IFERROR(K40/K$19,"") | X40: =IFERROR(IF(X$2=0,"",IF((AND($B40,B40)>0),(((B40-$B40)/($B40))),(((B40-$B40)/ABS($B40))))),"") | Y40: =IFERROR(IF(Y$2=0,"",IF((AND($B40,C40)>0),(((C40-$B40)/($B40))),(((C40-$B40)/ABS($B40))))),"") | Z40: =IFERROR(IF(Z$2=0,"",IF((AND($B40,D40)>0),(((D40-$B40)/($B40))),(((D40-$B40)/ABS($B40))))),"") | AA40: =IFERROR(IF(AA$2=0,"",IF((AND($B40,E40)>0),(((E40-$B40)/($B40))),(((E40-$B40)/ABS($B40))))),"") | AB40: =IFERROR(IF(AB$2=0,"",IF((AND($B40,F40)>0),(((F40-$B40)/($B40))),(((F40-$B40)/ABS($B40))))),"") | AC40: =IFERROR(IF(AC$2=0,"",IF((AND($B40,G40)>0),(((G40-$B40)/($B40))),(((G40-$B40)/ABS($B40))))),"") | AD40: =IFERROR(IF(AD$2=0,"",IF((AND($B40,H40)>0),(((H40-$B40)/($B40))),(((H40-$B40)/ABS($B40))))),"") | AE40: =IFERROR(IF(AE$2=0,"",IF((AND($B40,I40)>0),(((I40-$B40)/($B40))),(((I40-$B40)/ABS($B40))))),"") | ... AG40: =IFERROR(IF(AG$2=0,"",IF((AND($B40,K40)>0),(((K40-$B40)/($B40))),(((K40-$B40)/ABS($B40))))),"") | AI40: =IFERROR(IF(AI$2=0,"",((B40-B40)/ABS(B40))),"") | AJ40: =IFERROR(IF(AJ$2=0,"",((C40-B40)/ABS(B40))),"") | AK40: =IFERROR(IF(AK$2=0,"",((D40-C40)/ABS(C40))),"") | AL40: =IFERROR(IF(AL$2=0,"",((E40-D40)/ABS(D40))),"") | AM40: =IFERROR(IF(AM$2=0,"",((F40-E40)/ABS(E40))),"") | AN40: =IFERROR(IF(AN$2=0,"",((G40-F40)/ABS(F40))),"") | AO40: =IFERROR(IF(AO$2=0,"",((H40-G40)/ABS(G40))),"") | AP40: =IFERROR(IF(AP$2=0,"",((I40-H40)/ABS(H40))),"") | AQ40: =IFERROR(IF(AQ$2=0,"",((J40-I40)/ABS(I40))),"") | AR40: =IFERROR(IF(AR$2=0,"",((K40-J40)/ABS(J40))),"")
A41: V. Periodificaciones a largo plazo | M41: =IFERROR(B41/B$19,"") | N41: =IFERROR(C41/C$19,"") | O41: =IFERROR(D41/D$19,"") | P41: =IFERROR(E41/E$19,"") | Q41: =IFERROR(F41/F$19,"") | R41: =IFERROR(G41/G$19,"") | S41: =IFERROR(H41/H$19,"") | T41: =IFERROR(I41/I$19,"") | ... V41: =IFERROR(K41/K$19,"") | X41: =IFERROR(IF(X$2=0,"",IF((AND($B41,B41)>0),(((B41-$B41)/($B41))),(((B41-$B41)/ABS($B41))))),"") | Y41: =IFERROR(IF(Y$2=0,"",IF((AND($B41,C41)>0),(((C41-$B41)/($B41))),(((C41-$B41)/ABS($B41))))),"") | Z41: =IFERROR(IF(Z$2=0,"",IF((AND($B41,D41)>0),(((D41-$B41)/($B41))),(((D41-$B41)/ABS($B41))))),"") | AA41: =IFERROR(IF(AA$2=0,"",IF((AND($B41,E41)>0),(((E41-$B41)/($B41))),(((E41-$B41)/ABS($B41))))),"") | AB41: =IFERROR(IF(AB$2=0,"",IF((AND($B41,F41)>0),(((F41-$B41)/($B41))),(((F41-$B41)/ABS($B41))))),"") | AC41: =IFERROR(IF(AC$2=0,"",IF((AND($B41,G41)>0),(((G41-$B41)/($B41))),(((G41-$B41)/ABS($B41))))),"") | AD41: =IFERROR(IF(AD$2=0,"",IF((AND($B41,H41)>0),(((H41-$B41)/($B41))),(((H41-$B41)/ABS($B41))))),"") | AE41: =IFERROR(IF(AE$2=0,"",IF((AND($B41,I41)>0),(((I41-$B41)/($B41))),(((I41-$B41)/ABS($B41))))),"") | ... AG41: =IFERROR(IF(AG$2=0,"",IF((AND($B41,K41)>0),(((K41-$B41)/($B41))),(((K41-$B41)/ABS($B41))))),"") | AI41: =IFERROR(IF(AI$2=0,"",((B41-B41)/ABS(B41))),"") | AJ41: =IFERROR(IF(AJ$2=0,"",((C41-B41)/ABS(B41))),"") | AK41: =IFERROR(IF(AK$2=0,"",((D41-C41)/ABS(C41))),"") | AL41: =IFERROR(IF(AL$2=0,"",((E41-D41)/ABS(D41))),"") | AM41: =IFERROR(IF(AM$2=0,"",((F41-E41)/ABS(E41))),"") | AN41: =IFERROR(IF(AN$2=0,"",((G41-F41)/ABS(F41))),"") | AO41: =IFERROR(IF(AO$2=0,"",((H41-G41)/ABS(G41))),"") | AP41: =IFERROR(IF(AP$2=0,"",((I41-H41)/ABS(H41))),"") | AQ41: =IFERROR(IF(AQ$2=0,"",((J41-I41)/ABS(I41))),"") | AR41: =IFERROR(IF(AR$2=0,"",((K41-J41)/ABS(J41))),"")
A42: C. PASIVO CORRIENTE | B42: =SUM(B43:B48) -> 0 | C42: =SUM(C43:C48) -> 0 | D42: =SUM(D43:D48) -> 0 | E42: =SUM(E43:E48) -> 0 | F42: =SUM(F43:F48) -> 0 | G42: =SUM(G43:G48) -> 0 | H42: =SUM(H43:H48) -> 0 | I42: =SUM(I43:I48) -> 0 | ... K42: =SUM(K43:K48) -> 0 | M42: =IFERROR(B42/B$19,"") | N42: =IFERROR(C42/C$19,"") | O42: =IFERROR(D42/D$19,"") | P42: =IFERROR(E42/E$19,"") | Q42: =IFERROR(F42/F$19,"") | R42: =IFERROR(G42/G$19,"") | S42: =IFERROR(H42/H$19,"") | T42: =IFERROR(I42/I$19,"") | ... V42: =IFERROR(K42/K$19,"") | X42: =IFERROR(IF(X$2=0,"",IF((AND($B42,B42)>0),(((B42-$B42)/($B42))),(((B42-$B42)/ABS($B42))))),"") | Y42: =IFERROR(IF(Y$2=0,"",IF((AND($B42,C42)>0),(((C42-$B42)/($B42))),(((C42-$B42)/ABS($B42))))),"") | Z42: =IFERROR(IF(Z$2=0,"",IF((AND($B42,D42)>0),(((D42-$B42)/($B42))),(((D42-$B42)/ABS($B42))))),"") | AA42: =IFERROR(IF(AA$2=0,"",IF((AND($B42,E42)>0),(((E42-$B42)/($B42))),(((E42-$B42)/ABS($B42))))),"") | AB42: =IFERROR(IF(AB$2=0,"",IF((AND($B42,F42)>0),(((F42-$B42)/($B42))),(((F42-$B42)/ABS($B42))))),"") | AC42: =IFERROR(IF(AC$2=0,"",IF((AND($B42,G42)>0),(((G42-$B42)/($B42))),(((G42-$B42)/ABS($B42))))),"") | AD42: =IFERROR(IF(AD$2=0,"",IF((AND($B42,H42)>0),(((H42-$B42)/($B42))),(((H42-$B42)/ABS($B42))))),"") | AE42: =IFERROR(IF(AE$2=0,"",IF((AND($B42,I42)>0),(((I42-$B42)/($B42))),(((I42-$B42)/ABS($B42))))),"") | ... AG42: =IFERROR(IF(AG$2=0,"",IF((AND($B42,K42)>0),(((K42-$B42)/($B42))),(((K42-$B42)/ABS($B42))))),"") | AI42: =IFERROR(IF(AI$2=0,"",((B42-B42)/ABS(B42))),"") | AJ42: =IFERROR(IF(AJ$2=0,"",((C42-B42)/ABS(B42))),"") | AK42: =IFERROR(IF(AK$2=0,"",((D42-C42)/ABS(C42))),"") | AL42: =IFERROR(IF(AL$2=0,"",((E42-D42)/ABS(D42))),"") | AM42: =IFERROR(IF(AM$2=0,"",((F42-E42)/ABS(E42))),"") | AN42: =IFERROR(IF(AN$2=0,"",((G42-F42)/ABS(F42))),"") | AO42: =IFERROR(IF(AO$2=0,"",((H42-G42)/ABS(G42))),"") | AP42: =IFERROR(IF(AP$2=0,"",((I42-H42)/ABS(H42))),"") | AQ42: =IFERROR(IF(AQ$2=0,"",((J42-I42)/ABS(I42))),"") | AR42: =IFERROR(IF(AR$2=0,"",((K42-J42)/ABS(J42))),"")
A43: I. Pasivos vinculados con activos no corrientes mantenidos para la venta | M43: =IFERROR(B43/B$19,"") | N43: =IFERROR(C43/C$19,"") | O43: =IFERROR(D43/D$19,"") | P43: =IFERROR(E43/E$19,"") | Q43: =IFERROR(F43/F$19,"") | R43: =IFERROR(G43/G$19,"") | S43: =IFERROR(H43/H$19,"") | X43: =IFERROR(IF(X$2=0,"",IF((AND($B43,B43)>0),(((B43-$B43)/($B43))),(((B43-$B43)/ABS($B43))))),"") | Y43: =IFERROR(IF(Y$2=0,"",IF((AND($B43,C43)>0),(((C43-$B43)/($B43))),(((C43-$B43)/ABS($B43))))),"") | Z43: =IFERROR(IF(Z$2=0,"",IF((AND($B43,D43)>0),(((D43-$B43)/($B43))),(((D43-$B43)/ABS($B43))))),"") | AA43: =IFERROR(IF(AA$2=0,"",IF((AND($B43,E43)>0),(((E43-$B43)/($B43))),(((E43-$B43)/ABS($B43))))),"") | AB43: =IFERROR(IF(AB$2=0,"",IF((AND($B43,F43)>0),(((F43-$B43)/($B43))),(((F43-$B43)/ABS($B43))))),"") | AC43: =IFERROR(IF(AC$2=0,"",IF((AND($B43,G43)>0),(((G43-$B43)/($B43))),(((G43-$B43)/ABS($B43))))),"") | AD43: =IFERROR(IF(AD$2=0,"",IF((AND($B43,H43)>0),(((H43-$B43)/($B43))),(((H43-$B43)/ABS($B43))))),"") | AE43: =IFERROR(IF(AE$2=0,"",IF((AND($B43,I43)>0),(((I43-$B43)/($B43))),(((I43-$B43)/ABS($B43))))),"") | ... AG43: =IFERROR(IF(AG$2=0,"",IF((AND($B43,K43)>0),(((K43-$B43)/($B43))),(((K43-$B43)/ABS($B43))))),"")
A44: II. Provisiones a corto plazo | M44: =IFERROR(B44/B$19,"") | N44: =IFERROR(C44/C$19,"") | O44: =IFERROR(D44/D$19,"") | P44: =IFERROR(E44/E$19,"") | Q44: =IFERROR(F44/F$19,"") | R44: =IFERROR(G44/G$19,"") | S44: =IFERROR(H44/H$19,"") | X44: =IFERROR(IF(X$2=0,"",IF((AND($B44,B44)>0),(((B44-$B44)/($B44))),(((B44-$B44)/ABS($B44))))),"") | Y44: =IFERROR(IF(Y$2=0,"",IF((AND($B44,C44)>0),(((C44-$B44)/($B44))),(((C44-$B44)/ABS($B44))))),"") | Z44: =IFERROR(IF(Z$2=0,"",IF((AND($B44,D44)>0),(((D44-$B44)/($B44))),(((D44-$B44)/ABS($B44))))),"") | AA44: =IFERROR(IF(AA$2=0,"",IF((AND($B44,E44)>0),(((E44-$B44)/($B44))),(((E44-$B44)/ABS($B44))))),"") | AB44: =IFERROR(IF(AB$2=0,"",IF((AND($B44,F44)>0),(((F44-$B44)/($B44))),(((F44-$B44)/ABS($B44))))),"") | AC44: =IFERROR(IF(AC$2=0,"",IF((AND($B44,G44)>0),(((G44-$B44)/($B44))),(((G44-$B44)/ABS($B44))))),"") | AD44: =IFERROR(IF(AD$2=0,"",IF((AND($B44,H44)>0),(((H44-$B44)/($B44))),(((H44-$B44)/ABS($B44))))),"") | AE44: =IFERROR(IF(AE$2=0,"",IF((AND($B44,I44)>0),(((I44-$B44)/($B44))),(((I44-$B44)/ABS($B44))))),"") | ... AG44: =IFERROR(IF(AG$2=0,"",IF((AND($B44,K44)>0),(((K44-$B44)/($B44))),(((K44-$B44)/ABS($B44))))),"")
A45: III. Deudas a corto plazo | M45: =IFERROR(B45/B$19,"") | N45: =IFERROR(C45/C$19,"") | O45: =IFERROR(D45/D$19,"") | P45: =IFERROR(E45/E$19,"") | Q45: =IFERROR(F45/F$19,"") | R45: =IFERROR(G45/G$19,"") | S45: =IFERROR(H45/H$19,"") | X45: =IFERROR(IF(X$2=0,"",IF((AND($B45,B45)>0),(((B45-$B45)/($B45))),(((B45-$B45)/ABS($B45))))),"") | Y45: =IFERROR(IF(Y$2=0,"",IF((AND($B45,C45)>0),(((C45-$B45)/($B45))),(((C45-$B45)/ABS($B45))))),"") | Z45: =IFERROR(IF(Z$2=0,"",IF((AND($B45,D45)>0),(((D45-$B45)/($B45))),(((D45-$B45)/ABS($B45))))),"") | AA45: =IFERROR(IF(AA$2=0,"",IF((AND($B45,E45)>0),(((E45-$B45)/($B45))),(((E45-$B45)/ABS($B45))))),"") | AB45: =IFERROR(IF(AB$2=0,"",IF((AND($B45,F45)>0),(((F45-$B45)/($B45))),(((F45-$B45)/ABS($B45))))),"") | AC45: =IFERROR(IF(AC$2=0,"",IF((AND($B45,G45)>0),(((G45-$B45)/($B45))),(((G45-$B45)/ABS($B45))))),"") | AD45: =IFERROR(IF(AD$2=0,"",IF((AND($B45,H45)>0),(((H45-$B45)/($B45))),(((H45-$B45)/ABS($B45))))),"") | AE45: =IFERROR(IF(AE$2=0,"",IF((AND($B45,I45)>0),(((I45-$B45)/($B45))),(((I45-$B45)/ABS($B45))))),"") | ... AG45: =IFERROR(IF(AG$2=0,"",IF((AND($B45,K45)>0),(((K45-$B45)/($B45))),(((K45-$B45)/ABS($B45))))),"")
A46: IV. Deudas con empresas del grupo y asociadas a corto plazo | M46: =IFERROR(B46/B$19,"") | N46: =IFERROR(C46/C$19,"") | O46: =IFERROR(D46/D$19,"") | P46: =IFERROR(E46/E$19,"") | Q46: =IFERROR(F46/F$19,"") | R46: =IFERROR(G46/G$19,"") | S46: =IFERROR(H46/H$19,"") | T46: =IFERROR(I46/#REF!,"") | U46: =IFERROR(J46/#REF!,"") | V46: =IFERROR(K46/#REF!,"") | X46: =IFERROR(IF(X$2=0,"",IF((AND($B46,B46)>0),(((B46-$B46)/($B46))),(((B46-$B46)/ABS($B46))))),"") | Y46: =IFERROR(IF(Y$2=0,"",IF((AND($B46,C46)>0),(((C46-$B46)/($B46))),(((C46-$B46)/ABS($B46))))),"") | Z46: =IFERROR(IF(Z$2=0,"",IF((AND($B46,D46)>0),(((D46-$B46)/($B46))),(((D46-$B46)/ABS($B46))))),"") | AA46: =IFERROR(IF(AA$2=0,"",IF((AND($B46,E46)>0),(((E46-$B46)/($B46))),(((E46-$B46)/ABS($B46))))),"") | AB46: =IFERROR(IF(AB$2=0,"",IF((AND($B46,F46)>0),(((F46-$B46)/($B46))),(((F46-$B46)/ABS($B46))))),"") | AC46: =IFERROR(IF(AC$2=0,"",IF((AND($B46,G46)>0),(((G46-$B46)/($B46))),(((G46-$B46)/ABS($B46))))),"") | AD46: =IFERROR(IF(AD$2=0,"",IF((AND($B46,H46)>0),(((H46-$B46)/($B46))),(((H46-$B46)/ABS($B46))))),"") | AE46: =IFERROR(IF(AE$2=0,"",IF((AND($B46,I46)>0),(((I46-$B46)/($B46))),(((I46-$B46)/ABS($B46))))),"") | ... AG46: =IFERROR(IF(AG$2=0,"",IF((AND($B46,K46)>0),(((K46-$B46)/($B46))),(((K46-$B46)/ABS($B46))))),"") | AI46: =IFERROR(IF(AI$2=0,"",((B46-B46)/ABS(B46))),"") | AJ46: =IFERROR(IF(AJ$2=0,"",((C46-B46)/ABS(B46))),"") | AK46: =IFERROR(IF(AK$2=0,"",((D46-C46)/ABS(C46))),"") | AL46: =IFERROR(IF(AL$2=0,"",((E46-D46)/ABS(D46))),"") | AM46: =IFERROR(IF(AM$2=0,"",((F46-E46)/ABS(E46))),"") | AN46: =IFERROR(IF(AN$2=0,"",((G46-F46)/ABS(F46))),"") | AO46: =IFERROR(IF(AO$2=0,"",((H46-G46)/ABS(G46))),"") | AP46: =IFERROR(IF(AP$2=0,"",((I46-H46)/ABS(H46))),"") | AQ46: =IFERROR(IF(AQ$2=0,"",((J46-I46)/ABS(I46))),"") | AR46: =IFERROR(IF(AR$2=0,"",((K46-J46)/ABS(J46))),"")
A47: IV. Acreedores a corto plazo y otras cuentas a pagar | M47: =IFERROR(B47/B$19,"") | N47: =IFERROR(C47/C$19,"") | O47: =IFERROR(D47/D$19,"") | P47: =IFERROR(E47/E$19,"") | Q47: =IFERROR(F47/F$19,"") | R47: =IFERROR(G47/G$19,"") | S47: =IFERROR(H47/H$19,"") | T47: =IFERROR(I47/#REF!,"") | U47: =IFERROR(J47/#REF!,"") | V47: =IFERROR(K47/#REF!,"") | X47: =IFERROR(IF(X$2=0,"",IF((AND($B47,B47)>0),(((B47-$B47)/($B47))),(((B47-$B47)/ABS($B47))))),"") | Y47: =IFERROR(IF(Y$2=0,"",IF((AND($B47,C47)>0),(((C47-$B47)/($B47))),(((C47-$B47)/ABS($B47))))),"") | Z47: =IFERROR(IF(Z$2=0,"",IF((AND($B47,D47)>0),(((D47-$B47)/($B47))),(((D47-$B47)/ABS($B47))))),"") | AA47: =IFERROR(IF(AA$2=0,"",IF((AND($B47,E47)>0),(((E47-$B47)/($B47))),(((E47-$B47)/ABS($B47))))),"") | AB47: =IFERROR(IF(AB$2=0,"",IF((AND($B47,F47)>0),(((F47-$B47)/($B47))),(((F47-$B47)/ABS($B47))))),"") | AC47: =IFERROR(IF(AC$2=0,"",IF((AND($B47,G47)>0),(((G47-$B47)/($B47))),(((G47-$B47)/ABS($B47))))),"") | AD47: =IFERROR(IF(AD$2=0,"",IF((AND($B47,H47)>0),(((H47-$B47)/($B47))),(((H47-$B47)/ABS($B47))))),"") | AE47: =IFERROR(IF(AE$2=0,"",IF((AND($B47,I47)>0),(((I47-$B47)/($B47))),(((I47-$B47)/ABS($B47))))),"") | ... AG47: =IFERROR(IF(AG$2=0,"",IF((AND($B47,K47)>0),(((K47-$B47)/($B47))),(((K47-$B47)/ABS($B47))))),"") | AI47: =IFERROR(IF(AI$2=0,"",((B47-B47)/ABS(B47))),"") | AJ47: =IFERROR(IF(AJ$2=0,"",((C47-B47)/ABS(B47))),"") | AK47: =IFERROR(IF(AK$2=0,"",((D47-C47)/ABS(C47))),"") | AL47: =IFERROR(IF(AL$2=0,"",((E47-D47)/ABS(D47))),"") | AM47: =IFERROR(IF(AM$2=0,"",((F47-E47)/ABS(E47))),"") | AN47: =IFERROR(IF(AN$2=0,"",((G47-F47)/ABS(F47))),"") | AO47: =IFERROR(IF(AO$2=0,"",((H47-G47)/ABS(G47))),"") | AP47: =IFERROR(IF(AP$2=0,"",((I47-H47)/ABS(H47))),"") | AQ47: =IFERROR(IF(AQ$2=0,"",((J47-I47)/ABS(I47))),"") | AR47: =IFERROR(IF(AR$2=0,"",((K47-J47)/ABS(J47))),"")
A48: VI. Periodificaciones a corto plazo | M48: =IFERROR(B48/B$19,"") | N48: =IFERROR(C48/C$19,"") | O48: =IFERROR(D48/D$19,"") | P48: =IFERROR(E48/E$19,"") | Q48: =IFERROR(F48/F$19,"") | R48: =IFERROR(G48/G$19,"") | S48: =IFERROR(H48/H$19,"") | T48: =IFERROR(I48/#REF!,"") | U48: =IFERROR(J48/#REF!,"") | V48: =IFERROR(K48/#REF!,"") | X48: =IFERROR(IF(X$2=0,"",IF((AND($B48,B48)>0),(((B48-$B48)/($B48))),(((B48-$B48)/ABS($B48))))),"") | Y48: =IFERROR(IF(Y$2=0,"",IF((AND($B48,C48)>0),(((C48-$B48)/($B48))),(((C48-$B48)/ABS($B48))))),"") | Z48: =IFERROR(IF(Z$2=0,"",IF((AND($B48,D48)>0),(((D48-$B48)/($B48))),(((D48-$B48)/ABS($B48))))),"") | AA48: =IFERROR(IF(AA$2=0,"",IF((AND($B48,E48)>0),(((E48-$B48)/($B48))),(((E48-$B48)/ABS($B48))))),"") | AB48: =IFERROR(IF(AB$2=0,"",IF((AND($B48,F48)>0),(((F48-$B48)/($B48))),(((F48-$B48)/ABS($B48))))),"") | AC48: =IFERROR(IF(AC$2=0,"",IF((AND($B48,G48)>0),(((G48-$B48)/($B48))),(((G48-$B48)/ABS($B48))))),"") | AD48: =IFERROR(IF(AD$2=0,"",IF((AND($B48,H48)>0),(((H48-$B48)/($B48))),(((H48-$B48)/ABS($B48))))),"") | AE48: =IFERROR(IF(AE$2=0,"",IF((AND($B48,I48)>0),(((I48-$B48)/($B48))),(((I48-$B48)/ABS($B48))))),"") | ... AG48: =IFERROR(IF(AG$2=0,"",IF((AND($B48,K48)>0),(((K48-$B48)/($B48))),(((K48-$B48)/ABS($B48))))),"") | AI48: =IFERROR(IF(AI$2=0,"",((B48-B48)/ABS(B48))),"") | AJ48: =IFERROR(IF(AJ$2=0,"",((C48-B48)/ABS(B48))),"") | AK48: =IFERROR(IF(AK$2=0,"",((D48-C48)/ABS(C48))),"") | AL48: =IFERROR(IF(AL$2=0,"",((E48-D48)/ABS(D48))),"") | AM48: =IFERROR(IF(AM$2=0,"",((F48-E48)/ABS(E48))),"") | AN48: =IFERROR(IF(AN$2=0,"",((G48-F48)/ABS(F48))),"") | AO48: =IFERROR(IF(AO$2=0,"",((H48-G48)/ABS(G48))),"") | AP48: =IFERROR(IF(AP$2=0,"",((I48-H48)/ABS(H48))),"") | AQ48: =IFERROR(IF(AQ$2=0,"",((J48-I48)/ABS(I48))),"") | AR48: =IFERROR(IF(AR$2=0,"",((K48-J48)/ABS(J48))),"")
A49: TOTAL PATRIMONIO NETO Y PASIVO (A+B+C) | B49: =B20+B36+B42 -> 0 | C49: =C20+C36+C42 -> 0 | D49: =D20+D36+D42 -> 0 | E49: =E20+E36+E42 -> 0 | F49: =F20+F36+F42 -> 0 | G49: =G20+G36+G42 -> 0 | H49: =H20+H36+H42 -> 0 | I49: =I20+I36+I42 -> 0 | ... K49: =K20+K36+K42 -> 0 | M49: =IFERROR(B49/B$19,"") | N49: =IFERROR(C49/C$19,"") | O49: =IFERROR(D49/D$19,"") | P49: =IFERROR(E49/E$19,"") | Q49: =IFERROR(F49/F$19,"") | R49: =IFERROR(G49/G$19,"") | S49: =IFERROR(H49/H$19,"") | T49: =IFERROR(I49/#REF!,"") | U49: =IFERROR(J49/#REF!,"") | V49: =IFERROR(K49/#REF!,"") | X49: =IFERROR(IF(X$2=0,"",IF((AND($B49,B49)>0),(((B49-$B49)/($B49))),(((B49-$B49)/ABS($B49))))),"") | Y49: =IFERROR(IF(Y$2=0,"",IF((AND($B49,C49)>0),(((C49-$B49)/($B49))),(((C49-$B49)/ABS($B49))))),"") | Z49: =IFERROR(IF(Z$2=0,"",IF((AND($B49,D49)>0),(((D49-$B49)/($B49))),(((D49-$B49)/ABS($B49))))),"") | AA49: =IFERROR(IF(AA$2=0,"",IF((AND($B49,E49)>0),(((E49-$B49)/($B49))),(((E49-$B49)/ABS($B49))))),"") | AB49: =IFERROR(IF(AB$2=0,"",IF((AND($B49,F49)>0),(((F49-$B49)/($B49))),(((F49-$B49)/ABS($B49))))),"") | AC49: =IFERROR(IF(AC$2=0,"",IF((AND($B49,G49)>0),(((G49-$B49)/($B49))),(((G49-$B49)/ABS($B49))))),"") | AD49: =IFERROR(IF(AD$2=0,"",IF((AND($B49,H49)>0),(((H49-$B49)/($B49))),(((H49-$B49)/ABS($B49))))),"") | AE49: =IFERROR(IF(AE$2=0,"",IF((AND($B49,I49)>0),(((I49-$B49)/($B49))),(((I49-$B49)/ABS($B49))))),"") | ... AG49: =IFERROR(IF(AG$2=0,"",IF((AND($B49,K49)>0),(((K49-$B49)/($B49))),(((K49-$B49)/ABS($B49))))),"") | AI49: =IFERROR(IF(AI$2=0,"",((B49-B49)/ABS(B49))),"") | AJ49: =IFERROR(IF(AJ$2=0,"",((C49-B49)/ABS(B49))),"") | AK49: =IFERROR(IF(AK$2=0,"",((D49-C49)/ABS(C49))),"") | AL49: =IFERROR(IF(AL$2=0,"",((E49-D49)/ABS(D49))),"") | AM49: =IFERROR(IF(AM$2=0,"",((F49-E49)/ABS(E49))),"") | AN49: =IFERROR(IF(AN$2=0,"",((G49-F49)/ABS(F49))),"") | AO49: =IFERROR(IF(AO$2=0,"",((H49-G49)/ABS(G49))),"") | AP49: =IFERROR(IF(AP$2=0,"",((I49-H49)/ABS(H49))),"") | AQ49: =IFERROR(IF(AQ$2=0,"",((J49-I49)/ABS(I49))),"") | AR49: =IFERROR(IF(AR$2=0,"",((K49-J49)/ABS(J49))),"")
A51: Nº TRABAJADORES (cifra media del ejercicio) | M51: =IFERROR(B51/#REF!,"") | N51: =IFERROR(C51/#REF!,"") | O51: =IFERROR(D51/#REF!,"") | P51: =IFERROR(E51/#REF!,"") | Q51: =IFERROR(F51/#REF!,"") | R51: =IFERROR(G51/#REF!,"") | S51: =IFERROR(H51/#REF!,"") | T51: =IFERROR(I51/#REF!,"") | ... V51: =IFERROR(K51/#REF!,"") | X51: =IFERROR(IF(X$2=0,"",IF((AND($B51,B51)>0),(((B51-$B51)/($B51))),(((B51-$B51)/ABS($B51))))),"") | Y51: =IFERROR(IF(Y$2=0,"",IF((AND($B51,C51)>0),(((C51-$B51)/($B51))),(((C51-$B51)/ABS($B51))))),"") | Z51: =IFERROR(IF(Z$2=0,"",IF((AND($B51,D51)>0),(((D51-$B51)/($B51))),(((D51-$B51)/ABS($B51))))),"") | AA51: =IFERROR(IF(AA$2=0,"",IF((AND($B51,E51)>0),(((E51-$B51)/($B51))),(((E51-$B51)/ABS($B51))))),"") | AB51: =IFERROR(IF(AB$2=0,"",IF((AND($B51,F51)>0),(((F51-$B51)/($B51))),(((F51-$B51)/ABS($B51))))),"") | AC51: =IFERROR(IF(AC$2=0,"",IF((AND($B51,G51)>0),(((G51-$B51)/($B51))),(((G51-$B51)/ABS($B51))))),"") | AD51: =IFERROR(IF(AD$2=0,"",IF((AND($B51,H51)>0),(((H51-$B51)/($B51))),(((H51-$B51)/ABS($B51))))),"") | AE51: =IFERROR(IF(AE$2=0,"",IF((AND($B51,I51)>0),(((I51-$B51)/($B51))),(((I51-$B51)/ABS($B51))))),"") | ... AG51: =IFERROR(IF(AG$2=0,"",IF((AND($B51,K51)>0),(((K51-$B51)/($B51))),(((K51-$B51)/ABS($B51))))),"") | AI51: =IFERROR(IF(AI$2=0,"",((B51-B51)/ABS(B51))),"") | AJ51: =IFERROR(IF(AJ$2=0,"",((C51-B51)/ABS(B51))),"") | AK51: =IFERROR(IF(AK$2=0,"",((D51-C51)/ABS(C51))),"") | AL51: =IFERROR(IF(AL$2=0,"",((E51-D51)/ABS(D51))),"") | AM51: =IFERROR(IF(AM$2=0,"",((F51-E51)/ABS(E51))),"") | AN51: =IFERROR(IF(AN$2=0,"",((G51-F51)/ABS(F51))),"") | AO51: =IFERROR(IF(AO$2=0,"",((H51-G51)/ABS(G51))),"") | AP51: =IFERROR(IF(AP$2=0,"",((I51-H51)/ABS(H51))),"") | AQ51: =IFERROR(IF(AQ$2=0,"",((J51-I51)/ABS(I51))),"") | AR51: =IFERROR(IF(AR$2=0,"",((K51-J51)/ABS(J51))),"")
M52: =IFERROR(B52/#REF!,"") | N52: =IFERROR(C52/#REF!,"") | O52: =IFERROR(D52/#REF!,"") | P52: =IFERROR(E52/#REF!,"") | Q52: =IFERROR(F52/#REF!,"") | R52: =IFERROR(G52/#REF!,"") | S52: =IFERROR(H52/#REF!,"") | T52: =IFERROR(I52/#REF!,"") | ... V52: =IFERROR(K52/#REF!,"") | X52: =IFERROR(IF(X$2=0,"",IF((AND($B52,B52)>0),(((B52-$B52)/($B52))),(((B52-$B52)/ABS($B52))))),"") | Y52: =IFERROR(IF(Y$2=0,"",IF((AND($B52,C52)>0),(((C52-$B52)/($B52))),(((C52-$B52)/ABS($B52))))),"") | Z52: =IFERROR(IF(Z$2=0,"",IF((AND($B52,D52)>0),(((D52-$B52)/($B52))),(((D52-$B52)/ABS($B52))))),"") | AA52: =IFERROR(IF(AA$2=0,"",IF((AND($B52,E52)>0),(((E52-$B52)/($B52))),(((E52-$B52)/ABS($B52))))),"") | AB52: =IFERROR(IF(AB$2=0,"",IF((AND($B52,F52)>0),(((F52-$B52)/($B52))),(((F52-$B52)/ABS($B52))))),"") | AC52: =IFERROR(IF(AC$2=0,"",IF((AND($B52,G52)>0),(((G52-$B52)/($B52))),(((G52-$B52)/ABS($B52))))),"") | AD52: =IFERROR(IF(AD$2=0,"",IF((AND($B52,H52)>0),(((H52-$B52)/($B52))),(((H52-$B52)/ABS($B52))))),"") | AE52: =IFERROR(IF(AE$2=0,"",IF((AND($B52,I52)>0),(((I52-$B52)/($B52))),(((I52-$B52)/ABS($B52))))),"") | ... AG52: =IFERROR(IF(AG$2=0,"",IF((AND($B52,K52)>0),(((K52-$B52)/($B52))),(((K52-$B52)/ABS($B52))))),"") | AI52: =IFERROR(IF(AI$2=0,"",((B52-B52)/ABS(B52))),"") | AJ52: =IFERROR(IF(AJ$2=0,"",((C52-B52)/ABS(B52))),"") | AK52: =IFERROR(IF(AK$2=0,"",((D52-C52)/ABS(C52))),"") | AL52: =IFERROR(IF(AL$2=0,"",((E52-D52)/ABS(D52))),"") | AM52: =IFERROR(IF(AM$2=0,"",((F52-E52)/ABS(E52))),"") | AN52: =IFERROR(IF(AN$2=0,"",((G52-F52)/ABS(F52))),"") | AO52: =IFERROR(IF(AO$2=0,"",((H52-G52)/ABS(G52))),"") | AP52: =IFERROR(IF(AP$2=0,"",((I52-H52)/ABS(H52))),"") | AQ52: =IFERROR(IF(AQ$2=0,"",((J52-I52)/ABS(I52))),"") | AR52: =IFERROR(IF(AR$2=0,"",((K52-J52)/ABS(J52))),"")
M53: =IFERROR(B53/#REF!,"") | N53: =IFERROR(C53/#REF!,"") | O53: =IFERROR(D53/#REF!,"") | P53: =IFERROR(E53/#REF!,"") | Q53: =IFERROR(F53/#REF!,"") | R53: =IFERROR(G53/#REF!,"") | S53: =IFERROR(H53/#REF!,"") | T53: =IFERROR(I53/#REF!,"") | ... V53: =IFERROR(K53/#REF!,"") | X53: =IFERROR(IF(X$2=0,"",IF((AND($B53,B53)>0),(((B53-$B53)/($B53))),(((B53-$B53)/ABS($B53))))),"") | Y53: =IFERROR(IF(Y$2=0,"",IF((AND($B53,C53)>0),(((C53-$B53)/($B53))),(((C53-$B53)/ABS($B53))))),"") | Z53: =IFERROR(IF(Z$2=0,"",IF((AND($B53,D53)>0),(((D53-$B53)/($B53))),(((D53-$B53)/ABS($B53))))),"") | AA53: =IFERROR(IF(AA$2=0,"",IF((AND($B53,E53)>0),(((E53-$B53)/($B53))),(((E53-$B53)/ABS($B53))))),"") | AB53: =IFERROR(IF(AB$2=0,"",IF((AND($B53,F53)>0),(((F53-$B53)/($B53))),(((F53-$B53)/ABS($B53))))),"") | AC53: =IFERROR(IF(AC$2=0,"",IF((AND($B53,G53)>0),(((G53-$B53)/($B53))),(((G53-$B53)/ABS($B53))))),"") | AD53: =IFERROR(IF(AD$2=0,"",IF((AND($B53,H53)>0),(((H53-$B53)/($B53))),(((H53-$B53)/ABS($B53))))),"") | AE53: =IFERROR(IF(AE$2=0,"",IF((AND($B53,I53)>0),(((I53-$B53)/($B53))),(((I53-$B53)/ABS($B53))))),"") | ... AG53: =IFERROR(IF(AG$2=0,"",IF((AND($B53,K53)>0),(((K53-$B53)/($B53))),(((K53-$B53)/ABS($B53))))),"") | AI53: =IFERROR(IF(AI$2=0,"",((B53-B53)/ABS(B53))),"") | AJ53: =IFERROR(IF(AJ$2=0,"",((C53-B53)/ABS(B53))),"") | AK53: =IFERROR(IF(AK$2=0,"",((D53-C53)/ABS(C53))),"") | AL53: =IFERROR(IF(AL$2=0,"",((E53-D53)/ABS(D53))),"") | AM53: =IFERROR(IF(AM$2=0,"",((F53-E53)/ABS(E53))),"") | AN53: =IFERROR(IF(AN$2=0,"",((G53-F53)/ABS(F53))),"") | AO53: =IFERROR(IF(AO$2=0,"",((H53-G53)/ABS(G53))),"") | AP53: =IFERROR(IF(AP$2=0,"",((I53-H53)/ABS(H53))),"") | AQ53: =IFERROR(IF(AQ$2=0,"",((J53-I53)/ABS(I53))),"") | AR53: =IFERROR(IF(AR$2=0,"",((K53-J53)/ABS(J53))),"")
M54: =IFERROR(B54/#REF!,"") | N54: =IFERROR(C54/#REF!,"") | O54: =IFERROR(D54/#REF!,"") | P54: =IFERROR(E54/#REF!,"") | Q54: =IFERROR(F54/#REF!,"") | R54: =IFERROR(G54/#REF!,"") | S54: =IFERROR(H54/#REF!,"") | T54: =IFERROR(I54/#REF!,"") | ... V54: =IFERROR(K54/#REF!,"") | X54: =IFERROR(IF(X$2=0,"",IF((AND($B54,B54)>0),(((B54-$B54)/($B54))),(((B54-$B54)/ABS($B54))))),"") | Y54: =IFERROR(IF(Y$2=0,"",IF((AND($B54,C54)>0),(((C54-$B54)/($B54))),(((C54-$B54)/ABS($B54))))),"") | Z54: =IFERROR(IF(Z$2=0,"",IF((AND($B54,D54)>0),(((D54-$B54)/($B54))),(((D54-$B54)/ABS($B54))))),"") | AA54: =IFERROR(IF(AA$2=0,"",IF((AND($B54,E54)>0),(((E54-$B54)/($B54))),(((E54-$B54)/ABS($B54))))),"") | AB54: =IFERROR(IF(AB$2=0,"",IF((AND($B54,F54)>0),(((F54-$B54)/($B54))),(((F54-$B54)/ABS($B54))))),"") | AC54: =IFERROR(IF(AC$2=0,"",IF((AND($B54,G54)>0),(((G54-$B54)/($B54))),(((G54-$B54)/ABS($B54))))),"") | AD54: =IFERROR(IF(AD$2=0,"",IF((AND($B54,H54)>0),(((H54-$B54)/($B54))),(((H54-$B54)/ABS($B54))))),"") | AE54: =IFERROR(IF(AE$2=0,"",IF((AND($B54,I54)>0),(((I54-$B54)/($B54))),(((I54-$B54)/ABS($B54))))),"") | ... AG54: =IFERROR(IF(AG$2=0,"",IF((AND($B54,K54)>0),(((K54-$B54)/($B54))),(((K54-$B54)/ABS($B54))))),"") | AI54: =IFERROR(IF(AI$2=0,"",((B54-B54)/ABS(B54))),"") | AJ54: =IFERROR(IF(AJ$2=0,"",((C54-B54)/ABS(B54))),"") | AK54: =IFERROR(IF(AK$2=0,"",((D54-C54)/ABS(C54))),"") | AL54: =IFERROR(IF(AL$2=0,"",((E54-D54)/ABS(D54))),"") | AM54: =IFERROR(IF(AM$2=0,"",((F54-E54)/ABS(E54))),"") | AN54: =IFERROR(IF(AN$2=0,"",((G54-F54)/ABS(F54))),"") | AO54: =IFERROR(IF(AO$2=0,"",((H54-G54)/ABS(G54))),"") | AP54: =IFERROR(IF(AP$2=0,"",((I54-H54)/ABS(H54))),"") | AQ54: =IFERROR(IF(AQ$2=0,"",((J54-I54)/ABS(I54))),"") | AR54: =IFERROR(IF(AR$2=0,"",((K54-J54)/ABS(J54))),"")
A55: TOTAL ACTIVO NO CORRIENTE | B55: =IFERROR(B3,"") -> 0 | C55: =IFERROR(C3,"") -> 0 | D55: =IFERROR(D3,"") -> 0 | E55: =IFERROR(E3,"") -> 0 | F55: =IFERROR(F3,"") -> 0 | G55: =IFERROR(G3,"") -> 0 | H55: =IFERROR(H3,"") -> 0 | I55: =IFERROR(I3,"") -> 0 | ... K55: =IFERROR(K3,"") -> 0 | M55: =IFERROR(B55/#REF!,"") | N55: =IFERROR(C55/#REF!,"") | O55: =IFERROR(D55/#REF!,"") | P55: =IFERROR(E55/#REF!,"") | Q55: =IFERROR(F55/#REF!,"") | R55: =IFERROR(G55/#REF!,"") | S55: =IFERROR(H55/#REF!,"") | T55: =IFERROR(I55/#REF!,"") | ... V55: =IFERROR(K55/#REF!,"") | X55: =IFERROR(IF(X$2=0,"",IF((AND($B55,B55)>0),(((B55-$B55)/($B55))),(((B55-$B55)/ABS($B55))))),"") | Y55: =IFERROR(IF(Y$2=0,"",IF((AND($B55,C55)>0),(((C55-$B55)/($B55))),(((C55-$B55)/ABS($B55))))),"") | Z55: =IFERROR(IF(Z$2=0,"",IF((AND($B55,D55)>0),(((D55-$B55)/($B55))),(((D55-$B55)/ABS($B55))))),"") | AA55: =IFERROR(IF(AA$2=0,"",IF((AND($B55,E55)>0),(((E55-$B55)/($B55))),(((E55-$B55)/ABS($B55))))),"") | AB55: =IFERROR(IF(AB$2=0,"",IF((AND($B55,F55)>0),(((F55-$B55)/($B55))),(((F55-$B55)/ABS($B55))))),"") | AC55: =IFERROR(IF(AC$2=0,"",IF((AND($B55,G55)>0),(((G55-$B55)/($B55))),(((G55-$B55)/ABS($B55))))),"") | AD55: =IFERROR(IF(AD$2=0,"",IF((AND($B55,H55)>0),(((H55-$B55)/($B55))),(((H55-$B55)/ABS($B55))))),"") | AE55: =IFERROR(IF(AE$2=0,"",IF((AND($B55,I55)>0),(((I55-$B55)/($B55))),(((I55-$B55)/ABS($B55))))),"") | ... AG55: =IFERROR(IF(AG$2=0,"",IF((AND($B55,K55)>0),(((K55-$B55)/($B55))),(((K55-$B55)/ABS($B55))))),"") | AI55: =IFERROR(IF(AI$2=0,"",((B55-B55)/ABS(B55))),"") | AJ55: =IFERROR(IF(AJ$2=0,"",((C55-B55)/ABS(B55))),"") | AK55: =IFERROR(IF(AK$2=0,"",((D55-C55)/ABS(C55))),"") | AL55: =IFERROR(IF(AL$2=0,"",((E55-D55)/ABS(D55))),"") | AM55: =IFERROR(IF(AM$2=0,"",((F55-E55)/ABS(E55))),"") | AN55: =IFERROR(IF(AN$2=0,"",((G55-F55)/ABS(F55))),"") | AO55: =IFERROR(IF(AO$2=0,"",((H55-G55)/ABS(G55))),"") | AP55: =IFERROR(IF(AP$2=0,"",((I55-H55)/ABS(H55))),"") | AQ55: =IFERROR(IF(AQ$2=0,"",((J55-I55)/ABS(I55))),"") | AR55: =IFERROR(IF(AR$2=0,"",((K55-J55)/ABS(J55))),"")
A56: TOTAL ACTIVO CORRIENTE | B56: =IFERROR(B11,"") -> 0 | C56: =IFERROR(C11,"") -> 0 | D56: =IFERROR(D11,"") -> 0 | E56: =IFERROR(E11,"") -> 0 | F56: =IFERROR(F11,"") -> 0 | G56: =IFERROR(G11,"") -> 0 | H56: =IFERROR(H11,"") -> 0 | I56: =IFERROR(I11,"") -> 0 | ... K56: =IFERROR(K11,"") -> 0 | M56: =IFERROR(B56/#REF!,"") | N56: =IFERROR(C56/#REF!,"") | O56: =IFERROR(D56/#REF!,"") | P56: =IFERROR(E56/#REF!,"") | Q56: =IFERROR(F56/#REF!,"") | R56: =IFERROR(G56/#REF!,"") | S56: =IFERROR(H56/#REF!,"") | T56: =IFERROR(I56/#REF!,"") | ... V56: =IFERROR(K56/#REF!,"") | X56: =IFERROR(IF(X$2=0,"",IF((AND($B56,B56)>0),(((B56-$B56)/($B56))),(((B56-$B56)/ABS($B56))))),"") | Y56: =IFERROR(IF(Y$2=0,"",IF((AND($B56,C56)>0),(((C56-$B56)/($B56))),(((C56-$B56)/ABS($B56))))),"") | Z56: =IFERROR(IF(Z$2=0,"",IF((AND($B56,D56)>0),(((D56-$B56)/($B56))),(((D56-$B56)/ABS($B56))))),"") | AA56: =IFERROR(IF(AA$2=0,"",IF((AND($B56,E56)>0),(((E56-$B56)/($B56))),(((E56-$B56)/ABS($B56))))),"") | AB56: =IFERROR(IF(AB$2=0,"",IF((AND($B56,F56)>0),(((F56-$B56)/($B56))),(((F56-$B56)/ABS($B56))))),"") | AC56: =IFERROR(IF(AC$2=0,"",IF((AND($B56,G56)>0),(((G56-$B56)/($B56))),(((G56-$B56)/ABS($B56))))),"") | AD56: =IFERROR(IF(AD$2=0,"",IF((AND($B56,H56)>0),(((H56-$B56)/($B56))),(((H56-$B56)/ABS($B56))))),"") | AE56: =IFERROR(IF(AE$2=0,"",IF((AND($B56,I56)>0),(((I56-$B56)/($B56))),(((I56-$B56)/ABS($B56))))),"") | ... AG56: =IFERROR(IF(AG$2=0,"",IF((AND($B56,K56)>0),(((K56-$B56)/($B56))),(((K56-$B56)/ABS($B56))))),"") | AI56: =IFERROR(IF(AI$2=0,"",((B56-B56)/ABS(B56))),"") | AJ56: =IFERROR(IF(AJ$2=0,"",((C56-B56)/ABS(B56))),"") | AK56: =IFERROR(IF(AK$2=0,"",((D56-C56)/ABS(C56))),"") | AL56: =IFERROR(IF(AL$2=0,"",((E56-D56)/ABS(D56))),"") | AM56: =IFERROR(IF(AM$2=0,"",((F56-E56)/ABS(E56))),"") | AN56: =IFERROR(IF(AN$2=0,"",((G56-F56)/ABS(F56))),"") | AO56: =IFERROR(IF(AO$2=0,"",((H56-G56)/ABS(G56))),"") | AP56: =IFERROR(IF(AP$2=0,"",((I56-H56)/ABS(H56))),"") | AQ56: =IFERROR(IF(AQ$2=0,"",((J56-I56)/ABS(I56))),"") | AR56: =IFERROR(IF(AR$2=0,"",((K56-J56)/ABS(J56))),"")
A57: TOTAL PATRIMONIO NETO | B57: =IFERROR(B20,"") -> 0 | C57: =IFERROR(C20,"") -> 0 | D57: =IFERROR(D20,"") -> 0 | E57: =IFERROR(E20,"") -> 0 | F57: =IFERROR(F20,"") -> 0 | G57: =IFERROR(G20,"") -> 0 | H57: =IFERROR(H20,"") -> 0 | I57: =IFERROR(I20,"") -> 0 | ... K57: =IFERROR(K20,"") -> 0 | M57: =IFERROR(B57/#REF!,"") | N57: =IFERROR(C57/#REF!,"") | O57: =IFERROR(D57/#REF!,"") | P57: =IFERROR(E57/#REF!,"") | Q57: =IFERROR(F57/#REF!,"") | R57: =IFERROR(G57/#REF!,"") | S57: =IFERROR(H57/#REF!,"") | T57: =IFERROR(I57/#REF!,"") | ... V57: =IFERROR(K57/#REF!,"") | X57: =IFERROR(IF(X$2=0,"",IF((AND($B57,B57)>0),(((B57-$B57)/($B57))),(((B57-$B57)/ABS($B57))))),"") | Y57: =IFERROR(IF(Y$2=0,"",IF((AND($B57,C57)>0),(((C57-$B57)/($B57))),(((C57-$B57)/ABS($B57))))),"") | Z57: =IFERROR(IF(Z$2=0,"",IF((AND($B57,D57)>0),(((D57-$B57)/($B57))),(((D57-$B57)/ABS($B57))))),"") | AA57: =IFERROR(IF(AA$2=0,"",IF((AND($B57,E57)>0),(((E57-$B57)/($B57))),(((E57-$B57)/ABS($B57))))),"") | AB57: =IFERROR(IF(AB$2=0,"",IF((AND($B57,F57)>0),(((F57-$B57)/($B57))),(((F57-$B57)/ABS($B57))))),"") | AC57: =IFERROR(IF(AC$2=0,"",IF((AND($B57,G57)>0),(((G57-$B57)/($B57))),(((G57-$B57)/ABS($B57))))),"") | AD57: =IFERROR(IF(AD$2=0,"",IF((AND($B57,H57)>0),(((H57-$B57)/($B57))),(((H57-$B57)/ABS($B57))))),"") | AE57: =IFERROR(IF(AE$2=0,"",IF((AND($B57,I57)>0),(((I57-$B57)/($B57))),(((I57-$B57)/ABS($B57))))),"") | ... AG57: =IFERROR(IF(AG$2=0,"",IF((AND($B57,K57)>0),(((K57-$B57)/($B57))),(((K57-$B57)/ABS($B57))))),"") | AI57: =IFERROR(IF(AI$2=0,"",((B57-B57)/ABS(B57))),"") | AJ57: =IFERROR(IF(AJ$2=0,"",((C57-B57)/ABS(B57))),"") | AK57: =IFERROR(IF(AK$2=0,"",((D57-C57)/ABS(C57))),"") | AL57: =IFERROR(IF(AL$2=0,"",((E57-D57)/ABS(D57))),"") | AM57: =IFERROR(IF(AM$2=0,"",((F57-E57)/ABS(E57))),"") | AN57: =IFERROR(IF(AN$2=0,"",((G57-F57)/ABS(F57))),"") | AO57: =IFERROR(IF(AO$2=0,"",((H57-G57)/ABS(G57))),"") | AP57: =IFERROR(IF(AP$2=0,"",((I57-H57)/ABS(H57))),"") | AQ57: =IFERROR(IF(AQ$2=0,"",((J57-I57)/ABS(I57))),"") | AR57: =IFERROR(IF(AR$2=0,"",((K57-J57)/ABS(J57))),"")
A58: TOTAL PASIVO NO CORRIENTE | B58: =IFERROR(B36,"") -> 0 | C58: =IFERROR(C36,"") -> 0 | D58: =IFERROR(D36,"") -> 0 | E58: =IFERROR(E36,"") -> 0 | F58: =IFERROR(F36,"") -> 0 | G58: =IFERROR(G36,"") -> 0 | H58: =IFERROR(H36,"") -> 0 | I58: =IFERROR(I36,"") -> 0 | ... K58: =IFERROR(K36,"") -> 0 | M58: =IFERROR(B58/#REF!,"") | N58: =IFERROR(C58/#REF!,"") | O58: =IFERROR(D58/#REF!,"") | P58: =IFERROR(E58/#REF!,"") | Q58: =IFERROR(F58/#REF!,"") | R58: =IFERROR(G58/#REF!,"") | S58: =IFERROR(H58/#REF!,"") | T58: =IFERROR(I58/#REF!,"") | ... V58: =IFERROR(K58/#REF!,"") | X58: =IFERROR(IF(X$2=0,"",IF((AND($B58,B58)>0),(((B58-$B58)/($B58))),(((B58-$B58)/ABS($B58))))),"") | Y58: =IFERROR(IF(Y$2=0,"",IF((AND($B58,C58)>0),(((C58-$B58)/($B58))),(((C58-$B58)/ABS($B58))))),"") | Z58: =IFERROR(IF(Z$2=0,"",IF((AND($B58,D58)>0),(((D58-$B58)/($B58))),(((D58-$B58)/ABS($B58))))),"") | AA58: =IFERROR(IF(AA$2=0,"",IF((AND($B58,E58)>0),(((E58-$B58)/($B58))),(((E58-$B58)/ABS($B58))))),"") | AB58: =IFERROR(IF(AB$2=0,"",IF((AND($B58,F58)>0),(((F58-$B58)/($B58))),(((F58-$B58)/ABS($B58))))),"") | AC58: =IFERROR(IF(AC$2=0,"",IF((AND($B58,G58)>0),(((G58-$B58)/($B58))),(((G58-$B58)/ABS($B58))))),"") | AD58: =IFERROR(IF(AD$2=0,"",IF((AND($B58,H58)>0),(((H58-$B58)/($B58))),(((H58-$B58)/ABS($B58))))),"") | AE58: =IFERROR(IF(AE$2=0,"",IF((AND($B58,I58)>0),(((I58-$B58)/($B58))),(((I58-$B58)/ABS($B58))))),"") | ... AG58: =IFERROR(IF(AG$2=0,"",IF((AND($B58,K58)>0),(((K58-$B58)/($B58))),(((K58-$B58)/ABS($B58))))),"") | AI58: =IFERROR(IF(AI$2=0,"",((B58-B58)/ABS(B58))),"") | AJ58: =IFERROR(IF(AJ$2=0,"",((C58-B58)/ABS(B58))),"") | AK58: =IFERROR(IF(AK$2=0,"",((D58-C58)/ABS(C58))),"") | AL58: =IFERROR(IF(AL$2=0,"",((E58-D58)/ABS(D58))),"") | AM58: =IFERROR(IF(AM$2=0,"",((F58-E58)/ABS(E58))),"") | AN58: =IFERROR(IF(AN$2=0,"",((G58-F58)/ABS(F58))),"") | AO58: =IFERROR(IF(AO$2=0,"",((H58-G58)/ABS(G58))),"") | AP58: =IFERROR(IF(AP$2=0,"",((I58-H58)/ABS(H58))),"") | AQ58: =IFERROR(IF(AQ$2=0,"",((J58-I58)/ABS(I58))),"") | AR58: =IFERROR(IF(AR$2=0,"",((K58-J58)/ABS(J58))),"")
A59: TOTAL PASIVO CORRIENTE | B59: =IFERROR(B42,"") -> 0 | C59: =IFERROR(C42,"") -> 0 | D59: =IFERROR(D42,"") -> 0 | E59: =IFERROR(E42,"") -> 0 | F59: =IFERROR(F42,"") -> 0 | G59: =IFERROR(G42,"") -> 0 | H59: =IFERROR(H42,"") -> 0 | I59: =IFERROR(I42,"") -> 0 | ... K59: =IFERROR(K42,"") -> 0 | M59: =IFERROR(B59/#REF!,"") | N59: =IFERROR(C59/#REF!,"") | O59: =IFERROR(D59/#REF!,"") | P59: =IFERROR(E59/#REF!,"") | Q59: =IFERROR(F59/#REF!,"") | R59: =IFERROR(G59/#REF!,"") | S59: =IFERROR(H59/#REF!,"") | T59: =IFERROR(I59/#REF!,"") | ... V59: =IFERROR(K59/#REF!,"") | X59: =IFERROR(IF(X$2=0,"",IF((AND($B59,B59)>0),(((B59-$B59)/($B59))),(((B59-$B59)/ABS($B59))))),"") | Y59: =IFERROR(IF(Y$2=0,"",IF((AND($B59,C59)>0),(((C59-$B59)/($B59))),(((C59-$B59)/ABS($B59))))),"") | Z59: =IFERROR(IF(Z$2=0,"",IF((AND($B59,D59)>0),(((D59-$B59)/($B59))),(((D59-$B59)/ABS($B59))))),"") | AA59: =IFERROR(IF(AA$2=0,"",IF((AND($B59,E59)>0),(((E59-$B59)/($B59))),(((E59-$B59)/ABS($B59))))),"") | AB59: =IFERROR(IF(AB$2=0,"",IF((AND($B59,F59)>0),(((F59-$B59)/($B59))),(((F59-$B59)/ABS($B59))))),"") | AC59: =IFERROR(IF(AC$2=0,"",IF((AND($B59,G59)>0),(((G59-$B59)/($B59))),(((G59-$B59)/ABS($B59))))),"") | AD59: =IFERROR(IF(AD$2=0,"",IF((AND($B59,H59)>0),(((H59-$B59)/($B59))),(((H59-$B59)/ABS($B59))))),"") | AE59: =IFERROR(IF(AE$2=0,"",IF((AND($B59,I59)>0),(((I59-$B59)/($B59))),(((I59-$B59)/ABS($B59))))),"") | ... AG59: =IFERROR(IF(AG$2=0,"",IF((AND($B59,K59)>0),(((K59-$B59)/($B59))),(((K59-$B59)/ABS($B59))))),"") | AI59: =IFERROR(IF(AI$2=0,"",((B59-B59)/ABS(B59))),"") | AJ59: =IFERROR(IF(AJ$2=0,"",((C59-B59)/ABS(B59))),"") | AK59: =IFERROR(IF(AK$2=0,"",((D59-C59)/ABS(C59))),"") | AL59: =IFERROR(IF(AL$2=0,"",((E59-D59)/ABS(D59))),"") | AM59: =IFERROR(IF(AM$2=0,"",((F59-E59)/ABS(E59))),"") | AN59: =IFERROR(IF(AN$2=0,"",((G59-F59)/ABS(F59))),"") | AO59: =IFERROR(IF(AO$2=0,"",((H59-G59)/ABS(G59))),"") | AP59: =IFERROR(IF(AP$2=0,"",((I59-H59)/ABS(H59))),"") | AQ59: =IFERROR(IF(AQ$2=0,"",((J59-I59)/ABS(I59))),"") | AR59: =IFERROR(IF(AR$2=0,"",((K59-J59)/ABS(J59))),"")
A60: TOTAL PASIVO | B60: =IFERROR(B58+B59,"") -> 0 | C60: =IFERROR(C58+C59,"") -> 0 | D60: =IFERROR(D58+D59,"") -> 0 | E60: =IFERROR(E58+E59,"") -> 0 | F60: =IFERROR(F58+F59,"") -> 0 | G60: =IFERROR(G58+G59,"") -> 0 | H60: =IFERROR(H58+H59,"") -> 0 | I60: =IFERROR(I58+I59,"") -> 0 | ... K60: =IFERROR(K58+K59,"") -> 0
A61: TOTAL BALANCE | B61: =IF(B55+B56=B57+B58+B59,B19,"ERROR") -> 0 | C61: =C55+C56 -> 0 | D61: =D55+D56 -> 0 | E61: =E55+E56 -> 0 | F61: =F55+F56 -> 0 | G61: =G55+G56 -> 0 | H61: =H55+H56 -> 0 | I61: =I55+I56 -> 0 | J61: =J55+J56 -> 0 | K61: =K55+K56 -> 0 | M61: =IFERROR(B61/#REF!,"") | N61: =IFERROR(C61/#REF!,"") | O61: =IFERROR(D61/#REF!,"") | P61: =IFERROR(E61/#REF!,"") | Q61: =IFERROR(F61/#REF!,"") | R61: =IFERROR(G61/#REF!,"") | S61: =IFERROR(H61/#REF!,"") | T61: =IFERROR(I61/#REF!,"") | ... V61: =IFERROR(K61/#REF!,"") | X61: =IFERROR(IF(X$2=0,"",IF((AND($B61,B61)>0),(((B61-$B61)/($B61))),(((B61-$B61)/ABS($B61))))),"") | Y61: =IFERROR(IF(Y$2=0,"",IF((AND($B61,C61)>0),(((C61-$B61)/($B61))),(((C61-$B61)/ABS($B61))))),"") | Z61: =IFERROR(IF(Z$2=0,"",IF((AND($B61,D61)>0),(((D61-$B61)/($B61))),(((D61-$B61)/ABS($B61))))),"") | AA61: =IFERROR(IF(AA$2=0,"",IF((AND($B61,E61)>0),(((E61-$B61)/($B61))),(((E61-$B61)/ABS($B61))))),"") | AB61: =IFERROR(IF(AB$2=0,"",IF((AND($B61,F61)>0),(((F61-$B61)/($B61))),(((F61-$B61)/ABS($B61))))),"") | AC61: =IFERROR(IF(AC$2=0,"",IF((AND($B61,G61)>0),(((G61-$B61)/($B61))),(((G61-$B61)/ABS($B61))))),"") | AD61: =IFERROR(IF(AD$2=0,"",IF((AND($B61,H61)>0),(((H61-$B61)/($B61))),(((H61-$B61)/ABS($B61))))),"") | AE61: =IFERROR(IF(AE$2=0,"",IF((AND($B61,I61)>0),(((I61-$B61)/($B61))),(((I61-$B61)/ABS($B61))))),"") | ... AG61: =IFERROR(IF(AG$2=0,"",IF((AND($B61,K61)>0),(((K61-$B61)/($B61))),(((K61-$B61)/ABS($B61))))),"") | AI61: =IFERROR(IF(AI$2=0,"",((B61-B61)/ABS(B61))),"") | AJ61: =IFERROR(IF(AJ$2=0,"",((C61-B61)/ABS(B61))),"") | AK61: =IFERROR(IF(AK$2=0,"",((D61-C61)/ABS(C61))),"") | AL61: =IFERROR(IF(AL$2=0,"",((E61-D61)/ABS(D61))),"") | AM61: =IFERROR(IF(AM$2=0,"",((F61-E61)/ABS(E61))),"") | AN61: =IFERROR(IF(AN$2=0,"",((G61-F61)/ABS(F61))),"") | AO61: =IFERROR(IF(AO$2=0,"",((H61-G61)/ABS(G61))),"") | AP61: =IFERROR(IF(AP$2=0,"",((I61-H61)/ABS(H61))),"") | AQ61: =IFERROR(IF(AQ$2=0,"",((J61-I61)/ABS(I61))),"") | AR61: =IFERROR(IF(AR$2=0,"",((K61-J61)/ABS(J61))),"")
A62: Nº TRABAJADORES (cifra media del ejercicio) | B62: =IFERROR(B51,"") -> 0 | C62: =IFERROR(C51,"") -> 0 | D62: =IFERROR(D51,"") -> 0 | E62: =IFERROR(E51,"") -> 0 | F62: =IFERROR(F51,"") -> 0 | G62: =IFERROR(G51,"") -> 0 | H62: =IFERROR(H51,"") -> 0 | I62: =IFERROR(I51,"") -> 0 | ... K62: =IFERROR(K51,"") -> 0 | M62: =IFERROR(B62/#REF!,"") | N62: =IFERROR(C62/#REF!,"") | O62: =IFERROR(D62/#REF!,"") | P62: =IFERROR(E62/#REF!,"") | Q62: =IFERROR(F62/#REF!,"") | R62: =IFERROR(G62/#REF!,"") | S62: =IFERROR(H62/#REF!,"") | T62: =IFERROR(I62/#REF!,"") | ... V62: =IFERROR(K62/#REF!,"") | X62: =IFERROR(IF(X$2=0,"",IF((AND($B62,B62)>0),(((B62-$B62)/($B62))),(((B62-$B62)/ABS($B62))))),"") | Y62: =IFERROR(IF(Y$2=0,"",IF((AND($B62,C62)>0),(((C62-$B62)/($B62))),(((C62-$B62)/ABS($B62))))),"") | Z62: =IFERROR(IF(Z$2=0,"",IF((AND($B62,D62)>0),(((D62-$B62)/($B62))),(((D62-$B62)/ABS($B62))))),"") | AA62: =IFERROR(IF(AA$2=0,"",IF((AND($B62,E62)>0),(((E62-$B62)/($B62))),(((E62-$B62)/ABS($B62))))),"") | AB62: =IFERROR(IF(AB$2=0,"",IF((AND($B62,F62)>0),(((F62-$B62)/($B62))),(((F62-$B62)/ABS($B62))))),"") | AC62: =IFERROR(IF(AC$2=0,"",IF((AND($B62,G62)>0),(((G62-$B62)/($B62))),(((G62-$B62)/ABS($B62))))),"") | AD62: =IFERROR(IF(AD$2=0,"",IF((AND($B62,H62)>0),(((H62-$B62)/($B62))),(((H62-$B62)/ABS($B62))))),"") | AE62: =IFERROR(IF(AE$2=0,"",IF((AND($B62,I62)>0),(((I62-$B62)/($B62))),(((I62-$B62)/ABS($B62))))),"") | ... AG62: =IFERROR(IF(AG$2=0,"",IF((AND($B62,K62)>0),(((K62-$B62)/($B62))),(((K62-$B62)/ABS($B62))))),"") | AI62: =IFERROR(IF(AI$2=0,"",((B62-B62)/ABS(B62))),"") | AJ62: =IFERROR(IF(AJ$2=0,"",((C62-B62)/ABS(B62))),"") | AK62: =IFERROR(IF(AK$2=0,"",((D62-C62)/ABS(C62))),"") | AL62: =IFERROR(IF(AL$2=0,"",((E62-D62)/ABS(D62))),"") | AM62: =IFERROR(IF(AM$2=0,"",((F62-E62)/ABS(E62))),"") | AN62: =IFERROR(IF(AN$2=0,"",((G62-F62)/ABS(F62))),"") | AO62: =IFERROR(IF(AO$2=0,"",((H62-G62)/ABS(G62))),"") | AP62: =IFERROR(IF(AP$2=0,"",((I62-H62)/ABS(H62))),"") | AQ62: =IFERROR(IF(AQ$2=0,"",((J62-I62)/ABS(I62))),"") | AR62: =IFERROR(IF(AR$2=0,"",((K62-J62)/ABS(J62))),"")
M63: =IFERROR(B63/#REF!,"") | N63: =IFERROR(C63/#REF!,"") | O63: =IFERROR(D63/#REF!,"") | P63: =IFERROR(E63/#REF!,"") | Q63: =IFERROR(F63/#REF!,"") | R63: =IFERROR(G63/#REF!,"") | S63: =IFERROR(H63/#REF!,"") | T63: =IFERROR(I63/#REF!,"") | ... V63: =IFERROR(K63/#REF!,"") | X63: =IFERROR(IF(X$2=0,"",IF((AND($B63,B63)>0),(((B63-$B63)/($B63))),(((B63-$B63)/ABS($B63))))),"") | Y63: =IFERROR(IF(Y$2=0,"",IF((AND($B63,C63)>0),(((C63-$B63)/($B63))),(((C63-$B63)/ABS($B63))))),"") | Z63: =IFERROR(IF(Z$2=0,"",IF((AND($B63,D63)>0),(((D63-$B63)/($B63))),(((D63-$B63)/ABS($B63))))),"") | AA63: =IFERROR(IF(AA$2=0,"",IF((AND($B63,E63)>0),(((E63-$B63)/($B63))),(((E63-$B63)/ABS($B63))))),"") | AB63: =IFERROR(IF(AB$2=0,"",IF((AND($B63,F63)>0),(((F63-$B63)/($B63))),(((F63-$B63)/ABS($B63))))),"") | AC63: =IFERROR(IF(AC$2=0,"",IF((AND($B63,G63)>0),(((G63-$B63)/($B63))),(((G63-$B63)/ABS($B63))))),"") | AD63: =IFERROR(IF(AD$2=0,"",IF((AND($B63,H63)>0),(((H63-$B63)/($B63))),(((H63-$B63)/ABS($B63))))),"") | AE63: =IFERROR(IF(AE$2=0,"",IF((AND($B63,I63)>0),(((I63-$B63)/($B63))),(((I63-$B63)/ABS($B63))))),"") | ... AG63: =IFERROR(IF(AG$2=0,"",IF((AND($B63,K63)>0),(((K63-$B63)/($B63))),(((K63-$B63)/ABS($B63))))),"") | AI63: =IFERROR(IF(AI$2=0,"",((B63-B63)/ABS(B63))),"") | AJ63: =IFERROR(IF(AJ$2=0,"",((C63-B63)/ABS(B63))),"") | AK63: =IFERROR(IF(AK$2=0,"",((D63-C63)/ABS(C63))),"") | AL63: =IFERROR(IF(AL$2=0,"",((E63-D63)/ABS(D63))),"") | AM63: =IFERROR(IF(AM$2=0,"",((F63-E63)/ABS(E63))),"") | AN63: =IFERROR(IF(AN$2=0,"",((G63-F63)/ABS(F63))),"") | AO63: =IFERROR(IF(AO$2=0,"",((H63-G63)/ABS(G63))),"") | AP63: =IFERROR(IF(AP$2=0,"",((I63-H63)/ABS(H63))),"") | AQ63: =IFERROR(IF(AQ$2=0,"",((J63-I63)/ABS(I63))),"") | AR63: =IFERROR(IF(AR$2=0,"",((K63-J63)/ABS(J63))),"")
M64: =IFERROR(B64/#REF!,"") | N64: =IFERROR(C64/#REF!,"") | O64: =IFERROR(D64/#REF!,"") | P64: =IFERROR(E64/#REF!,"") | Q64: =IFERROR(F64/#REF!,"") | R64: =IFERROR(G64/#REF!,"") | S64: =IFERROR(H64/#REF!,"") | T64: =IFERROR(I64/#REF!,"") | ... V64: =IFERROR(K64/#REF!,"") | X64: =IFERROR(IF(X$2=0,"",IF((AND($B64,B64)>0),(((B64-$B64)/($B64))),(((B64-$B64)/ABS($B64))))),"") | Y64: =IFERROR(IF(Y$2=0,"",IF((AND($B64,C64)>0),(((C64-$B64)/($B64))),(((C64-$B64)/ABS($B64))))),"") | Z64: =IFERROR(IF(Z$2=0,"",IF((AND($B64,D64)>0),(((D64-$B64)/($B64))),(((D64-$B64)/ABS($B64))))),"") | AA64: =IFERROR(IF(AA$2=0,"",IF((AND($B64,E64)>0),(((E64-$B64)/($B64))),(((E64-$B64)/ABS($B64))))),"") | AB64: =IFERROR(IF(AB$2=0,"",IF((AND($B64,F64)>0),(((F64-$B64)/($B64))),(((F64-$B64)/ABS($B64))))),"") | AC64: =IFERROR(IF(AC$2=0,"",IF((AND($B64,G64)>0),(((G64-$B64)/($B64))),(((G64-$B64)/ABS($B64))))),"") | AD64: =IFERROR(IF(AD$2=0,"",IF((AND($B64,H64)>0),(((H64-$B64)/($B64))),(((H64-$B64)/ABS($B64))))),"") | AE64: =IFERROR(IF(AE$2=0,"",IF((AND($B64,I64)>0),(((I64-$B64)/($B64))),(((I64-$B64)/ABS($B64))))),"") | ... AG64: =IFERROR(IF(AG$2=0,"",IF((AND($B64,K64)>0),(((K64-$B64)/($B64))),(((K64-$B64)/ABS($B64))))),"") | AI64: =IFERROR(IF(AI$2=0,"",((B64-B64)/ABS(B64))),"") | AJ64: =IFERROR(IF(AJ$2=0,"",((C64-B64)/ABS(B64))),"") | AK64: =IFERROR(IF(AK$2=0,"",((D64-C64)/ABS(C64))),"") | AL64: =IFERROR(IF(AL$2=0,"",((E64-D64)/ABS(D64))),"") | AM64: =IFERROR(IF(AM$2=0,"",((F64-E64)/ABS(E64))),"") | AN64: =IFERROR(IF(AN$2=0,"",((G64-F64)/ABS(F64))),"") | AO64: =IFERROR(IF(AO$2=0,"",((H64-G64)/ABS(G64))),"") | AP64: =IFERROR(IF(AP$2=0,"",((I64-H64)/ABS(H64))),"") | AQ64: =IFERROR(IF(AQ$2=0,"",((J64-I64)/ABS(I64))),"") | AR64: =IFERROR(IF(AR$2=0,"",((K64-J64)/ABS(J64))),"")
M65: =IFERROR(B65/#REF!,"") | N65: =IFERROR(C65/#REF!,"") | O65: =IFERROR(D65/#REF!,"") | P65: =IFERROR(E65/#REF!,"") | Q65: =IFERROR(F65/#REF!,"") | R65: =IFERROR(G65/#REF!,"") | S65: =IFERROR(H65/#REF!,"") | T65: =IFERROR(I65/#REF!,"") | ... V65: =IFERROR(K65/#REF!,"") | X65: =IFERROR(IF(X$2=0,"",IF((AND($B65,B65)>0),(((B65-$B65)/($B65))),(((B65-$B65)/ABS($B65))))),"") | Y65: =IFERROR(IF(Y$2=0,"",IF((AND($B65,C65)>0),(((C65-$B65)/($B65))),(((C65-$B65)/ABS($B65))))),"") | Z65: =IFERROR(IF(Z$2=0,"",IF((AND($B65,D65)>0),(((D65-$B65)/($B65))),(((D65-$B65)/ABS($B65))))),"") | AA65: =IFERROR(IF(AA$2=0,"",IF((AND($B65,E65)>0),(((E65-$B65)/($B65))),(((E65-$B65)/ABS($B65))))),"") | AB65: =IFERROR(IF(AB$2=0,"",IF((AND($B65,F65)>0),(((F65-$B65)/($B65))),(((F65-$B65)/ABS($B65))))),"") | AC65: =IFERROR(IF(AC$2=0,"",IF((AND($B65,G65)>0),(((G65-$B65)/($B65))),(((G65-$B65)/ABS($B65))))),"") | AD65: =IFERROR(IF(AD$2=0,"",IF((AND($B65,H65)>0),(((H65-$B65)/($B65))),(((H65-$B65)/ABS($B65))))),"") | AE65: =IFERROR(IF(AE$2=0,"",IF((AND($B65,I65)>0),(((I65-$B65)/($B65))),(((I65-$B65)/ABS($B65))))),"") | ... AG65: =IFERROR(IF(AG$2=0,"",IF((AND($B65,K65)>0),(((K65-$B65)/($B65))),(((K65-$B65)/ABS($B65))))),"") | AI65: =IFERROR(IF(AI$2=0,"",((B65-B65)/ABS(B65))),"") | AJ65: =IFERROR(IF(AJ$2=0,"",((C65-B65)/ABS(B65))),"") | AK65: =IFERROR(IF(AK$2=0,"",((D65-C65)/ABS(C65))),"") | AL65: =IFERROR(IF(AL$2=0,"",((E65-D65)/ABS(D65))),"") | AM65: =IFERROR(IF(AM$2=0,"",((F65-E65)/ABS(E65))),"") | AN65: =IFERROR(IF(AN$2=0,"",((G65-F65)/ABS(F65))),"") | AO65: =IFERROR(IF(AO$2=0,"",((H65-G65)/ABS(G65))),"") | AP65: =IFERROR(IF(AP$2=0,"",((I65-H65)/ABS(H65))),"") | AQ65: =IFERROR(IF(AQ$2=0,"",((J65-I65)/ABS(I65))),"") | AR65: =IFERROR(IF(AR$2=0,"",((K65-J65)/ABS(J65))),"")
M66: =IFERROR(B66/#REF!,"") | N66: =IFERROR(C66/#REF!,"") | O66: =IFERROR(D66/#REF!,"") | P66: =IFERROR(E66/#REF!,"") | Q66: =IFERROR(F66/#REF!,"") | R66: =IFERROR(G66/#REF!,"") | S66: =IFERROR(H66/#REF!,"") | T66: =IFERROR(I66/#REF!,"") | ... V66: =IFERROR(K66/#REF!,"") | X66: =IFERROR(IF(X$2=0,"",IF((AND($B66,B66)>0),(((B66-$B66)/($B66))),(((B66-$B66)/ABS($B66))))),"") | Y66: =IFERROR(IF(Y$2=0,"",IF((AND($B66,C66)>0),(((C66-$B66)/($B66))),(((C66-$B66)/ABS($B66))))),"") | Z66: =IFERROR(IF(Z$2=0,"",IF((AND($B66,D66)>0),(((D66-$B66)/($B66))),(((D66-$B66)/ABS($B66))))),"") | AA66: =IFERROR(IF(AA$2=0,"",IF((AND($B66,E66)>0),(((E66-$B66)/($B66))),(((E66-$B66)/ABS($B66))))),"") | AB66: =IFERROR(IF(AB$2=0,"",IF((AND($B66,F66)>0),(((F66-$B66)/($B66))),(((F66-$B66)/ABS($B66))))),"") | AC66: =IFERROR(IF(AC$2=0,"",IF((AND($B66,G66)>0),(((G66-$B66)/($B66))),(((G66-$B66)/ABS($B66))))),"") | AD66: =IFERROR(IF(AD$2=0,"",IF((AND($B66,H66)>0),(((H66-$B66)/($B66))),(((H66-$B66)/ABS($B66))))),"") | AE66: =IFERROR(IF(AE$2=0,"",IF((AND($B66,I66)>0),(((I66-$B66)/($B66))),(((I66-$B66)/ABS($B66))))),"") | ... AG66: =IFERROR(IF(AG$2=0,"",IF((AND($B66,K66)>0),(((K66-$B66)/($B66))),(((K66-$B66)/ABS($B66))))),"") | AI66: =IFERROR(IF(AI$2=0,"",((B66-B66)/ABS(B66))),"") | AJ66: =IFERROR(IF(AJ$2=0,"",((C66-B66)/ABS(B66))),"") | AK66: =IFERROR(IF(AK$2=0,"",((D66-C66)/ABS(C66))),"") | AL66: =IFERROR(IF(AL$2=0,"",((E66-D66)/ABS(D66))),"") | AM66: =IFERROR(IF(AM$2=0,"",((F66-E66)/ABS(E66))),"") | AN66: =IFERROR(IF(AN$2=0,"",((G66-F66)/ABS(F66))),"") | AO66: =IFERROR(IF(AO$2=0,"",((H66-G66)/ABS(G66))),"") | AP66: =IFERROR(IF(AP$2=0,"",((I66-H66)/ABS(H66))),"") | AQ66: =IFERROR(IF(AQ$2=0,"",((J66-I66)/ABS(I66))),"") | AR66: =IFERROR(IF(AR$2=0,"",((K66-J66)/ABS(J66))),"")
M67: =IFERROR(B67/#REF!,"") | N67: =IFERROR(C67/#REF!,"") | O67: =IFERROR(D67/#REF!,"") | P67: =IFERROR(E67/#REF!,"") | Q67: =IFERROR(F67/#REF!,"") | R67: =IFERROR(G67/#REF!,"") | S67: =IFERROR(H67/#REF!,"") | T67: =IFERROR(I67/#REF!,"") | ... V67: =IFERROR(K67/#REF!,"") | X67: =IFERROR(IF(X$2=0,"",IF((AND($B67,B67)>0),(((B67-$B67)/($B67))),(((B67-$B67)/ABS($B67))))),"") | Y67: =IFERROR(IF(Y$2=0,"",IF((AND($B67,C67)>0),(((C67-$B67)/($B67))),(((C67-$B67)/ABS($B67))))),"") | Z67: =IFERROR(IF(Z$2=0,"",IF((AND($B67,D67)>0),(((D67-$B67)/($B67))),(((D67-$B67)/ABS($B67))))),"") | AA67: =IFERROR(IF(AA$2=0,"",IF((AND($B67,E67)>0),(((E67-$B67)/($B67))),(((E67-$B67)/ABS($B67))))),"") | AB67: =IFERROR(IF(AB$2=0,"",IF((AND($B67,F67)>0),(((F67-$B67)/($B67))),(((F67-$B67)/ABS($B67))))),"") | AC67: =IFERROR(IF(AC$2=0,"",IF((AND($B67,G67)>0),(((G67-$B67)/($B67))),(((G67-$B67)/ABS($B67))))),"") | AD67: =IFERROR(IF(AD$2=0,"",IF((AND($B67,H67)>0),(((H67-$B67)/($B67))),(((H67-$B67)/ABS($B67))))),"") | AE67: =IFERROR(IF(AE$2=0,"",IF((AND($B67,I67)>0),(((I67-$B67)/($B67))),(((I67-$B67)/ABS($B67))))),"") | ... AG67: =IFERROR(IF(AG$2=0,"",IF((AND($B67,K67)>0),(((K67-$B67)/($B67))),(((K67-$B67)/ABS($B67))))),"") | AI67: =IFERROR(IF(AI$2=0,"",((B67-B67)/ABS(B67))),"") | AJ67: =IFERROR(IF(AJ$2=0,"",((C67-B67)/ABS(B67))),"") | AK67: =IFERROR(IF(AK$2=0,"",((D67-C67)/ABS(C67))),"") | AL67: =IFERROR(IF(AL$2=0,"",((E67-D67)/ABS(D67))),"") | AM67: =IFERROR(IF(AM$2=0,"",((F67-E67)/ABS(E67))),"") | AN67: =IFERROR(IF(AN$2=0,"",((G67-F67)/ABS(F67))),"") | AO67: =IFERROR(IF(AO$2=0,"",((H67-G67)/ABS(G67))),"") | AP67: =IFERROR(IF(AP$2=0,"",((I67-H67)/ABS(H67))),"") | AQ67: =IFERROR(IF(AQ$2=0,"",((J67-I67)/ABS(I67))),"") | AR67: =IFERROR(IF(AR$2=0,"",((K67-J67)/ABS(J67))),"")
M68: =IFERROR(B68/#REF!,"") | N68: =IFERROR(C68/#REF!,"") | O68: =IFERROR(D68/#REF!,"") | P68: =IFERROR(E68/#REF!,"") | Q68: =IFERROR(F68/#REF!,"") | R68: =IFERROR(G68/#REF!,"") | S68: =IFERROR(H68/#REF!,"") | T68: =IFERROR(I68/#REF!,"") | ... V68: =IFERROR(K68/#REF!,"") | X68: =IFERROR(IF(X$2=0,"",IF((AND($B68,B68)>0),(((B68-$B68)/($B68))),(((B68-$B68)/ABS($B68))))),"") | Y68: =IFERROR(IF(Y$2=0,"",IF((AND($B68,C68)>0),(((C68-$B68)/($B68))),(((C68-$B68)/ABS($B68))))),"") | Z68: =IFERROR(IF(Z$2=0,"",IF((AND($B68,D68)>0),(((D68-$B68)/($B68))),(((D68-$B68)/ABS($B68))))),"") | AA68: =IFERROR(IF(AA$2=0,"",IF((AND($B68,E68)>0),(((E68-$B68)/($B68))),(((E68-$B68)/ABS($B68))))),"") | AB68: =IFERROR(IF(AB$2=0,"",IF((AND($B68,F68)>0),(((F68-$B68)/($B68))),(((F68-$B68)/ABS($B68))))),"") | AC68: =IFERROR(IF(AC$2=0,"",IF((AND($B68,G68)>0),(((G68-$B68)/($B68))),(((G68-$B68)/ABS($B68))))),"") | AD68: =IFERROR(IF(AD$2=0,"",IF((AND($B68,H68)>0),(((H68-$B68)/($B68))),(((H68-$B68)/ABS($B68))))),"") | AE68: =IFERROR(IF(AE$2=0,"",IF((AND($B68,I68)>0),(((I68-$B68)/($B68))),(((I68-$B68)/ABS($B68))))),"") | ... AG68: =IFERROR(IF(AG$2=0,"",IF((AND($B68,K68)>0),(((K68-$B68)/($B68))),(((K68-$B68)/ABS($B68))))),"") | AI68: =IFERROR(IF(AI$2=0,"",((B68-B68)/ABS(B68))),"") | AJ68: =IFERROR(IF(AJ$2=0,"",((C68-B68)/ABS(B68))),"") | AK68: =IFERROR(IF(AK$2=0,"",((D68-C68)/ABS(C68))),"") | AL68: =IFERROR(IF(AL$2=0,"",((E68-D68)/ABS(D68))),"") | AM68: =IFERROR(IF(AM$2=0,"",((F68-E68)/ABS(E68))),"") | AN68: =IFERROR(IF(AN$2=0,"",((G68-F68)/ABS(F68))),"") | AO68: =IFERROR(IF(AO$2=0,"",((H68-G68)/ABS(G68))),"") | AP68: =IFERROR(IF(AP$2=0,"",((I68-H68)/ABS(H68))),"") | AQ68: =IFERROR(IF(AQ$2=0,"",((J68-I68)/ABS(I68))),"") | AR68: =IFERROR(IF(AR$2=0,"",((K68-J68)/ABS(J68))),"")
M69: =IFERROR(B69/#REF!,"") | N69: =IFERROR(C69/#REF!,"") | O69: =IFERROR(D69/#REF!,"") | P69: =IFERROR(E69/#REF!,"") | Q69: =IFERROR(F69/#REF!,"") | R69: =IFERROR(G69/#REF!,"") | S69: =IFERROR(H69/#REF!,"") | T69: =IFERROR(I69/#REF!,"") | ... V69: =IFERROR(K69/#REF!,"") | X69: =IFERROR(IF(X$2=0,"",IF((AND($B69,B69)>0),(((B69-$B69)/($B69))),(((B69-$B69)/ABS($B69))))),"") | Y69: =IFERROR(IF(Y$2=0,"",IF((AND($B69,C69)>0),(((C69-$B69)/($B69))),(((C69-$B69)/ABS($B69))))),"") | Z69: =IFERROR(IF(Z$2=0,"",IF((AND($B69,D69)>0),(((D69-$B69)/($B69))),(((D69-$B69)/ABS($B69))))),"") | AA69: =IFERROR(IF(AA$2=0,"",IF((AND($B69,E69)>0),(((E69-$B69)/($B69))),(((E69-$B69)/ABS($B69))))),"") | AB69: =IFERROR(IF(AB$2=0,"",IF((AND($B69,F69)>0),(((F69-$B69)/($B69))),(((F69-$B69)/ABS($B69))))),"") | AC69: =IFERROR(IF(AC$2=0,"",IF((AND($B69,G69)>0),(((G69-$B69)/($B69))),(((G69-$B69)/ABS($B69))))),"") | AD69: =IFERROR(IF(AD$2=0,"",IF((AND($B69,H69)>0),(((H69-$B69)/($B69))),(((H69-$B69)/ABS($B69))))),"") | AE69: =IFERROR(IF(AE$2=0,"",IF((AND($B69,I69)>0),(((I69-$B69)/($B69))),(((I69-$B69)/ABS($B69))))),"") | ... AG69: =IFERROR(IF(AG$2=0,"",IF((AND($B69,K69)>0),(((K69-$B69)/($B69))),(((K69-$B69)/ABS($B69))))),"") | AI69: =IFERROR(IF(AI$2=0,"",((B69-B69)/ABS(B69))),"") | AJ69: =IFERROR(IF(AJ$2=0,"",((C69-B69)/ABS(B69))),"") | AK69: =IFERROR(IF(AK$2=0,"",((D69-C69)/ABS(C69))),"") | AL69: =IFERROR(IF(AL$2=0,"",((E69-D69)/ABS(D69))),"") | AM69: =IFERROR(IF(AM$2=0,"",((F69-E69)/ABS(E69))),"") | AN69: =IFERROR(IF(AN$2=0,"",((G69-F69)/ABS(F69))),"") | AO69: =IFERROR(IF(AO$2=0,"",((H69-G69)/ABS(G69))),"") | AP69: =IFERROR(IF(AP$2=0,"",((I69-H69)/ABS(H69))),"") | AQ69: =IFERROR(IF(AQ$2=0,"",((J69-I69)/ABS(I69))),"") | AR69: =IFERROR(IF(AR$2=0,"",((K69-J69)/ABS(J69))),"")
M70: =IFERROR(B70/#REF!,"") | N70: =IFERROR(C70/#REF!,"") | O70: =IFERROR(D70/#REF!,"") | P70: =IFERROR(E70/#REF!,"") | Q70: =IFERROR(F70/#REF!,"") | R70: =IFERROR(G70/#REF!,"") | S70: =IFERROR(H70/#REF!,"") | T70: =IFERROR(I70/#REF!,"") | ... V70: =IFERROR(K70/#REF!,"") | X70: =IFERROR(IF(X$2=0,"",IF((AND($B70,B70)>0),(((B70-$B70)/($B70))),(((B70-$B70)/ABS($B70))))),"") | Y70: =IFERROR(IF(Y$2=0,"",IF((AND($B70,C70)>0),(((C70-$B70)/($B70))),(((C70-$B70)/ABS($B70))))),"") | Z70: =IFERROR(IF(Z$2=0,"",IF((AND($B70,D70)>0),(((D70-$B70)/($B70))),(((D70-$B70)/ABS($B70))))),"") | AA70: =IFERROR(IF(AA$2=0,"",IF((AND($B70,E70)>0),(((E70-$B70)/($B70))),(((E70-$B70)/ABS($B70))))),"") | AB70: =IFERROR(IF(AB$2=0,"",IF((AND($B70,F70)>0),(((F70-$B70)/($B70))),(((F70-$B70)/ABS($B70))))),"") | AC70: =IFERROR(IF(AC$2=0,"",IF((AND($B70,G70)>0),(((G70-$B70)/($B70))),(((G70-$B70)/ABS($B70))))),"") | AD70: =IFERROR(IF(AD$2=0,"",IF((AND($B70,H70)>0),(((H70-$B70)/($B70))),(((H70-$B70)/ABS($B70))))),"") | AE70: =IFERROR(IF(AE$2=0,"",IF((AND($B70,I70)>0),(((I70-$B70)/($B70))),(((I70-$B70)/ABS($B70))))),"") | ... AG70: =IFERROR(IF(AG$2=0,"",IF((AND($B70,K70)>0),(((K70-$B70)/($B70))),(((K70-$B70)/ABS($B70))))),"") | AI70: =IFERROR(IF(AI$2=0,"",((B70-B70)/ABS(B70))),"") | AJ70: =IFERROR(IF(AJ$2=0,"",((C70-B70)/ABS(B70))),"") | AK70: =IFERROR(IF(AK$2=0,"",((D70-C70)/ABS(C70))),"") | AL70: =IFERROR(IF(AL$2=0,"",((E70-D70)/ABS(D70))),"") | AM70: =IFERROR(IF(AM$2=0,"",((F70-E70)/ABS(E70))),"") | AN70: =IFERROR(IF(AN$2=0,"",((G70-F70)/ABS(F70))),"") | AO70: =IFERROR(IF(AO$2=0,"",((H70-G70)/ABS(G70))),"") | AP70: =IFERROR(IF(AP$2=0,"",((I70-H70)/ABS(H70))),"") | AQ70: =IFERROR(IF(AQ$2=0,"",((J70-I70)/ABS(I70))),"") | AR70: =IFERROR(IF(AR$2=0,"",((K70-J70)/ABS(J70))),"")
M71: =IFERROR(B71/#REF!,"") | N71: =IFERROR(C71/#REF!,"") | O71: =IFERROR(D71/#REF!,"") | P71: =IFERROR(E71/#REF!,"") | Q71: =IFERROR(F71/#REF!,"") | R71: =IFERROR(G71/#REF!,"") | S71: =IFERROR(H71/#REF!,"") | T71: =IFERROR(I71/#REF!,"") | ... V71: =IFERROR(K71/#REF!,"") | X71: =IFERROR(IF(X$2=0,"",IF((AND($B71,B71)>0),(((B71-$B71)/($B71))),(((B71-$B71)/ABS($B71))))),"") | Y71: =IFERROR(IF(Y$2=0,"",IF((AND($B71,C71)>0),(((C71-$B71)/($B71))),(((C71-$B71)/ABS($B71))))),"") | Z71: =IFERROR(IF(Z$2=0,"",IF((AND($B71,D71)>0),(((D71-$B71)/($B71))),(((D71-$B71)/ABS($B71))))),"") | AA71: =IFERROR(IF(AA$2=0,"",IF((AND($B71,E71)>0),(((E71-$B71)/($B71))),(((E71-$B71)/ABS($B71))))),"") | AB71: =IFERROR(IF(AB$2=0,"",IF((AND($B71,F71)>0),(((F71-$B71)/($B71))),(((F71-$B71)/ABS($B71))))),"") | AC71: =IFERROR(IF(AC$2=0,"",IF((AND($B71,G71)>0),(((G71-$B71)/($B71))),(((G71-$B71)/ABS($B71))))),"") | AD71: =IFERROR(IF(AD$2=0,"",IF((AND($B71,H71)>0),(((H71-$B71)/($B71))),(((H71-$B71)/ABS($B71))))),"") | AE71: =IFERROR(IF(AE$2=0,"",IF((AND($B71,I71)>0),(((I71-$B71)/($B71))),(((I71-$B71)/ABS($B71))))),"") | ... AG71: =IFERROR(IF(AG$2=0,"",IF((AND($B71,K71)>0),(((K71-$B71)/($B71))),(((K71-$B71)/ABS($B71))))),"") | AI71: =IFERROR(IF(AI$2=0,"",((B71-B71)/ABS(B71))),"") | AJ71: =IFERROR(IF(AJ$2=0,"",((C71-B71)/ABS(B71))),"") | AK71: =IFERROR(IF(AK$2=0,"",((D71-C71)/ABS(C71))),"") | AL71: =IFERROR(IF(AL$2=0,"",((E71-D71)/ABS(D71))),"") | AM71: =IFERROR(IF(AM$2=0,"",((F71-E71)/ABS(E71))),"") | AN71: =IFERROR(IF(AN$2=0,"",((G71-F71)/ABS(F71))),"") | AO71: =IFERROR(IF(AO$2=0,"",((H71-G71)/ABS(G71))),"") | AP71: =IFERROR(IF(AP$2=0,"",((I71-H71)/ABS(H71))),"") | AQ71: =IFERROR(IF(AQ$2=0,"",((J71-I71)/ABS(I71))),"") | AR71: =IFERROR(IF(AR$2=0,"",((K71-J71)/ABS(J71))),"")
M72: =IFERROR(B72/#REF!,"") | N72: =IFERROR(C72/#REF!,"") | O72: =IFERROR(D72/#REF!,"") | P72: =IFERROR(E72/#REF!,"") | Q72: =IFERROR(F72/#REF!,"") | R72: =IFERROR(G72/#REF!,"") | S72: =IFERROR(H72/#REF!,"") | T72: =IFERROR(I72/#REF!,"") | ... V72: =IFERROR(K72/#REF!,"") | X72: =IFERROR(IF(X$2=0,"",IF((AND($B72,B72)>0),(((B72-$B72)/($B72))),(((B72-$B72)/ABS($B72))))),"") | Y72: =IFERROR(IF(Y$2=0,"",IF((AND($B72,C72)>0),(((C72-$B72)/($B72))),(((C72-$B72)/ABS($B72))))),"") | Z72: =IFERROR(IF(Z$2=0,"",IF((AND($B72,D72)>0),(((D72-$B72)/($B72))),(((D72-$B72)/ABS($B72))))),"") | AA72: =IFERROR(IF(AA$2=0,"",IF((AND($B72,E72)>0),(((E72-$B72)/($B72))),(((E72-$B72)/ABS($B72))))),"") | AB72: =IFERROR(IF(AB$2=0,"",IF((AND($B72,F72)>0),(((F72-$B72)/($B72))),(((F72-$B72)/ABS($B72))))),"") | AC72: =IFERROR(IF(AC$2=0,"",IF((AND($B72,G72)>0),(((G72-$B72)/($B72))),(((G72-$B72)/ABS($B72))))),"") | AD72: =IFERROR(IF(AD$2=0,"",IF((AND($B72,H72)>0),(((H72-$B72)/($B72))),(((H72-$B72)/ABS($B72))))),"") | AE72: =IFERROR(IF(AE$2=0,"",IF((AND($B72,I72)>0),(((I72-$B72)/($B72))),(((I72-$B72)/ABS($B72))))),"") | ... AG72: =IFERROR(IF(AG$2=0,"",IF((AND($B72,K72)>0),(((K72-$B72)/($B72))),(((K72-$B72)/ABS($B72))))),"") | AI72: =IFERROR(IF(AI$2=0,"",((B72-B72)/ABS(B72))),"") | AJ72: =IFERROR(IF(AJ$2=0,"",((C72-B72)/ABS(B72))),"") | AK72: =IFERROR(IF(AK$2=0,"",((D72-C72)/ABS(C72))),"") | AL72: =IFERROR(IF(AL$2=0,"",((E72-D72)/ABS(D72))),"") | AM72: =IFERROR(IF(AM$2=0,"",((F72-E72)/ABS(E72))),"") | AN72: =IFERROR(IF(AN$2=0,"",((G72-F72)/ABS(F72))),"") | AO72: =IFERROR(IF(AO$2=0,"",((H72-G72)/ABS(G72))),"") | AP72: =IFERROR(IF(AP$2=0,"",((I72-H72)/ABS(H72))),"") | AQ72: =IFERROR(IF(AQ$2=0,"",((J72-I72)/ABS(I72))),"") | AR72: =IFERROR(IF(AR$2=0,"",((K72-J72)/ABS(J72))),"")
M73: =IFERROR(B73/#REF!,"") | N73: =IFERROR(C73/#REF!,"") | O73: =IFERROR(D73/#REF!,"") | P73: =IFERROR(E73/#REF!,"") | Q73: =IFERROR(F73/#REF!,"") | R73: =IFERROR(G73/#REF!,"") | S73: =IFERROR(H73/#REF!,"") | T73: =IFERROR(I73/#REF!,"") | ... V73: =IFERROR(K73/#REF!,"") | X73: =IFERROR(IF(X$2=0,"",IF((AND($B73,B73)>0),(((B73-$B73)/($B73))),(((B73-$B73)/ABS($B73))))),"") | Y73: =IFERROR(IF(Y$2=0,"",IF((AND($B73,C73)>0),(((C73-$B73)/($B73))),(((C73-$B73)/ABS($B73))))),"") | Z73: =IFERROR(IF(Z$2=0,"",IF((AND($B73,D73)>0),(((D73-$B73)/($B73))),(((D73-$B73)/ABS($B73))))),"") | AA73: =IFERROR(IF(AA$2=0,"",IF((AND($B73,E73)>0),(((E73-$B73)/($B73))),(((E73-$B73)/ABS($B73))))),"") | AB73: =IFERROR(IF(AB$2=0,"",IF((AND($B73,F73)>0),(((F73-$B73)/($B73))),(((F73-$B73)/ABS($B73))))),"") | AC73: =IFERROR(IF(AC$2=0,"",IF((AND($B73,G73)>0),(((G73-$B73)/($B73))),(((G73-$B73)/ABS($B73))))),"") | AD73: =IFERROR(IF(AD$2=0,"",IF((AND($B73,H73)>0),(((H73-$B73)/($B73))),(((H73-$B73)/ABS($B73))))),"") | AE73: =IFERROR(IF(AE$2=0,"",IF((AND($B73,I73)>0),(((I73-$B73)/($B73))),(((I73-$B73)/ABS($B73))))),"") | ... AG73: =IFERROR(IF(AG$2=0,"",IF((AND($B73,K73)>0),(((K73-$B73)/($B73))),(((K73-$B73)/ABS($B73))))),"") | AI73: =IFERROR(IF(AI$2=0,"",((B73-B73)/ABS(B73))),"") | AJ73: =IFERROR(IF(AJ$2=0,"",((C73-B73)/ABS(B73))),"") | AK73: =IFERROR(IF(AK$2=0,"",((D73-C73)/ABS(C73))),"") | AL73: =IFERROR(IF(AL$2=0,"",((E73-D73)/ABS(D73))),"") | AM73: =IFERROR(IF(AM$2=0,"",((F73-E73)/ABS(E73))),"") | AN73: =IFERROR(IF(AN$2=0,"",((G73-F73)/ABS(F73))),"") | AO73: =IFERROR(IF(AO$2=0,"",((H73-G73)/ABS(G73))),"") | AP73: =IFERROR(IF(AP$2=0,"",((I73-H73)/ABS(H73))),"") | AQ73: =IFERROR(IF(AQ$2=0,"",((J73-I73)/ABS(I73))),"") | AR73: =IFERROR(IF(AR$2=0,"",((K73-J73)/ABS(J73))),"")
M74: =IFERROR(B74/#REF!,"") | N74: =IFERROR(C74/#REF!,"") | O74: =IFERROR(D74/#REF!,"") | P74: =IFERROR(E74/#REF!,"") | Q74: =IFERROR(F74/#REF!,"") | R74: =IFERROR(G74/#REF!,"") | S74: =IFERROR(H74/#REF!,"") | T74: =IFERROR(I74/#REF!,"") | ... V74: =IFERROR(K74/#REF!,"") | X74: =IFERROR(IF(X$2=0,"",IF((AND($B74,B74)>0),(((B74-$B74)/($B74))),(((B74-$B74)/ABS($B74))))),"") | Y74: =IFERROR(IF(Y$2=0,"",IF((AND($B74,C74)>0),(((C74-$B74)/($B74))),(((C74-$B74)/ABS($B74))))),"") | Z74: =IFERROR(IF(Z$2=0,"",IF((AND($B74,D74)>0),(((D74-$B74)/($B74))),(((D74-$B74)/ABS($B74))))),"") | AA74: =IFERROR(IF(AA$2=0,"",IF((AND($B74,E74)>0),(((E74-$B74)/($B74))),(((E74-$B74)/ABS($B74))))),"") | AB74: =IFERROR(IF(AB$2=0,"",IF((AND($B74,F74)>0),(((F74-$B74)/($B74))),(((F74-$B74)/ABS($B74))))),"") | AC74: =IFERROR(IF(AC$2=0,"",IF((AND($B74,G74)>0),(((G74-$B74)/($B74))),(((G74-$B74)/ABS($B74))))),"") | AD74: =IFERROR(IF(AD$2=0,"",IF((AND($B74,H74)>0),(((H74-$B74)/($B74))),(((H74-$B74)/ABS($B74))))),"") | AE74: =IFERROR(IF(AE$2=0,"",IF((AND($B74,I74)>0),(((I74-$B74)/($B74))),(((I74-$B74)/ABS($B74))))),"") | ... AG74: =IFERROR(IF(AG$2=0,"",IF((AND($B74,K74)>0),(((K74-$B74)/($B74))),(((K74-$B74)/ABS($B74))))),"") | AI74: =IFERROR(IF(AI$2=0,"",((B74-B74)/ABS(B74))),"") | AJ74: =IFERROR(IF(AJ$2=0,"",((C74-B74)/ABS(B74))),"") | AK74: =IFERROR(IF(AK$2=0,"",((D74-C74)/ABS(C74))),"") | AL74: =IFERROR(IF(AL$2=0,"",((E74-D74)/ABS(D74))),"") | AM74: =IFERROR(IF(AM$2=0,"",((F74-E74)/ABS(E74))),"") | AN74: =IFERROR(IF(AN$2=0,"",((G74-F74)/ABS(F74))),"") | AO74: =IFERROR(IF(AO$2=0,"",((H74-G74)/ABS(G74))),"") | AP74: =IFERROR(IF(AP$2=0,"",((I74-H74)/ABS(H74))),"") | AQ74: =IFERROR(IF(AQ$2=0,"",((J74-I74)/ABS(I74))),"") | AR74: =IFERROR(IF(AR$2=0,"",((K74-J74)/ABS(J74))),"")
... M95: =IFERROR(B95/#REF!,"") | N95: =IFERROR(C95/#REF!,"") | O95: =IFERROR(D95/#REF!,"") | P95: =IFERROR(E95/#REF!,"") | Q95: =IFERROR(F95/#REF!,"") | R95: =IFERROR(G95/#REF!,"") | S95: =IFERROR(H95/#REF!,"") | T95: =IFERROR(I95/#REF!,"") | ... V95: =IFERROR(K95/#REF!,"") | X95: =IFERROR(IF(X$2=0,"",IF((AND($B95,B95)>0),(((B95-$B95)/($B95))),(((B95-$B95)/ABS($B95))))),"") | Y95: =IFERROR(IF(Y$2=0,"",IF((AND($B95,C95)>0),(((C95-$B95)/($B95))),(((C95-$B95)/ABS($B95))))),"") | Z95: =IFERROR(IF(Z$2=0,"",IF((AND($B95,D95)>0),(((D95-$B95)/($B95))),(((D95-$B95)/ABS($B95))))),"") | AA95: =IFERROR(IF(AA$2=0,"",IF((AND($B95,E95)>0),(((E95-$B95)/($B95))),(((E95-$B95)/ABS($B95))))),"") | AB95: =IFERROR(IF(AB$2=0,"",IF((AND($B95,F95)>0),(((F95-$B95)/($B95))),(((F95-$B95)/ABS($B95))))),"") | AC95: =IFERROR(IF(AC$2=0,"",IF((AND($B95,G95)>0),(((G95-$B95)/($B95))),(((G95-$B95)/ABS($B95))))),"") | AD95: =IFERROR(IF(AD$2=0,"",IF((AND($B95,H95)>0),(((H95-$B95)/($B95))),(((H95-$B95)/ABS($B95))))),"") | AE95: =IFERROR(IF(AE$2=0,"",IF((AND($B95,I95)>0),(((I95-$B95)/($B95))),(((I95-$B95)/ABS($B95))))),"") | ... AG95: =IFERROR(IF(AG$2=0,"",IF((AND($B95,K95)>0),(((K95-$B95)/($B95))),(((K95-$B95)/ABS($B95))))),"") | AI95: =IFERROR(IF(AI$2=0,"",((B95-B95)/ABS(B95))),"") | AJ95: =IFERROR(IF(AJ$2=0,"",((C95-B95)/ABS(B95))),"") | AK95: =IFERROR(IF(AK$2=0,"",((D95-C95)/ABS(C95))),"") | AL95: =IFERROR(IF(AL$2=0,"",((E95-D95)/ABS(D95))),"") | AM95: =IFERROR(IF(AM$2=0,"",((F95-E95)/ABS(E95))),"") | AN95: =IFERROR(IF(AN$2=0,"",((G95-F95)/ABS(F95))),"") | AO95: =IFERROR(IF(AO$2=0,"",((H95-G95)/ABS(G95))),"") | AP95: =IFERROR(IF(AP$2=0,"",((I95-H95)/ABS(H95))),"") | AQ95: =IFERROR(IF(AQ$2=0,"",((J95-I95)/ABS(I95))),"") | AR95: =IFERROR(IF(AR$2=0,"",((K95-J95)/ABS(J95))),"")

Sheet A2. PYG
A1: CUENTA DE PÉRDIDAS Y GANANCIAS | M1: ANÁLISIS VERTICAL | X1: ANÁLISIS HORIZONTAL (AÑO 0) | AI1: ANÁLISIS HORIZONTAL (AÑO N-1)
A2: (En Euros) | B2: ='A1. BALANCES'!B2 -> 2022 | C2: ='A1. BALANCES'!C2 -> 2023 | D2: ='A1. BALANCES'!D2 -> 2024 | E2: ='A1. BALANCES'!E2 -> 2025 | F2: ='A1. BALANCES'!F2 -> 2026 | G2: ='A1. BALANCES'!G2 -> 2027 | H2: ='A1. BALANCES'!H2 -> 0 | I2: ='A1. BALANCES'!I2 -> 0 | ... K2: ='A1. BALANCES'!K2 -> 0 | M2: ='A1. BALANCES'!M2 -> 2022 | N2: ='A1. BALANCES'!N2 -> 2023 | O2: ='A1. BALANCES'!O2 -> 2024 | P2: ='A1. BALANCES'!P2 -> 2025 | Q2: ='A1. BALANCES'!Q2 -> 2026 | R2: ='A1. BALANCES'!R2 -> 2027 | S2: ='A1. BALANCES'!S2 -> 0 | T2: ='A1. BALANCES'!T2 -> 0 | ... V2: ='A1. BALANCES'!V2 -> 0 | X2: ='A1. BALANCES'!X2 -> 2022 | Y2: ='A1. BALANCES'!Y2 -> 2023 | Z2: ='A1. BALANCES'!Z2 -> 2024 | AA2: ='A1. BALANCES'!AA2 -> 2025 | AB2: ='A1. BALANCES'!AB2 -> 2026 | AC2: ='A1. BALANCES'!AC2 -> 2027 | AD2: ='A1. BALANCES'!AD2 -> 0 | AE2: ='A1. BALANCES'!AE2 -> 0 | ... AG2: ='A1. BALANCES'!AG2 -> 0 | AI2: ='A1. BALANCES'!AI2 -> 2022 | AJ2: ='A1. BALANCES'!AJ2 -> 2023 | AK2: ='A1. BALANCES'!AK2 -> 2024 | AL2: ='A1. BALANCES'!AL2 -> 2025 | AM2: ='A1. BALANCES'!AM2 -> 2026 | AN2: ='A1. BALANCES'!AN2 -> 2027 | AO2: ='A1. BALANCES'!AO2 -> 0 | AP2: ='A1. BALANCES'!AP2 -> 0 | ... AR2: ='A1. BALANCES'!AR2 -> 0
A3: 1. Importe neto de la cifra de negocios | M3: =IFERROR(IF(M2=0,"",B3/B$3),"") | N3: =IFERROR(IF(N2=0,"",C3/C$3),"") | O3: =IFERROR(IF(O2=0,"",D3/D$3),"") | P3: =IFERROR(IF(P2=0,"",E3/E$3),"") | Q3: =IFERROR(IF(Q2=0,"",F3/F$3),"") | R3: =IFERROR(IF(R2=0,"",G3/G$3),"") | S3: =IFERROR(IF(S2=0,"",H3/H$3),"") | T3: =IFERROR(IF(T2=0,"",I3/I$3),"") | ... V3: =IFERROR(IF(V2=0,"",K3/K$3),"") | X3: =IFERROR(IF(X$2=0,"",IF((AND($B3,B3)>0),(((B3-$B3)/($B3))),(((B3-$B3)/ABS($B3))))),"") | Y3: =IFERROR(IF(Y$2=0,"",IF((AND($B3,C3)>0),(((C3-$B3)/($B3))),(((C3-$B3)/ABS($B3))))),"") | Z3: =IFERROR(IF(Z$2=0,"",IF((AND($B3,D3)>0),(((D3-$B3)/($B3))),(((D3-$B3)/ABS($B3))))),"") | AA3: =IFERROR(IF(AA$2=0,"",IF((AND($B3,E3)>0),(((E3-$B3)/($B3))),(((E3-$B3)/ABS($B3))))),"") | AB3: =IFERROR(IF(AB$2=0,"",IF((AND($B3,F3)>0),(((F3-$B3)/($B3))),(((F3-$B3)/ABS($B3))))),"") | AC3: =IFERROR(IF(AC$2=0,"",IF((AND($B3,G3)>0),(((G3-$B3)/($B3))),(((G3-$B3)/ABS($B3))))),"") | AD3: =IFERROR(IF(AD$2=0,"",IF((AND($B3,H3)>0),(((H3-$B3)/($B3))),(((H3-$B3)/ABS($B3))))),"") | AI3: =IFERROR(IF(AI$2=0,"",((B3-B3)/ABS(B3))),"") | AJ3: =IFERROR(IF(AJ$2=0,"",((B3-C3)/ABS(C3))),"") | AK3: =IFERROR(IF(AK$2=0,"",((C3-D3)/ABS(D3))),"") | AL3: =IFERROR(IF(AL$2=0,"",((D3-E3)/ABS(E3))),"") | AM3: =IFERROR(IF(AM$2=0,"",((E3-F3)/ABS(F3))),"") | AN3: =IFERROR(IF(AN$2=0,"",((F3-G3)/ABS(G3))),"") | AO3: =IFERROR(IF(AO$2=0,"",((G3-H3)/ABS(H3))),"") | AP3: =IFERROR(IF(AP$2=0,"",((H3-I3)/ABS(I3))),"") | AQ3: =IFERROR(IF(AQ$2=0,"",((I3-J3)/ABS(J3))),"") | AR3: =IFERROR(IF(AR$2=0,"",((J3-K3)/ABS(K3))),"")
A4: 2. Variación de existencias de productos terminados y en curso de fabricación | M4: =IFERROR(IF(M3=0,"",B4/B$3),"") | N4: =IFERROR(IF(N3=0,"",C4/C$3),"") | O4: =IFERROR(IF(O3=0,"",D4/D$3),"") | P4: =IFERROR(IF(P3=0,"",E4/E$3),"") | Q4: =IFERROR(IF(Q3=0,"",F4/F$3),"") | R4: =IFERROR(IF(R3=0,"",G4/G$3),"") | S4: =IFERROR(IF(S3=0,"",H4/H$3),"") | T4: =IFERROR(IF(T3=0,"",I4/I$3),"") | ... V4: =IFERROR(IF(V3=0,"",K4/K$3),"") | X4: =IFERROR(IF(X$2=0,"",IF((AND($B4,B4)>0),(((B4-$B4)/($B4))),(((B4-$B4)/ABS($B4))))),"") | Y4: =IFERROR(IF(Y$2=0,"",IF((AND($B4,C4)>0),(((C4-$B4)/($B4))),(((C4-$B4)/ABS($B4))))),"") | Z4: =IFERROR(IF(Z$2=0,"",IF((AND($B4,D4)>0),(((D4-$B4)/($B4))),(((D4-$B4)/ABS($B4))))),"") | AA4: =IFERROR(IF(AA$2=0,"",IF((AND($B4,E4)>0),(((E4-$B4)/($B4))),(((E4-$B4)/ABS($B4))))),"") | AB4: =IFERROR(IF(AB$2=0,"",IF((AND($B4,F4)>0),(((F4-$B4)/($B4))),(((F4-$B4)/ABS($B4))))),"") | AC4: =IFERROR(IF(AC$2=0,"",IF((AND($B4,G4)>0),(((G4-$B4)/($B4))),(((G4-$B4)/ABS($B4))))),"") | AD4: =IFERROR(IF(AD$2=0,"",IF((AND($B4,H4)>0),(((H4-$B4)/($B4))),(((H4-$B4)/ABS($B4))))),"") | AI4: =IFERROR(IF(AI$2=0,"",((B4-B4)/ABS(B4))),"") | AJ4: =IFERROR(IF(AJ$2=0,"",((B4-C4)/ABS(C4))),"") | AK4: =IFERROR(IF(AK$2=0,"",((C4-D4)/ABS(D4))),"") | AL4: =IFERROR(IF(AL$2=0,"",((D4-E4)/ABS(E4))),"") | AM4: =IFERROR(IF(AM$2=0,"",((E4-F4)/ABS(F4))),"") | AN4: =IFERROR(IF(AN$2=0,"",((F4-G4)/ABS(G4))),"") | AO4: =IFERROR(IF(AO$2=0,"",((G4-H4)/ABS(H4))),"") | AP4: =IFERROR(IF(AP$2=0,"",((H4-I4)/ABS(I4))),"") | AQ4: =IFERROR(IF(AQ$2=0,"",((I4-J4)/ABS(J4))),"") | AR4: =IFERROR(IF(AR$2=0,"",((J4-K4)/ABS(K4))),"")
A5: 3. Trabajos realizados por la empresa para su activo | M5: =IFERROR(IF(M4=0,"",B5/B$3),"") | N5: =IFERROR(IF(N4=0,"",C5/C$3),"") | O5: =IFERROR(IF(O4=0,"",D5/D$3),"") | P5: =IFERROR(IF(P4=0,"",E5/E$3),"") | Q5: =IFERROR(IF(Q4=0,"",F5/F$3),"") | R5: =IFERROR(IF(R4=0,"",G5/G$3),"") | S5: =IFERROR(IF(S4=0,"",H5/H$3),"") | T5: =IFERROR(IF(T4=0,"",I5/I$3),"") | ... V5: =IFERROR(IF(V4=0,"",K5/K$3),"") | X5: =IFERROR(IF(X$2=0,"",IF((AND($B5,B5)>0),(((B5-$B5)/($B5))),(((B5-$B5)/ABS($B5))))),"") | Y5: =IFERROR(IF(Y$2=0,"",IF((AND($B5,C5)>0),(((C5-$B5)/($B5))),(((C5-$B5)/ABS($B5))))),"") | Z5: =IFERROR(IF(Z$2=0,"",IF((AND($B5,D5)>0),(((D5-$B5)/($B5))),(((D5-$B5)/ABS($B5))))),"") | AA5: =IFERROR(IF(AA$2=0,"",IF((AND($B5,E5)>0),(((E5-$B5)/($B5))),(((E5-$B5)/ABS($B5))))),"") | AB5: =IFERROR(IF(AB$2=0,"",IF((AND($B5,F5)>0),(((F5-$B5)/($B5))),(((F5-$B5)/ABS($B5))))),"") | AC5: =IFERROR(IF(AC$2=0,"",IF((AND($B5,G5)>0),(((G5-$B5)/($B5))),(((G5-$B5)/ABS($B5))))),"") | AD5: =IFERROR(IF(AD$2=0,"",IF((AND($B5,H5)>0),(((H5-$B5)/($B5))),(((H5-$B5)/ABS($B5))))),"") | AI5: =IFERROR(IF(AI$2=0,"",((B5-B5)/ABS(B5))),"") | AJ5: =IFERROR(IF(AJ$2=0,"",((B5-C5)/ABS(C5))),"") | AK5: =IFERROR(IF(AK$2=0,"",((C5-D5)/ABS(D5))),"") | AL5: =IFERROR(IF(AL$2=0,"",((D5-E5)/ABS(E5))),"") | AM5: =IFERROR(IF(AM$2=0,"",((E5-F5)/ABS(F5))),"") | AN5: =IFERROR(IF(AN$2=0,"",((F5-G5)/ABS(G5))),"") | AO5: =IFERROR(IF(AO$2=0,"",((G5-H5)/ABS(H5))),"") | AP5: =IFERROR(IF(AP$2=0,"",((H5-I5)/ABS(I5))),"") | AQ5: =IFERROR(IF(AQ$2=0,"",((I5-J5)/ABS(J5))),"") | AR5: =IFERROR(IF(AR$2=0,"",((J5-K5)/ABS(K5))),"")
A6: 4. Aprovisionamientos | M6: =IFERROR(IF(M5=0,"",B6/B$3),"") | N6: =IFERROR(IF(N5=0,"",C6/C$3),"") | O6: =IFERROR(IF(O5=0,"",D6/D$3),"") | P6: =IFERROR(IF(P5=0,"",E6/E$3),"") | Q6: =IFERROR(IF(Q5=0,"",F6/F$3),"") | R6: =IFERROR(IF(R5=0,"",G6/G$3),"") | S6: =IFERROR(IF(S5=0,"",H6/H$3),"") | T6: =IFERROR(IF(T5=0,"",I6/I$3),"") | ... V6: =IFERROR(IF(V5=0,"",K6/K$3),"") | X6: =IFERROR(IF(X$2=0,"",IF((AND($B6,B6)>0),(((B6-$B6)/($B6))),(((B6-$B6)/ABS($B6))))),"") | Y6: =IFERROR(IF(Y$2=0,"",IF((AND($B6,C6)>0),(((C6-$B6)/($B6))),(((C6-$B6)/ABS($B6))))),"") | Z6: =IFERROR(IF(Z$2=0,"",IF((AND($B6,D6)>0),(((D6-$B6)/($B6))),(((D6-$B6)/ABS($B6))))),"") | AA6: =IFERROR(IF(AA$2=0,"",IF((AND($B6,E6)>0),(((E6-$B6)/($B6))),(((E6-$B6)/ABS($B6))))),"") | AB6: =IFERROR(IF(AB$2=0,"",IF((AND($B6,F6)>0),(((F6-$B6)/($B6))),(((F6-$B6)/ABS($B6))))),"") | AC6: =IFERROR(IF(AC$2=0,"",IF((AND($B6,G6)>0),(((G6-$B6)/($B6))),(((G6-$B6)/ABS($B6))))),"") | AD6: =IFERROR(IF(AD$2=0,"",IF((AND($B6,H6)>0),(((H6-$B6)/($B6))),(((H6-$B6)/ABS($B6))))),"") | AI6: =IFERROR(IF(AI$2=0,"",((B6-B6)/ABS(B6))),"") | AJ6: =IFERROR(IF(AJ$2=0,"",((B6-C6)/ABS(C6))),"") | AK6: =IFERROR(IF(AK$2=0,"",((C6-D6)/ABS(D6))),"") | AL6: =IFERROR(IF(AL$2=0,"",((D6-E6)/ABS(E6))),"") | AM6: =IFERROR(IF(AM$2=0,"",((E6-F6)/ABS(F6))),"") | AN6: =IFERROR(IF(AN$2=0,"",((F6-G6)/ABS(G6))),"") | AO6: =IFERROR(IF(AO$2=0,"",((G6-H6)/ABS(H6))),"") | AP6: =IFERROR(IF(AP$2=0,"",((H6-I6)/ABS(I6))),"") | AQ6: =IFERROR(IF(AQ$2=0,"",((I6-J6)/ABS(J6))),"") | AR6: =IFERROR(IF(AR$2=0,"",((J6-K6)/ABS(K6))),"")
A7: A) MARGEN BRUTO (1+2+3-4) | B7: =B37 -> 0 | C7: =C37 -> 0 | D7: =D37 -> 0 | E7: =E37 -> 0 | F7: =F37 -> 0 | G7: =G37 -> 0 | H7: =H37 -> 0 | I7: =I37 -> 0 | ... K7: =K37 -> 0 | M7: =IFERROR(IF(M6=0,"",B7/B$3),"") | N7: =IFERROR(IF(N6=0,"",C7/C$3),"") | O7: =IFERROR(IF(O6=0,"",D7/D$3),"") | P7: =IFERROR(IF(P6=0,"",E7/E$3),"") | Q7: =IFERROR(IF(Q6=0,"",F7/F$3),"") | R7: =IFERROR(IF(R6=0,"",G7/G$3),"") | S7: =IFERROR(IF(S6=0,"",H7/H$3),"") | T7: =IFERROR(IF(T6=0,"",I7/I$3),"") | ... V7: =IFERROR(IF(V6=0,"",K7/K$3),"") | X7: =IFERROR(IF(X$2=0,"",IF((AND($B7,B7)>0),(((B7-$B7)/($B7))),(((B7-$B7)/ABS($B7))))),"") | Y7: =IFERROR(IF(Y$2=0,"",IF((AND($B7,C7)>0),(((C7-$B7)/($B7))),(((C7-$B7)/ABS($B7))))),"") | Z7: =IFERROR(IF(Z$2=0,"",IF((AND($B7,D7)>0),(((D7-$B7)/($B7))),(((D7-$B7)/ABS($B7))))),"") | AA7: =IFERROR(IF(AA$2=0,"",IF((AND($B7,E7)>0),(((E7-$B7)/($B7))),(((E7-$B7)/ABS($B7))))),"") | AB7: =IFERROR(IF(AB$2=0,"",IF((AND($B7,F7)>0),(((F7-$B7)/($B7))),(((F7-$B7)/ABS($B7))))),"") | AC7: =IFERROR(IF(AC$2=0,"",IF((AND($B7,G7)>0),(((G7-$B7)/($B7))),(((G7-$B7)/ABS($B7))))),"") | AD7: =IFERROR(IF(AD$2=0,"",IF((AND($B7,H7)>0),(((H7-$B7)/($B7))),(((H7-$B7)/ABS($B7))))),"") | AI7: =IFERROR(IF(AI$2=0,"",((B7-B7)/ABS(B7))),"") | AJ7: =IFERROR(IF(AJ$2=0,"",((B7-C7)/ABS(C7))),"") | AK7: =IFERROR(IF(AK$2=0,"",((C7-D7)/ABS(D7))),"") | AL7: =IFERROR(IF(AL$2=0,"",((D7-E7)/ABS(E7))),"") | AM7: =IFERROR(IF(AM$2=0,"",((E7-F7)/ABS(F7))),"") | AN7: =IFERROR(IF(AN$2=0,"",((F7-G7)/ABS(G7))),"") | AO7: =IFERROR(IF(AO$2=0,"",((G7-H7)/ABS(H7))),"") | AP7: =IFERROR(IF(AP$2=0,"",((H7-I7)/ABS(I7))),"") | AQ7: =IFERROR(IF(AQ$2=0,"",((I7-J7)/ABS(J7))),"") | AR7: =IFERROR(IF(AR$2=0,"",((J7-K7)/ABS(K7))),"")
A8: 5. Otros ingresos de explotacion | M8: =IFERROR(IF(M7=0,"",B8/B$3),"") | N8: =IFERROR(IF(N7=0,"",C8/C$3),"") | O8: =IFERROR(IF(O7=0,"",D8/D$3),"") | P8: =IFERROR(IF(P7=0,"",E8/E$3),"") | Q8: =IFERROR(IF(Q7=0,"",F8/F$3),"") | R8: =IFERROR(IF(R7=0,"",G8/G$3),"") | S8: =IFERROR(IF(S7=0,"",H8/H$3),"") | T8: =IFERROR(IF(T7=0,"",I8/I$3),"") | ... V8: =IFERROR(IF(V7=0,"",K8/K$3),"") | X8: =IFERROR(IF(X$2=0,"",IF((AND($B8,B8)>0),(((B8-$B8)/($B8))),(((B8-$B8)/ABS($B8))))),"") | Y8: =IFERROR(IF(Y$2=0,"",IF((AND($B8,C8)>0),(((C8-$B8)/($B8))),(((C8-$B8)/ABS($B8))))),"") | Z8: =IFERROR(IF(Z$2=0,"",IF((AND($B8,D8)>0),(((D8-$B8)/($B8))),(((D8-$B8)/ABS($B8))))),"") | AA8: =IFERROR(IF(AA$2=0,"",IF((AND($B8,E8)>0),(((E8-$B8)/($B8))),(((E8-$B8)/ABS($B8))))),"") | AB8: =IFERROR(IF(AB$2=0,"",IF((AND($B8,F8)>0),(((F8-$B8)/($B8))),(((F8-$B8)/ABS($B8))))),"") | AC8: =IFERROR(IF(AC$2=0,"",IF((AND($B8,G8)>0),(((G8-$B8)/($B8))),(((G8-$B8)/ABS($B8))))),"") | AD8: =IFERROR(IF(AD$2=0,"",IF((AND($B8,H8)>0),(((H8-$B8)/($B8))),(((H8-$B8)/ABS($B8))))),"") | AI8: =IFERROR(IF(AI$2=0,"",((B8-B8)/ABS(B8))),"") | AJ8: =IFERROR(IF(AJ$2=0,"",((B8-C8)/ABS(C8))),"") | AK8: =IFERROR(IF(AK$2=0,"",((C8-D8)/ABS(D8))),"") | AL8: =IFERROR(IF(AL$2=0,"",((D8-E8)/ABS(E8))),"") | AM8: =IFERROR(IF(AM$2=0,"",((E8-F8)/ABS(F8))),"") | AN8: =IFERROR(IF(AN$2=0,"",((F8-G8)/ABS(G8))),"") | AO8: =IFERROR(IF(AO$2=0,"",((G8-H8)/ABS(H8))),"") | AP8: =IFERROR(IF(AP$2=0,"",((H8-I8)/ABS(I8))),"") | AQ8: =IFERROR(IF(AQ$2=0,"",((I8-J8)/ABS(J8))),"") | AR8: =IFERROR(IF(AR$2=0,"",((J8-K8)/ABS(K8))),"")
A9: 6. Gastos de personal | M9: =IFERROR(IF(M8=0,"",B9/B$3),"") | N9: =IFERROR(IF(N8=0,"",C9/C$3),"") | O9: =IFERROR(IF(O8=0,"",D9/D$3),"") | P9: =IFERROR(IF(P8=0,"",E9/E$3),"") | Q9: =IFERROR(IF(Q8=0,"",F9/F$3),"") | R9: =IFERROR(IF(R8=0,"",G9/G$3),"") | S9: =IFERROR(IF(S8=0,"",H9/H$3),"") | T9: =IFERROR(IF(T8=0,"",I9/I$3),"") | ... V9: =IFERROR(IF(V8=0,"",K9/K$3),"") | X9: =IFERROR(IF(X$2=0,"",IF((AND($B9,B9)>0),(((B9-$B9)/($B9))),(((B9-$B9)/ABS($B9))))),"") | Y9: =IFERROR(IF(Y$2=0,"",IF((AND($B9,C9)>0),(((C9-$B9)/($B9))),(((C9-$B9)/ABS($B9))))),"") | Z9: =IFERROR(IF(Z$2=0,"",IF((AND($B9,D9)>0),(((D9-$B9)/($B9))),(((D9-$B9)/ABS($B9))))),"") | AA9: =IFERROR(IF(AA$2=0,"",IF((AND($B9,E9)>0),(((E9-$B9)/($B9))),(((E9-$B9)/ABS($B9))))),"") | AB9: =IFERROR(IF(AB$2=0,"",IF((AND($B9,F9)>0),(((F9-$B9)/($B9))),(((F9-$B9)/ABS($B9))))),"") | AC9: =IFERROR(IF(AC$2=0,"",IF((AND($B9,G9)>0),(((G9-$B9)/($B9))),(((G9-$B9)/ABS($B9))))),"") | AD9: =IFERROR(IF(AD$2=0,"",IF((AND($B9,H9)>0),(((H9-$B9)/($B9))),(((H9-$B9)/ABS($B9))))),"") | AI9: =IFERROR(IF(AI$2=0,"",((B9-B9)/ABS(B9))),"") | AJ9: =IFERROR(IF(AJ$2=0,"",((B9-C9)/ABS(C9))),"") | AK9: =IFERROR(IF(AK$2=0,"",((C9-D9)/ABS(D9))),"") | AL9: =IFERROR(IF(AL$2=0,"",((D9-E9)/ABS(E9))),"") | AM9: =IFERROR(IF(AM$2=0,"",((E9-F9)/ABS(F9))),"") | AN9: =IFERROR(IF(AN$2=0,"",((F9-G9)/ABS(G9))),"") | AO9: =IFERROR(IF(AO$2=0,"",((G9-H9)/ABS(H9))),"") | AP9: =IFERROR(IF(AP$2=0,"",((H9-I9)/ABS(I9))),"") | AQ9: =IFERROR(IF(AQ$2=0,"",((I9-J9)/ABS(J9))),"") | AR9: =IFERROR(IF(AR$2=0,"",((J9-K9)/ABS(K9))),"")
A10: 7. Otros gastos de explotación | M10: =IFERROR(IF(M9=0,"",B10/B$3),"") | N10: =IFERROR(IF(N9=0,"",C10/C$3),"") | O10: =IFERROR(IF(O9=0,"",D10/D$3),"") | P10: =IFERROR(IF(P9=0,"",E10/E$3),"") | Q10: =IFERROR(IF(Q9=0,"",F10/F$3),"") | R10: =IFERROR(IF(R9=0,"",G10/G$3),"") | S10: =IFERROR(IF(S9=0,"",H10/H$3),"") | T10: =IFERROR(IF(T9=0,"",I10/I$3),"") | ... V10: =IFERROR(IF(V9=0,"",K10/K$3),"") | X10: =IFERROR(IF(X$2=0,"",IF((AND($B10,B10)>0),(((B10-$B10)/($B10))),(((B10-$B10)/ABS($B10))))),"") | Y10: =IFERROR(IF(Y$2=0,"",IF((AND($B10,C10)>0),(((C10-$B10)/($B10))),(((C10-$B10)/ABS($B10))))),"") | Z10: =IFERROR(IF(Z$2=0,"",IF((AND($B10,D10)>0),(((D10-$B10)/($B10))),(((D10-$B10)/ABS($B10))))),"") | AA10: =IFERROR(IF(AA$2=0,"",IF((AND($B10,E10)>0),(((E10-$B10)/($B10))),(((E10-$B10)/ABS($B10))))),"") | AB10: =IFERROR(IF(AB$2=0,"",IF((AND($B10,F10)>0),(((F10-$B10)/($B10))),(((F10-$B10)/ABS($B10))))),"") | AC10: =IFERROR(IF(AC$2=0,"",IF((AND($B10,G10)>0),(((G10-$B10)/($B10))),(((G10-$B10)/ABS($B10))))),"") | AD10: =IFERROR(IF(AD$2=0,"",IF((AND($B10,H10)>0),(((H10-$B10)/($B10))),(((H10-$B10)/ABS($B10))))),"") | AI10: =IFERROR(IF(AI$2=0,"",((B10-B10)/ABS(B10))),"") | AJ10: =IFERROR(IF(AJ$2=0,"",((B10-C10)/ABS(C10))),"") | AK10: =IFERROR(IF(AK$2=0,"",((C10-D10)/ABS(D10))),"") | AL10: =IFERROR(IF(AL$2=0,"",((D10-E10)/ABS(E10))),"") | AM10: =IFERROR(IF(AM$2=0,"",((E10-F10)/ABS(F10))),"") | AN10: =IFERROR(IF(AN$2=0,"",((F10-G10)/ABS(G10))),"") | AO10: =IFERROR(IF(AO$2=0,"",((G10-H10)/ABS(H10))),"") | AP10: =IFERROR(IF(AP$2=0,"",((H10-I10)/ABS(I10))),"") | AQ10: =IFERROR(IF(AQ$2=0,"",((I10-J10)/ABS(J10))),"") | AR10: =IFERROR(IF(AR$2=0,"",((J10-K10)/ABS(K10))),"")
A11: B) RESULTADO OPERATIVO (EBITDA) (A+5-6-7) | B11: =B38 -> 0 | C11: =C38 -> 0 | D11: =D38 -> 0 | E11: =E38 -> 0 | F11: =F38 -> 0 | G11: =G38 -> 0 | H11: =H38 -> 0 | I11: =I38 -> 0 | ... K11: =K38 -> 0
A12: 8. Amortización del inmovilizado | M12: =IFERROR(IF(#REF!=0,"",B12/B$3),"") | N12: =IFERROR(IF(#REF!=0,"",C12/C$3),"") | O12: =IFERROR(IF(#REF!=0,"",D12/D$3),"") | P12: =IFERROR(IF(#REF!=0,"",E12/E$3),"") | Q12: =IFERROR(IF(#REF!=0,"",F12/F$3),"") | R12: =IFERROR(IF(#REF!=0,"",G12/G$3),"") | S12: =IFERROR(IF(#REF!=0,"",H12/H$3),"") | T12: =IFERROR(IF(#REF!=0,"",I12/I$3),"") | ... V12: =IFERROR(IF(#REF!=0,"",K12/K$3),"") | X12: =IFERROR(IF(X$2=0,"",IF((AND($B12,B12)>0),(((B12-$B12)/($B12))),(((B12-$B12)/ABS($B12))))),"") | Y12: =IFERROR(IF(Y$2=0,"",IF((AND($B12,C12)>0),(((C12-$B12)/($B12))),(((C12-$B12)/ABS($B12))))),"") | Z12: =IFERROR(IF(Z$2=0,"",IF((AND($B12,D12)>0),(((D12-$B12)/($B12))),(((D12-$B12)/ABS($B12))))),"") | AA12: =IFERROR(IF(AA$2=0,"",IF((AND($B12,E12)>0),(((E12-$B12)/($B12))),(((E12-$B12)/ABS($B12))))),"") | AB12: =IFERROR(IF(AB$2=0,"",IF((AND($B12,F12)>0),(((F12-$B12)/($B12))),(((F12-$B12)/ABS($B12))))),"") | AC12: =IFERROR(IF(AC$2=0,"",IF((AND($B12,G12)>0),(((G12-$B12)/($B12))),(((G12-$B12)/ABS($B12))))),"") | AD12: =IFERROR(IF(AD$2=0,"",IF((AND($B12,H12)>0),(((H12-$B12)/($B12))),(((H12-$B12)/ABS($B12))))),"") | AI12: =IFERROR(IF(AI$2=0,"",((B12-B12)/ABS(B12))),"") | AJ12: =IFERROR(IF(AJ$2=0,"",((B12-C12)/ABS(C12))),"") | AK12: =IFERROR(IF(AK$2=0,"",((C12-D12)/ABS(D12))),"") | AL12: =IFERROR(IF(AL$2=0,"",((D12-E12)/ABS(E12))),"") | AM12: =IFERROR(IF(AM$2=0,"",((E12-F12)/ABS(F12))),"") | AN12: =IFERROR(IF(AN$2=0,"",((F12-G12)/ABS(G12))),"") | AO12: =IFERROR(IF(AO$2=0,"",((G12-H12)/ABS(H12))),"") | AP12: =IFERROR(IF(AP$2=0,"",((H12-I12)/ABS(I12))),"") | AQ12: =IFERROR(IF(AQ$2=0,"",((I12-J12)/ABS(J12))),"") | AR12: =IFERROR(IF(AR$2=0,"",((J12-K12)/ABS(K12))),"")
A13: 9. Imputación de subvenciones de inmovilizado no financiero y otras | M13: =IFERROR(IF(M12=0,"",B13/B$3),"") | N13: =IFERROR(IF(N12=0,"",C13/C$3),"") | O13: =IFERROR(IF(O12=0,"",D13/D$3),"") | P13: =IFERROR(IF(P12=0,"",E13/E$3),"") | Q13: =IFERROR(IF(Q12=0,"",F13/F$3),"") | R13: =IFERROR(IF(R12=0,"",G13/G$3),"") | S13: =IFERROR(IF(S12=0,"",H13/H$3),"") | T13: =IFERROR(IF(T12=0,"",I13/I$3),"") | ... V13: =IFERROR(IF(V12=0,"",K13/K$3),"") | X13: =IFERROR(IF(X$2=0,"",IF((AND($B13,B13)>0),(((B13-$B13)/($B13))),(((B13-$B13)/ABS($B13))))),"") | Y13: =IFERROR(IF(Y$2=0,"",IF((AND($B13,C13)>0),(((C13-$B13)/($B13))),(((C13-$B13)/ABS($B13))))),"") | Z13: =IFERROR(IF(Z$2=0,"",IF((AND($B13,D13)>0),(((D13-$B13)/($B13))),(((D13-$B13)/ABS($B13))))),"") | AA13: =IFERROR(IF(AA$2=0,"",IF((AND($B13,E13)>0),(((E13-$B13)/($B13))),(((E13-$B13)/ABS($B13))))),"") | AB13: =IFERROR(IF(AB$2=0,"",IF((AND($B13,F13)>0),(((F13-$B13)/($B13))),(((F13-$B13)/ABS($B13))))),"") | AC13: =IFERROR(IF(AC$2=0,"",IF((AND($B13,G13)>0),(((G13-$B13)/($B13))),(((G13-$B13)/ABS($B13))))),"") | AD13: =IFERROR(IF(AD$2=0,"",IF((AND($B13,H13)>0),(((H13-$B13)/($B13))),(((H13-$B13)/ABS($B13))))),"") | AI13: =IFERROR(IF(AI$2=0,"",((B13-B13)/ABS(B13))),"") | AJ13: =IFERROR(IF(AJ$2=0,"",((B13-C13)/ABS(C13))),"") | AK13: =IFERROR(IF(AK$2=0,"",((C13-D13)/ABS(D13))),"") | AL13: =IFERROR(IF(AL$2=0,"",((D13-E13)/ABS(E13))),"") | AM13: =IFERROR(IF(AM$2=0,"",((E13-F13)/ABS(F13))),"") | AN13: =IFERROR(IF(AN$2=0,"",((F13-G13)/ABS(G13))),"") | AO13: =IFERROR(IF(AO$2=0,"",((G13-H13)/ABS(H13))),"") | AP13: =IFERROR(IF(AP$2=0,"",((H13-I13)/ABS(I13))),"") | AQ13: =IFERROR(IF(AQ$2=0,"",((I13-J13)/ABS(J13))),"") | AR13: =IFERROR(IF(AR$2=0,"",((J13-K13)/ABS(K13))),"")
A14: 10. Excesos de provisiones | M14: =IFERROR(IF(M13=0,"",B14/B$3),"") | N14: =IFERROR(IF(N13=0,"",C14/C$3),"") | O14: =IFERROR(IF(O13=0,"",D14/D$3),"") | P14: =IFERROR(IF(P13=0,"",E14/E$3),"") | Q14: =IFERROR(IF(Q13=0,"",F14/F$3),"") | R14: =IFERROR(IF(R13=0,"",G14/G$3),"") | S14: =IFERROR(IF(S13=0,"",H14/H$3),"") | T14: =IFERROR(IF(T13=0,"",I14/I$3),"") | ... V14: =IFERROR(IF(V13=0,"",K14/K$3),"") | X14: =IFERROR(IF(X$2=0,"",IF((AND($B14,B14)>0),(((B14-$B14)/($B14))),(((B14-$B14)/ABS($B14))))),"") | Y14: =IFERROR(IF(Y$2=0,"",IF((AND($B14,C14)>0),(((C14-$B14)/($B14))),(((C14-$B14)/ABS($B14))))),"") | Z14: =IFERROR(IF(Z$2=0,"",IF((AND($B14,D14)>0),(((D14-$B14)/($B14))),(((D14-$B14)/ABS($B14))))),"") | AA14: =IFERROR(IF(AA$2=0,"",IF((AND($B14,E14)>0),(((E14-$B14)/($B14))),(((E14-$B14)/ABS($B14))))),"") | AB14: =IFERROR(IF(AB$2=0,"",IF((AND($B14,F14)>0),(((F14-$B14)/($B14))),(((F14-$B14)/ABS($B14))))),"") | AC14: =IFERROR(IF(AC$2=0,"",IF((AND($B14,G14)>0),(((G14-$B14)/($B14))),(((G14-$B14)/ABS($B14))))),"") | AD14: =IFERROR(IF(AD$2=0,"",IF((AND($B14,H14)>0),(((H14-$B14)/($B14))),(((H14-$B14)/ABS($B14))))),"") | AI14: =IFERROR(IF(AI$2=0,"",((B14-B14)/ABS(B14))),"") | AJ14: =IFERROR(IF(AJ$2=0,"",((B14-C14)/ABS(C14))),"") | AK14: =IFERROR(IF(AK$2=0,"",((C14-D14)/ABS(D14))),"") | AL14: =IFERROR(IF(AL$2=0,"",((D14-E14)/ABS(E14))),"") | AM14: =IFERROR(IF(AM$2=0,"",((E14-F14)/ABS(F14))),"") | AN14: =IFERROR(IF(AN$2=0,"",((F14-G14)/ABS(G14))),"") | AO14: =IFERROR(IF(AO$2=0,"",((G14-H14)/ABS(H14))),"") | AP14: =IFERROR(IF(AP$2=0,"",((H14-I14)/ABS(I14))),"") | AQ14: =IFERROR(IF(AQ$2=0,"",((I14-J14)/ABS(J14))),"") | AR14: =IFERROR(IF(AR$2=0,"",((J14-K14)/ABS(K14))),"")
A15: 11. Deterioro y resultado por enajenaciones del inmovilizado | M15: =IFERROR(IF(M14=0,"",B15/B$3),"") | N15: =IFERROR(IF(N14=0,"",C15/C$3),"") | O15: =IFERROR(IF(O14=0,"",D15/D$3),"") | P15: =IFERROR(IF(P14=0,"",E15/E$3),"") | Q15: =IFERROR(IF(Q14=0,"",F15/F$3),"") | R15: =IFERROR(IF(R14=0,"",G15/G$3),"") | S15: =IFERROR(IF(S14=0,"",H15/H$3),"") | T15: =IFERROR(IF(T14=0,"",I15/I$3),"") | ... V15: =IFERROR(IF(V14=0,"",K15/K$3),"") | X15: =IFERROR(IF(X$2=0,"",IF((AND($B15,B15)>0),(((B15-$B15)/($B15))),(((B15-$B15)/ABS($B15))))),"") | Y15: =IFERROR(IF(Y$2=0,"",IF((AND($B15,C15)>0),(((C15-$B15)/($B15))),(((C15-$B15)/ABS($B15))))),"") | Z15: =IFERROR(IF(Z$2=0,"",IF((AND($B15,D15)>0),(((D15-$B15)/($B15))),(((D15-$B15)/ABS($B15))))),"") | AA15: =IFERROR(IF(AA$2=0,"",IF((AND($B15,E15)>0),(((E15-$B15)/($B15))),(((E15-$B15)/ABS($B15))))),"") | AB15: =IFERROR(IF(AB$2=0,"",IF((AND($B15,F15)>0),(((F15-$B15)/($B15))),(((F15-$B15)/ABS($B15))))),"") | AC15: =IFERROR(IF(AC$2=0,"",IF((AND($B15,G15)>0),(((G15-$B15)/($B15))),(((G15-$B15)/ABS($B15))))),"") | AD15: =IFERROR(IF(AD$2=0,"",IF((AND($B15,H15)>0),(((H15-$B15)/($B15))),(((H15-$B15)/ABS($B15))))),"") | AI15: =IFERROR(IF(AI$2=0,"",((B15-B15)/ABS(B15))),"") | AJ15: =IFERROR(IF(AJ$2=0,"",((B15-C15)/ABS(C15))),"") | AK15: =IFERROR(IF(AK$2=0,"",((C15-D15)/ABS(D15))),"") | AL15: =IFERROR(IF(AL$2=0,"",((D15-E15)/ABS(E15))),"") | AM15: =IFERROR(IF(AM$2=0,"",((E15-F15)/ABS(F15))),"") | AN15: =IFERROR(IF(AN$2=0,"",((F15-G15)/ABS(G15))),"") | AO15: =IFERROR(IF(AO$2=0,"",((G15-H15)/ABS(H15))),"") | AP15: =IFERROR(IF(AP$2=0,"",((H15-I15)/ABS(I15))),"") | AQ15: =IFERROR(IF(AQ$2=0,"",((I15-J15)/ABS(J15))),"") | AR15: =IFERROR(IF(AR$2=0,"",((J15-K15)/ABS(K15))),"")
A16: 12. Diferencias negativa de combinación de negocio | M16: =IFERROR(IF(M15=0,"",B16/B$3),"") | N16: =IFERROR(IF(N15=0,"",C16/C$3),"") | O16: =IFERROR(IF(O15=0,"",D16/D$3),"") | P16: =IFERROR(IF(P15=0,"",E16/E$3),"") | Q16: =IFERROR(IF(Q15=0,"",F16/F$3),"") | R16: =IFERROR(IF(R15=0,"",G16/G$3),"") | S16: =IFERROR(IF(S15=0,"",H16/H$3),"") | T16: =IFERROR(IF(T15=0,"",I16/I$3),"") | ... V16: =IFERROR(IF(V15=0,"",K16/K$3),"") | X16: =IFERROR(IF(X$2=0,"",IF((AND($B16,B16)>0),(((B16-$B16)/($B16))),(((B16-$B16)/ABS($B16))))),"") | Y16: =IFERROR(IF(Y$2=0,"",IF((AND($B16,C16)>0),(((C16-$B16)/($B16))),(((C16-$B16)/ABS($B16))))),"") | Z16: =IFERROR(IF(Z$2=0,"",IF((AND($B16,D16)>0),(((D16-$B16)/($B16))),(((D16-$B16)/ABS($B16))))),"") | AA16: =IFERROR(IF(AA$2=0,"",IF((AND($B16,E16)>0),(((E16-$B16)/($B16))),(((E16-$B16)/ABS($B16))))),"") | AB16: =IFERROR(IF(AB$2=0,"",IF((AND($B16,F16)>0),(((F16-$B16)/($B16))),(((F16-$B16)/ABS($B16))))),"") | AC16: =IFERROR(IF(AC$2=0,"",IF((AND($B16,G16)>0),(((G16-$B16)/($B16))),(((G16-$B16)/ABS($B16))))),"") | AD16: =IFERROR(IF(AD$2=0,"",IF((AND($B16,H16)>0),(((H16-$B16)/($B16))),(((H16-$B16)/ABS($B16))))),"") | AI16: =IFERROR(IF(AI$2=0,"",((B16-B16)/ABS(B16))),"") | AJ16: =IFERROR(IF(AJ$2=0,"",((B16-C16)/ABS(C16))),"") | AK16: =IFERROR(IF(AK$2=0,"",((C16-D16)/ABS(D16))),"") | AL16: =IFERROR(IF(AL$2=0,"",((D16-E16)/ABS(E16))),"") | AM16: =IFERROR(IF(AM$2=0,"",((E16-F16)/ABS(F16))),"") | AN16: =IFERROR(IF(AN$2=0,"",((F16-G16)/ABS(G16))),"") | AO16: =IFERROR(IF(AO$2=0,"",((G16-H16)/ABS(H16))),"") | AP16: =IFERROR(IF(AP$2=0,"",((H16-I16)/ABS(I16))),"") | AQ16: =IFERROR(IF(AQ$2=0,"",((I16-J16)/ABS(J16))),"") | AR16: =IFERROR(IF(AR$2=0,"",((J16-K16)/ABS(K16))),"")
A17: 13. Otros resultados | M17: =IFERROR(IF(M16=0,"",B17/B$3),"") | N17: =IFERROR(IF(N16=0,"",C17/C$3),"") | O17: =IFERROR(IF(O16=0,"",D17/D$3),"") | P17: =IFERROR(IF(P16=0,"",E17/E$3),"") | Q17: =IFERROR(IF(Q16=0,"",F17/F$3),"") | R17: =IFERROR(IF(R16=0,"",G17/G$3),"") | S17: =IFERROR(IF(S16=0,"",H17/H$3),"") | T17: =IFERROR(IF(T16=0,"",I17/I$3),"") | ... V17: =IFERROR(IF(V16=0,"",K17/K$3),"") | X17: =IFERROR(IF(X$2=0,"",IF((AND($B17,B17)>0),(((B17-$B17)/($B17))),(((B17-$B17)/ABS($B17))))),"") | Y17: =IFERROR(IF(Y$2=0,"",IF((AND($B17,C17)>0),(((C17-$B17)/($B17))),(((C17-$B17)/ABS($B17))))),"") | Z17: =IFERROR(IF(Z$2=0,"",IF((AND($B17,D17)>0),(((D17-$B17)/($B17))),(((D17-$B17)/ABS($B17))))),"") | AA17: =IFERROR(IF(AA$2=0,"",IF((AND($B17,E17)>0),(((E17-$B17)/($B17))),(((E17-$B17)/ABS($B17))))),"") | AB17: =IFERROR(IF(AB$2=0,"",IF((AND($B17,F17)>0),(((F17-$B17)/($B17))),(((F17-$B17)/ABS($B17))))),"") | AC17: =IFERROR(IF(AC$2=0,"",IF((AND($B17,G17)>0),(((G17-$B17)/($B17))),(((G17-$B17)/ABS($B17))))),"") | AD17: =IFERROR(IF(AD$2=0,"",IF((AND($B17,H17)>0),(((H17-$B17)/($B17))),(((H17-$B17)/ABS($B17))))),"") | AI17: =IFERROR(IF(AI$2=0,"",((B17-B17)/ABS(B17))),"") | AJ17: =IFERROR(IF(AJ$2=0,"",((B17-C17)/ABS(C17))),"") | AK17: =IFERROR(IF(AK$2=0,"",((C17-D17)/ABS(D17))),"") | AL17: =IFERROR(IF(AL$2=0,"",((D17-E17)/ABS(E17))),"") | AM17: =IFERROR(IF(AM$2=0,"",((E17-F17)/ABS(F17))),"") | AN17: =IFERROR(IF(AN$2=0,"",((F17-G17)/ABS(G17))),"") | AO17: =IFERROR(IF(AO$2=0,"",((G17-H17)/ABS(H17))),"") | AP17: =IFERROR(IF(AP$2=0,"",((H17-I17)/ABS(I17))),"") | AQ17: =IFERROR(IF(AQ$2=0,"",((I17-J17)/ABS(J17))),"") | AR17: =IFERROR(IF(AR$2=0,"",((J17-K17)/ABS(K17))),"")
A18: C) RESULTADO DE EXPLOTACIÓN (EBIT/BAIT) (B-8-9-10-11-12+13) | B18: =B39 -> 0 | C18: =C39 -> 0 | D18: =D39 -> 0 | E18: =E39 -> 0 | F18: =F39 -> 0 | G18: =G39 -> 0 | H18: =H39 -> 0 | I18: =I39 -> 0 | ... K18: =K39 -> 0 | M18: =IFERROR(IF(M17=0,"",B18/B$3),"") | N18: =IFERROR(IF(N17=0,"",C18/C$3),"") | O18: =IFERROR(IF(O17=0,"",D18/D$3),"") | P18: =IFERROR(IF(P17=0,"",E18/E$3),"") | Q18: =IFERROR(IF(Q17=0,"",F18/F$3),"") | R18: =IFERROR(IF(R17=0,"",G18/G$3),"") | S18: =IFERROR(IF(S17=0,"",H18/H$3),"") | T18: =IFERROR(IF(T17=0,"",I18/I$3),"") | ... V18: =IFERROR(IF(V17=0,"",K18/K$3),"") | X18: =IFERROR(IF(X$2=0,"",IF((AND($B18,B18)>0),(((B18-$B18)/($B18))),(((B18-$B18)/ABS($B18))))),"") | Y18: =IFERROR(IF(Y$2=0,"",IF((AND($B18,C18)>0),(((C18-$B18)/($B18))),(((C18-$B18)/ABS($B18))))),"") | Z18: =IFERROR(IF(Z$2=0,"",IF((AND($B18,D18)>0),(((D18-$B18)/($B18))),(((D18-$B18)/ABS($B18))))),"") | AA18: =IFERROR(IF(AA$2=0,"",IF((AND($B18,E18)>0),(((E18-$B18)/($B18))),(((E18-$B18)/ABS($B18))))),"") | AB18: =IFERROR(IF(AB$2=0,"",IF((AND($B18,F18)>0),(((F18-$B18)/($B18))),(((F18-$B18)/ABS($B18))))),"") | AC18: =IFERROR(IF(AC$2=0,"",IF((AND($B18,G18)>0),(((G18-$B18)/($B18))),(((G18-$B18)/ABS($B18))))),"") | AD18: =IFERROR(IF(AD$2=0,"",IF((AND($B18,H18)>0),(((H18-$B18)/($B18))),(((H18-$B18)/ABS($B18))))),"") | AI18: =IFERROR(IF(AI$2=0,"",((B18-B18)/ABS(B18))),"") | AJ18: =IFERROR(IF(AJ$2=0,"",((B18-C18)/ABS(C18))),"") | AK18: =IFERROR(IF(AK$2=0,"",((C18-D18)/ABS(D18))),"") | AL18: =IFERROR(IF(AL$2=0,"",((D18-E18)/ABS(E18))),"") | AM18: =IFERROR(IF(AM$2=0,"",((E18-F18)/ABS(F18))),"") | AN18: =IFERROR(IF(AN$2=0,"",((F18-G18)/ABS(G18))),"") | AO18: =IFERROR(IF(AO$2=0,"",((G18-H18)/ABS(H18))),"") | AP18: =IFERROR(IF(AP$2=0,"",((H18-I18)/ABS(I18))),"") | AQ18: =IFERROR(IF(AQ$2=0,"",((I18-J18)/ABS(J18))),"") | AR18: =IFERROR(IF(AR$2=0,"",((J18-K18)/ABS(K18))),"")
A19: 14. Ingresos financieros | M19: =IFERROR(IF(M18=0,"",B19/B$3),"") | N19: =IFERROR(IF(N18=0,"",C19/C$3),"") | O19: =IFERROR(IF(O18=0,"",D19/D$3),"") | P19: =IFERROR(IF(P18=0,"",E19/E$3),"") | Q19: =IFERROR(IF(Q18=0,"",F19/F$3),"") | R19: =IFERROR(IF(R18=0,"",G19/G$3),"") | S19: =IFERROR(IF(S18=0,"",H19/H$3),"") | T19: =IFERROR(IF(T18=0,"",I19/I$3),"") | ... V19: =IFERROR(IF(V18=0,"",K19/K$3),"") | X19: =IFERROR(IF(X$2=0,"",IF((AND($B19,B19)>0),(((B19-$B19)/($B19))),(((B19-$B19)/ABS($B19))))),"") | Y19: =IFERROR(IF(Y$2=0,"",IF((AND($B19,C19)>0),(((C19-$B19)/($B19))),(((C19-$B19)/ABS($B19))))),"") | Z19: =IFERROR(IF(Z$2=0,"",IF((AND($B19,D19)>0),(((D19-$B19)/($B19))),(((D19-$B19)/ABS($B19))))),"") | AA19: =IFERROR(IF(AA$2=0,"",IF((AND($B19,E19)>0),(((E19-$B19)/($B19))),(((E19-$B19)/ABS($B19))))),"") | AB19: =IFERROR(IF(AB$2=0,"",IF((AND($B19,F19)>0),(((F19-$B19)/($B19))),(((F19-$B19)/ABS($B19))))),"") | AC19: =IFERROR(IF(AC$2=0,"",IF((AND($B19,G19)>0),(((G19-$B19)/($B19))),(((G19-$B19)/ABS($B19))))),"") | AD19: =IFERROR(IF(AD$2=0,"",IF((AND($B19,H19)>0),(((H19-$B19)/($B19))),(((H19-$B19)/ABS($B19))))),"") | AI19: =IFERROR(IF(AI$2=0,"",((B19-B19)/ABS(B19))),"") | AJ19: =IFERROR(IF(AJ$2=0,"",((B19-C19)/ABS(C19))),"") | AK19: =IFERROR(IF(AK$2=0,"",((C19-D19)/ABS(D19))),"") | AL19: =IFERROR(IF(AL$2=0,"",((D19-E19)/ABS(E19))),"") | AM19: =IFERROR(IF(AM$2=0,"",((E19-F19)/ABS(F19))),"") | AN19: =IFERROR(IF(AN$2=0,"",((F19-G19)/ABS(G19))),"") | AO19: =IFERROR(IF(AO$2=0,"",((G19-H19)/ABS(H19))),"") | AP19: =IFERROR(IF(AP$2=0,"",((H19-I19)/ABS(I19))),"") | AQ19: =IFERROR(IF(AQ$2=0,"",((I19-J19)/ABS(J19))),"") | AR19: =IFERROR(IF(AR$2=0,"",((J19-K19)/ABS(K19))),"")
A20: 15. Gastos financieros | M20: =IFERROR(IF(M19=0,"",B20/B$3),"") | N20: =IFERROR(IF(N19=0,"",C20/C$3),"") | O20: =IFERROR(IF(O19=0,"",D20/D$3),"") | P20: =IFERROR(IF(P19=0,"",E20/E$3),"") | Q20: =IFERROR(IF(Q19=0,"",F20/F$3),"") | R20: =IFERROR(IF(R19=0,"",G20/G$3),"") | S20: =IFERROR(IF(S19=0,"",H20/H$3),"") | T20: =IFERROR(IF(T19=0,"",I20/I$3),"") | ... V20: =IFERROR(IF(V19=0,"",K20/K$3),"") | X20: =IFERROR(IF(X$2=0,"",IF((AND($B20,B20)>0),(((B20-$B20)/($B20))),(((B20-$B20)/ABS($B20))))),"") | Y20: =IFERROR(IF(Y$2=0,"",IF((AND($B20,C20)>0),(((C20-$B20)/($B20))),(((C20-$B20)/ABS($B20))))),"") | Z20: =IFERROR(IF(Z$2=0,"",IF((AND($B20,D20)>0),(((D20-$B20)/($B20))),(((D20-$B20)/ABS($B20))))),"") | AA20: =IFERROR(IF(AA$2=0,"",IF((AND($B20,E20)>0),(((E20-$B20)/($B20))),(((E20-$B20)/ABS($B20))))),"") | AB20: =IFERROR(IF(AB$2=0,"",IF((AND($B20,F20)>0),(((F20-$B20)/($B20))),(((F20-$B20)/ABS($B20))))),"") | AC20: =IFERROR(IF(AC$2=0,"",IF((AND($B20,G20)>0),(((G20-$B20)/($B20))),(((G20-$B20)/ABS($B20))))),"") | AD20: =IFERROR(IF(AD$2=0,"",IF((AND($B20,H20)>0),(((H20-$B20)/($B20))),(((H20-$B20)/ABS($B20))))),"") | AI20: =IFERROR(IF(AI$2=0,"",((B20-B20)/ABS(B20))),"") | AJ20: =IFERROR(IF(AJ$2=0,"",((B20-C20)/ABS(C20))),"") | AK20: =IFERROR(IF(AK$2=0,"",((C20-D20)/ABS(D20))),"") | AL20: =IFERROR(IF(AL$2=0,"",((D20-E20)/ABS(E20))),"") | AM20: =IFERROR(IF(AM$2=0,"",((E20-F20)/ABS(F20))),"") | AN20: =IFERROR(IF(AN$2=0,"",((F20-G20)/ABS(G20))),"") | AO20: =IFERROR(IF(AO$2=0,"",((G20-H20)/ABS(H20))),"") | AP20: =IFERROR(IF(AP$2=0,"",((H20-I20)/ABS(I20))),"") | AQ20: =IFERROR(IF(AQ$2=0,"",((I20-J20)/ABS(J20))),"") | AR20: =IFERROR(IF(AR$2=0,"",((J20-K20)/ABS(K20))),"")
A21: 16. Variación de valor razonable en instrumentos financieros | M21: =IFERROR(IF(M20=0,"",B21/B$3),"") | N21: =IFERROR(IF(N20=0,"",C21/C$3),"") | O21: =IFERROR(IF(O20=0,"",D21/D$3),"") | P21: =IFERROR(IF(P20=0,"",E21/E$3),"") | Q21: =IFERROR(IF(Q20=0,"",F21/F$3),"") | R21: =IFERROR(IF(R20=0,"",G21/G$3),"") | S21: =IFERROR(IF(S20=0,"",H21/H$3),"") | T21: =IFERROR(IF(T20=0,"",I21/I$3),"") | ... V21: =IFERROR(IF(V20=0,"",K21/K$3),"") | X21: =IFERROR(IF(X$2=0,"",IF((AND($B21,B21)>0),(((B21-$B21)/($B21))),(((B21-$B21)/ABS($B21))))),"") | Y21: =IFERROR(IF(Y$2=0,"",IF((AND($B21,C21)>0),(((C21-$B21)/($B21))),(((C21-$B21)/ABS($B21))))),"") | Z21: =IFERROR(IF(Z$2=0,"",IF((AND($B21,D21)>0),(((D21-$B21)/($B21))),(((D21-$B21)/ABS($B21))))),"") | AA21: =IFERROR(IF(AA$2=0,"",IF((AND($B21,E21)>0),(((E21-$B21)/($B21))),(((E21-$B21)/ABS($B21))))),"") | AB21: =IFERROR(IF(AB$2=0,"",IF((AND($B21,F21)>0),(((F21-$B21)/($B21))),(((F21-$B21)/ABS($B21))))),"") | AC21: =IFERROR(IF(AC$2=0,"",IF((AND($B21,G21)>0),(((G21-$B21)/($B21))),(((G21-$B21)/ABS($B21))))),"") | AD21: =IFERROR(IF(AD$2=0,"",IF((AND($B21,H21)>0),(((H21-$B21)/($B21))),(((H21-$B21)/ABS($B21))))),"") | AI21: =IFERROR(IF(AI$2=0,"",((B21-B21)/ABS(B21))),"") | AJ21: =IFERROR(IF(AJ$2=0,"",((B21-C21)/ABS(C21))),"") | AK21: =IFERROR(IF(AK$2=0,"",((C21-D21)/ABS(D21))),"") | AL21: =IFERROR(IF(AL$2=0,"",((D21-E21)/ABS(E21))),"") | AM21: =IFERROR(IF(AM$2=0,"",((E21-F21)/ABS(F21))),"") | AN21: =IFERROR(IF(AN$2=0,"",((F21-G21)/ABS(G21))),"") | AO21: =IFERROR(IF(AO$2=0,"",((G21-H21)/ABS(H21))),"") | AP21: =IFERROR(IF(AP$2=0,"",((H21-I21)/ABS(I21))),"") | AQ21: =IFERROR(IF(AQ$2=0,"",((I21-J21)/ABS(J21))),"") | AR21: =IFERROR(IF(AR$2=0,"",((J21-K21)/ABS(K21))),"")
A22: 17. Diferencias de cambio | M22: =IFERROR(IF(M21=0,"",B22/B$3),"") | N22: =IFERROR(IF(N21=0,"",C22/C$3),"") | O22: =IFERROR(IF(O21=0,"",D22/D$3),"") | P22: =IFERROR(IF(P21=0,"",E22/E$3),"") | Q22: =IFERROR(IF(Q21=0,"",F22/F$3),"") | R22: =IFERROR(IF(R21=0,"",G22/G$3),"") | S22: =IFERROR(IF(S21=0,"",H22/H$3),"") | T22: =IFERROR(IF(T21=0,"",I22/I$3),"") | ... V22: =IFERROR(IF(V21=0,"",K22/K$3),"") | X22: =IFERROR(IF(X$2=0,"",IF((AND($B22,B22)>0),(((B22-$B22)/($B22))),(((B22-$B22)/ABS($B22))))),"") | Y22: =IFERROR(IF(Y$2=0,"",IF((AND($B22,C22)>0),(((C22-$B22)/($B22))),(((C22-$B22)/ABS($B22))))),"") | Z22: =IFERROR(IF(Z$2=0,"",IF((AND($B22,D22)>0),(((D22-$B22)/($B22))),(((D22-$B22)/ABS($B22))))),"") | AA22: =IFERROR(IF(AA$2=0,"",IF((AND($B22,E22)>0),(((E22-$B22)/($B22))),(((E22-$B22)/ABS($B22))))),"") | AB22: =IFERROR(IF(AB$2=0,"",IF((AND($B22,F22)>0),(((F22-$B22)/($B22))),(((F22-$B22)/ABS($B22))))),"") | AC22: =IFERROR(IF(AC$2=0,"",IF((AND($B22,G22)>0),(((G22-$B22)/($B22))),(((G22-$B22)/ABS($B22))))),"") | AD22: =IFERROR(IF(AD$2=0,"",IF((AND($B22,H22)>0),(((H22-$B22)/($B22))),(((H22-$B22)/ABS($B22))))),"") | AI22: =IFERROR(IF(AI$2=0,"",((B22-B22)/ABS(B22))),"") | AJ22: =IFERROR(IF(AJ$2=0,"",((B22-C22)/ABS(C22))),"") | AK22: =IFERROR(IF(AK$2=0,"",((C22-D22)/ABS(D22))),"") | AL22: =IFERROR(IF(AL$2=0,"",((D22-E22)/ABS(E22))),"") | AM22: =IFERROR(IF(AM$2=0,"",((E22-F22)/ABS(F22))),"") | AN22: =IFERROR(IF(AN$2=0,"",((F22-G22)/ABS(G22))),"") | AO22: =IFERROR(IF(AO$2=0,"",((G22-H22)/ABS(H22))),"") | AP22: =IFERROR(IF(AP$2=0,"",((H22-I22)/ABS(I22))),"") | AQ22: =IFERROR(IF(AQ$2=0,"",((I22-J22)/ABS(J22))),"") | AR22: =IFERROR(IF(AR$2=0,"",((J22-K22)/ABS(K22))),"")
A23: 18. Deterioro y resultado por enajenaciones de instrumentos financieros | M23: =IFERROR(IF(M22=0,"",B23/B$3),"") | N23: =IFERROR(IF(N22=0,"",C23/C$3),"") | O23: =IFERROR(IF(O22=0,"",D23/D$3),"") | P23: =IFERROR(IF(P22=0,"",E23/E$3),"") | Q23: =IFERROR(IF(Q22=0,"",F23/F$3),"") | R23: =IFERROR(IF(R22=0,"",G23/G$3),"") | S23: =IFERROR(IF(S22=0,"",H23/H$3),"") | T23: =IFERROR(IF(T22=0,"",I23/I$3),"") | ... V23: =IFERROR(IF(V22=0,"",K23/K$3),"") | X23: =IFERROR(IF(X$2=0,"",IF((AND($B23,B23)>0),(((B23-$B23)/($B23))),(((B23-$B23)/ABS($B23))))),"") | Y23: =IFERROR(IF(Y$2=0,"",IF((AND($B23,C23)>0),(((C23-$B23)/($B23))),(((C23-$B23)/ABS($B23))))),"") | Z23: =IFERROR(IF(Z$2=0,"",IF((AND($B23,D23)>0),(((D23-$B23)/($B23))),(((D23-$B23)/ABS($B23))))),"") | AA23: =IFERROR(IF(AA$2=0,"",IF((AND($B23,E23)>0),(((E23-$B23)/($B23))),(((E23-$B23)/ABS($B23))))),"") | AB23: =IFERROR(IF(AB$2=0,"",IF((AND($B23,F23)>0),(((F23-$B23)/($B23))),(((F23-$B23)/ABS($B23))))),"") | AC23: =IFERROR(IF(AC$2=0,"",IF((AND($B23,G23)>0),(((G23-$B23)/($B23))),(((G23-$B23)/ABS($B23))))),"") | AD23: =IFERROR(IF(AD$2=0,"",IF((AND($B23,H23)>0),(((H23-$B23)/($B23))),(((H23-$B23)/ABS($B23))))),"") | AI23: =IFERROR(IF(AI$2=0,"",((B23-B23)/ABS(B23))),"") | AJ23: =IFERROR(IF(AJ$2=0,"",((B23-C23)/ABS(C23))),"") | AK23: =IFERROR(IF(AK$2=0,"",((C23-D23)/ABS(D23))),"") | AL23: =IFERROR(IF(AL$2=0,"",((D23-E23)/ABS(E23))),"") | AM23: =IFERROR(IF(AM$2=0,"",((E23-F23)/ABS(F23))),"") | AN23: =IFERROR(IF(AN$2=0,"",((F23-G23)/ABS(G23))),"") | AO23: =IFERROR(IF(AO$2=0,"",((G23-H23)/ABS(H23))),"") | AP23: =IFERROR(IF(AP$2=0,"",((H23-I23)/ABS(I23))),"") | AQ23: =IFERROR(IF(AQ$2=0,"",((I23-J23)/ABS(J23))),"") | AR23: =IFERROR(IF(AR$2=0,"",((J23-K23)/ABS(K23))),"")
A24: D) RESULTADO FINANCIERO (14-15-16+17-18) | B24: =SUM(B19:B23) -> 0 | C24: =SUM(C19:C23) -> 0 | D24: =SUM(D19:D23) -> 0 | E24: =SUM(E19:E23) -> 0 | F24: =SUM(F19:F23) -> 0 | G24: =SUM(G19:G23) -> 0 | H24: =SUM(H19:H23) -> 0 | I24: =SUM(I19:I23) -> 0 | ... K24: =SUM(K19:K23) -> 0
A25: E) RESULTADO ANTES DE IMPUESTOS (EBT/BAT) (C-D) | B25: =B18+B24 -> 0 | C25: =C18+C24 -> 0 | D25: =D18+D24 -> 0 | E25: =E18+E24 -> 0 | F25: =F18+F24 -> 0 | G25: =G18+G24 -> 0 | H25: =H18+H24 -> 0 | I25: =I18+I24 -> 0 | ... K25: =K18+K24 -> 0 | M25: =IFERROR(IF(#REF!=0,"",B25/B$3),"") | N25: =IFERROR(IF(#REF!=0,"",C25/C$3),"") | O25: =IFERROR(IF(#REF!=0,"",D25/D$3),"") | P25: =IFERROR(IF(#REF!=0,"",E25/E$3),"") | Q25: =IFERROR(IF(#REF!=0,"",F25/F$3),"") | R25: =IFERROR(IF(#REF!=0,"",G25/G$3),"") | S25: =IFERROR(IF(#REF!=0,"",H25/H$3),"") | T25: =IFERROR(IF(#REF!=0,"",I25/I$3),"") | ... V25: =IFERROR(IF(#REF!=0,"",K25/K$3),"") | X25: =IFERROR(IF(X$2=0,"",IF((AND($B25,B25)>0),(((B25-$B25)/($B25))),(((B25-$B25)/ABS($B25))))),"") | Y25: =IFERROR(IF(Y$2=0,"",IF((AND($B25,C25)>0),(((C25-$B25)/($B25))),(((C25-$B25)/ABS($B25))))),"") | Z25: =IFERROR(IF(Z$2=0,"",IF((AND($B25,D25)>0),(((D25-$B25)/($B25))),(((D25-$B25)/ABS($B25))))),"") | AA25: =IFERROR(IF(AA$2=0,"",IF((AND($B25,E25)>0),(((E25-$B25)/($B25))),(((E25-$B25)/ABS($B25))))),"") | AB25: =IFERROR(IF(AB$2=0,"",IF((AND($B25,F25)>0),(((F25-$B25)/($B25))),(((F25-$B25)/ABS($B25))))),"") | AC25: =IFERROR(IF(AC$2=0,"",IF((AND($B25,G25)>0),(((G25-$B25)/($B25))),(((G25-$B25)/ABS($B25))))),"") | AD25: =IFERROR(IF(AD$2=0,"",IF((AND($B25,H25)>0),(((H25-$B25)/($B25))),(((H25-$B25)/ABS($B25))))),"") | AI25: =IFERROR(IF(AI$2=0,"",((B25-B25)/ABS(B25))),"") | AJ25: =IFERROR(IF(AJ$2=0,"",((B25-C25)/ABS(C25))),"") | AK25: =IFERROR(IF(AK$2=0,"",((C25-D25)/ABS(D25))),"") | AL25: =IFERROR(IF(AL$2=0,"",((D25-E25)/ABS(E25))),"") | AM25: =IFERROR(IF(AM$2=0,"",((E25-F25)/ABS(F25))),"") | AN25: =IFERROR(IF(AN$2=0,"",((F25-G25)/ABS(G25))),"") | AO25: =IFERROR(IF(AO$2=0,"",((G25-H25)/ABS(H25))),"") | AP25: =IFERROR(IF(AP$2=0,"",((H25-I25)/ABS(I25))),"") | AQ25: =IFERROR(IF(AQ$2=0,"",((I25-J25)/ABS(J25))),"") | AR25: =IFERROR(IF(AR$2=0,"",((J25-K25)/ABS(K25))),"")
A26: 17. Impuestos sobre beneficios | M26: =IFERROR(IF(M25=0,"",B26/B$3),"") | N26: =IFERROR(IF(N25=0,"",C26/C$3),"") | O26: =IFERROR(IF(O25=0,"",D26/D$3),"") | P26: =IFERROR(IF(P25=0,"",E26/E$3),"") | Q26: =IFERROR(IF(Q25=0,"",F26/F$3),"") | R26: =IFERROR(IF(R25=0,"",G26/G$3),"") | S26: =IFERROR(IF(S25=0,"",H26/H$3),"") | T26: =IFERROR(IF(T25=0,"",I26/I$3),"") | ... V26: =IFERROR(IF(V25=0,"",K26/K$3),"") | X26: =IFERROR(IF(X$2=0,"",IF((AND($B26,B26)>0),(((B26-$B26)/($B26))),(((B26-$B26)/ABS($B26))))),"") | Y26: =IFERROR(IF(Y$2=0,"",IF((AND($B26,C26)>0),(((C26-$B26)/($B26))),(((C26-$B26)/ABS($B26))))),"") | Z26: =IFERROR(IF(Z$2=0,"",IF((AND($B26,D26)>0),(((D26-$B26)/($B26))),(((D26-$B26)/ABS($B26))))),"") | AA26: =IFERROR(IF(AA$2=0,"",IF((AND($B26,E26)>0),(((E26-$B26)/($B26))),(((E26-$B26)/ABS($B26))))),"") | AB26: =IFERROR(IF(AB$2=0,"",IF((AND($B26,F26)>0),(((F26-$B26)/($B26))),(((F26-$B26)/ABS($B26))))),"") | AC26: =IFERROR(IF(AC$2=0,"",IF((AND($B26,G26)>0),(((G26-$B26)/($B26))),(((G26-$B26)/ABS($B26))))),"") | AD26: =IFERROR(IF(AD$2=0,"",IF((AND($B26,H26)>0),(((H26-$B26)/($B26))),(((H26-$B26)/ABS($B26))))),"") | AI26: =IFERROR(IF(AI$2=0,"",((B26-B26)/ABS(B26))),"") | AJ26: =IFERROR(IF(AJ$2=0,"",((B26-C26)/ABS(C26))),"") | AK26: =IFERROR(IF(AK$2=0,"",((C26-D26)/ABS(D26))),"") | AL26: =IFERROR(IF(AL$2=0,"",((D26-E26)/ABS(E26))),"") | AM26: =IFERROR(IF(AM$2=0,"",((E26-F26)/ABS(F26))),"") | AN26: =IFERROR(IF(AN$2=0,"",((F26-G26)/ABS(G26))),"") | AO26: =IFERROR(IF(AO$2=0,"",((G26-H26)/ABS(H26))),"") | AP26: =IFERROR(IF(AP$2=0,"",((H26-I26)/ABS(I26))),"") | AQ26: =IFERROR(IF(AQ$2=0,"",((I26-J26)/ABS(J26))),"") | AR26: =IFERROR(IF(AR$2=0,"",((J26-K26)/ABS(K26))),"")
A27: F) RESULTADO DEL EJERCICIO (BN) (E+19) | B27: =B41 -> 0 | C27: =C41 -> 0 | D27: =D41 -> 0 | E27: =E41 -> 0 | F27: =F41 -> 0 | G27: =G41 -> 0 | H27: =H41 -> 0 | I27: =I41 -> 0 | ... K27: =K41 -> 0 | M27: =IFERROR(IF(M26=0,"",B27/B$3),"") | N27: =IFERROR(IF(N26=0,"",C27/C$3),"") | O27: =IFERROR(IF(O26=0,"",D27/D$3),"") | P27: =IFERROR(IF(P26=0,"",E27/E$3),"") | Q27: =IFERROR(IF(Q26=0,"",F27/F$3),"") | R27: =IFERROR(IF(R26=0,"",G27/G$3),"") | S27: =IFERROR(IF(S26=0,"",H27/H$3),"") | T27: =IFERROR(IF(T26=0,"",I27/I$3),"") | ... V27: =IFERROR(IF(V26=0,"",K27/K$3),"") | X27: =IFERROR(IF(X$2=0,"",IF((AND($B27,B27)>0),(((B27-$B27)/($B27))),(((B27-$B27)/ABS($B27))))),"") | Y27: =IFERROR(IF(Y$2=0,"",IF((AND($B27,C27)>0),(((C27-$B27)/($B27))),(((C27-$B27)/ABS($B27))))),"") | Z27: =IFERROR(IF(Z$2=0,"",IF((AND($B27,D27)>0),(((D27-$B27)/($B27))),(((D27-$B27)/ABS($B27))))),"") | AA27: =IFERROR(IF(AA$2=0,"",IF((AND($B27,E27)>0),(((E27-$B27)/($B27))),(((E27-$B27)/ABS($B27))))),"") | AB27: =IFERROR(IF(AB$2=0,"",IF((AND($B27,F27)>0),(((F27-$B27)/($B27))),(((F27-$B27)/ABS($B27))))),"") | AC27: =IFERROR(IF(AC$2=0,"",IF((AND($B27,G27)>0),(((G27-$B27)/($B27))),(((G27-$B27)/ABS($B27))))),"") | AD27: =IFERROR(IF(AD$2=0,"",IF((AND($B27,H27)>0),(((H27-$B27)/($B27))),(((H27-$B27)/ABS($B27))))),"") | AI27: =IFERROR(IF(AI$2=0,"",((B27-B27)/ABS(B27))),"") | AJ27: =IFERROR(IF(AJ$2=0,"",((B27-C27)/ABS(C27))),"") | AK27: =IFERROR(IF(AK$2=0,"",((C27-D27)/ABS(D27))),"") | AL27: =IFERROR(IF(AL$2=0,"",((D27-E27)/ABS(E27))),"") | AM27: =IFERROR(IF(AM$2=0,"",((E27-F27)/ABS(F27))),"") | AN27: =IFERROR(IF(AN$2=0,"",((F27-G27)/ABS(G27))),"") | AO27: =IFERROR(IF(AO$2=0,"",((G27-H27)/ABS(H27))),"") | AP27: =IFERROR(IF(AP$2=0,"",((H27-I27)/ABS(I27))),"") | AQ27: =IFERROR(IF(AQ$2=0,"",((I27-J27)/ABS(J27))),"") | AR27: =IFERROR(IF(AR$2=0,"",((J27-K27)/ABS(K27))),"")
A36: VENTAS | B36: =B3 -> 0 | C36: =C3 -> 0 | D36: =D3 -> 0 | E36: =E3 -> 0 | F36: =F3 -> 0 | G36: =G3 -> 0 | H36: =H3 -> 0 | I36: =I3 -> 0 | ... K36: =K3 -> 0
A37: EBITDA | B37: =B36+B4+B5+B6 -> 0 | C37: =C36+C4+C5+C6 -> 0 | D37: =D36+D4+D5+D6 -> 0 | E37: =E36+E4+E5+E6 -> 0 | F37: =F36+F4+F5+F6 -> 0 | G37: =G36+G4+G5+G6 -> 0 | H37: =H36+H4+H5+H6 -> 0 | I37: =I36+I4+I5+I6 -> 0 | ... K37: =K36+K4+K5+K6 -> 0
A38: EBIT o BAIT | B38: =B37+B8+B9+B10 -> 0 | C38: =C37+C8+C9+C10 -> 0 | D38: =D37+D8+D9+D10 -> 0 | E38: =E37+E8+E9+E10 -> 0 | F38: =F37+F8+F9+F10 -> 0 | G38: =G37+G8+G9+G10 -> 0 | H38: =H37+H8+H9+H10 -> 0 | I38: =I37+I8+I9+I10 -> 0 | ... K38: =K37+K8+K9+K10 -> 0
A39: EBT o BAT | B39: =B38+B12+B13+B14+B15+B16+B17 -> 0 | C39: =C38+C12+C13+C14+C15+C16+C17 -> 0 | D39: =D38+D12+D13+D14+D15+D16+D17 -> 0 | E39: =E38+E12+E13+E14+E15+E16+E17 -> 0 | F39: =F38+F12+F13+F14+F15+F16+F17 -> 0 | G39: =G38+G12+G13+G14+G15+G16+G17 -> 0 | H39: =H38+H12+H13+H14+H15+H16+H17 -> 0 | I39: =I38+I12+I13+I14+I15+I16+I17 -> 0 | ... K39: =K38+K12+K13+K14+K15+K16+K17 -> 0
A40: BN | B40: =B39+B19+B20+B21+B22+B23 -> 0 | C40: =C39+C19+C20+C21+C22+C23 -> 0 | D40: =D39+D19+D20+D21+D22+D23 -> 0 | E40: =E39+E19+E20+E21+E22+E23 -> 0 | F40: =F39+F19+F20+F21+F22+F23 -> 0 | G40: =G39+G19+G20+G21+G22+G23 -> 0 | H40: =H39+H19+H20+H21+H22+H23 -> 0 | I40: =I39+I19+I20+I21+I22+I23 -> 0 | ... K40: =K39+K19+K20+K21+K22+K23 -> 0
A41: BN | B41: =B40+B26 -> 0 | C41: =C40+C26 -> 0 | D41: =D40+D26 -> 0 | E41: =E40+E26 -> 0 | F41: =F40+F26 -> 0 | G41: =G40+G26 -> 0 | H41: =H40+H26 -> 0 | I41: =I40+I26 -> 0 | ... K41: =K40+K26 -> 0

Sheet B1. FINANCIACION
A1: FINANCIACION DEL PROYECTO DE INVERSIÓN
B2: A. Financiación propia 1 | F2: =IFERROR(IF(SUM(F3:F7)=0,"",SUM(F3:F7)),"")
C3: A.1. Ampliación de capital
C4: A.2. Reservas
C5: A.3. Resultados de ejercicios anteriores
C6: A.4. Otras aportaciones de socios
C7: A.5. Otros (especificar):
B9: B. Financiación externa privada 2 | F9: =IFERROR(IF(SUM(F10:F11)=0,"",SUM(F10:F11)),"")
C10: B.1. Entidades financieras (especificar):
C11: B.2. Otros recursos ajenos (especificar):
A13: INVERSIÓN SOLICITADA TOTAL (A+B) | F13: =IF(F2="",F9,IF(F9="",F2,SUM(F2+F9)))
A15: 1 Se deberá aportar última declaración del Impuesto de Sociedades o justificación de la exención del impuesto y última presentación de cuentas anual en el Registro correspondiente.
A16: 2 Se deberá aportar copia de la póliza del crédito, préstamo y/o línea de financiación suscrita.

Sheet C1. VIABILIDAD
A1: ANÁLISIS VIABILIDAD ECONÓMICO-FINANCIERA
A2: INDICADORES | B2: CÁLCULO | C2: =YEAR(TODAY())-1 -> 2024 | D2: =YEAR(TODAY())+2 -> 2027
A3: ROA | B3: (Resultado de explotación (EBIT/BAIT) / Total Activo) x 100
A4: ROE | B4: (Resultado del Ejercicio (BN) / Patrimonio Neto) x100
A5: RATIO ENDEUDAMIENTO | B5: (Pasivo corriente + Pasivo no corriente) / Patrimonio Neto
A6: DISTANCIA A LA QUIEBRA | B6: Total Activo / (Pasivo Corriente + Pasivo No Corriente)
A7: RATIO ENDEUDAMIENTO A CORTO PLAZO | B7: Pasivo Corriente / Patrimonio Neto
A8: RATIO DE CALIDAD | B8: Pasivo Corriente / Pasivo No Corriente
A9: RATIO DE LIQUIDEZ | B9: Activo Corriente / Pasivo Corriente
A10: RATIO DE ACIDEZ | B10: (Deudores comerciales y otras cuentas a cobrar + Efectivo y otros activos líquidos equivalentes ) / Pasivo Corriente
A11: RATIO DE TESORERÍA | B11: Efectivo y otros activos líquidos equivalentes / Pasivo Corriente
A12: FONDO DE MANIOBRA | B12: Activo Corriente - Pasivo Corriente
A13: PERÍODO MEDIO DE PAGO A PROVEEDORES | B13: (Saldo medio de acreedores comerciales / Compras netas y gastos por servicios exteriores) x 365

Sheet ANÁLISIS
B1: ANÁLISIS FINANCIERO | C1: =IFERROR('A1. BALANCES'!B$2,"") -> 2022 | D1: =IFERROR('A1. BALANCES'!C$2,"") -> 2023 | E1: =IFERROR('A1. BALANCES'!D$2,"") -> 2024 | F1: =IFERROR('A1. BALANCES'!E$2,"") -> 2025 | G1: =IFERROR('A1. BALANCES'!F$2,"") -> 2026 | H1: =IFERROR('A1. BALANCES'!G$2,"") -> 2027 | I1: =IFERROR('A1. BALANCES'!H$2,"") -> 0 | J1: =IFERROR('A1. BALANCES'!I$2,"") -> 0 | ... L1: =IFERROR('A1. BALANCES'!K$2,"") -> 0 | M1: CONSOLIDADOS | N1: PREVISIONALES
A2: DATOS BALANCE | B2: ACTIVO NO CORRIENTE | C2: =IFERROR(INDEX('A1. BALANCES'!$B:$K,MATCH("A. Activo no corriente",'A1. BALANCES'!$A:$A,0),MATCH(C$1,'A1. BALANCES'!$B$2:$K$2,0)),"") -> 0 | D2: =IFERROR(INDEX('A1. BALANCES'!$B:$K,MATCH("A. Activo no corriente",'A1. BALANCES'!$A:$A,0),MATCH(D$1,'A1. BALANCES'!$B$2:$K$2,0)),"") -> 0 | E2: =IFERROR(INDEX('A1. BALANCES'!$B:$K,MATCH("A. Activo no corriente",'A1. BALANCES'!$A:$A,0),MATCH(E$1,'A1. BALANCES'!$B$2:$K$2,0)),"") -> 0 | F2: =IFERROR(INDEX('A1. BALANCES'!$B:$K,MATCH("A. Activo no corriente",'A1. BALANCES'!$A:$A,0),MATCH(F$1,'A1. BALANCES'!$B$2:$K$2,0)),"") -> 0 | G2: =IFERROR(INDEX('A1. BALANCES'!$B:$K,MATCH("A. Activo no corriente",'A1. BALANCES'!$A:$A,0),MATCH(G$1,'A1. BALANCES'!$B$2:$K$2,0)),"") -> 0 | H2: =IFERROR(INDEX('A1. BALANCES'!$B:$K,MATCH("A. Activo no corriente",'A1. BALANCES'!$A:$A,0),MATCH(H$1,'A1. BALANCES'!$B$2:$K$2,0)),"") -> 0 | I2: =IFERROR(INDEX('A1. BALANCES'!$B:$K,MATCH("Activo no corriente",'A1. BALANCES'!$A:$A,0),MATCH(I$1,'A1. BALANCES'!$B$2:$K$2,0)),"") | J2: =IFERROR(INDEX('A1. BALANCES'!$B:$K,MATCH("Activo no corriente",'A1. BALANCES'!$A:$A,0),MATCH(J$1,'A1. BALANCES'!$B$2:$K$2,0)),"") | K2: =IFERROR(INDEX('A1. BALANCES'!$B:$K,MATCH("Activo no corriente",'A1. BALANCES'!$A:$A,0),MATCH(K$1,'A1. BALANCES'!$B$2:$K$2,0)),"") | L2: =IFERROR(INDEX('A1. BALANCES'!$B:$K,MATCH("Activo no corriente",'A1. BALANCES'!$A:$A,0),MATCH(L$1,'A1. BALANCES'!$B$2:$K$2,0)),"") | M2: =IFERROR(AVERAGE(Tabla1[[#This Row],[2020]:[2023]],),"") -> 0 | N2: =IFERROR(AVERAGE(Tabla1[[#This Row],[2023]:[2026]],),"") -> 0
B3: Existencias | C3: =IFERROR(INDEX('A1. BALANCES'!$B:$K,MATCH("II. Existencias",'A1. BALANCES'!$A:$A,0),MATCH(C$1,'A1. BALANCES'!$B$2:$K$2,0)),"") -> 0 | D3: =IFERROR(INDEX('A1. BALANCES'!$B:$K,MATCH("II. Existencias",'A1. BALANCES'!$A:$A,0),MATCH(D$1,'A1. BALANCES'!$B$2:$K$2,0)),"") -> 0 | E3: =IFERROR(INDEX('A1. BALANCES'!$B:$K,MATCH("II. Existencias",'A1. BALANCES'!$A:$A,0),MATCH(E$1,'A1. BALANCES'!$B$2:$K$2,0)),"") -> 0 | F3: =IFERROR(INDEX('A1. BALANCES'!$B:$K,MATCH("II. Existencias",'A1. BALANCES'!$A:$A,0),MATCH(F$1,'A1. BALANCES'!$B$2:$K$2,0)),"") -> 0 | G3: =IFERROR(INDEX('A1. BALANCES'!$B:$K,MATCH("II. Existencias",'A1. BALANCES'!$A:$A,0),MATCH(G$1,'A1. BALANCES'!$B$2:$K$2,0)),"") -> 0 | H3: =IFERROR(INDEX('A1. BALANCES'!$B:$K,MATCH("II. Existencias",'A1. BALANCES'!$A:$A,0),MATCH(H$1,'A1. BALANCES'!$B$2:$K$2,0)),"") -> 0 | I3: =IFERROR(INDEX('A1. BALANCES'!$B:$K,MATCH("II. Existencias",'A1. BALANCES'!$A:$A,0),MATCH(I$1,'A1. BALANCES'!$B$2:$K$2,0)),"") | M3: =IFERROR(AVERAGE(Tabla1[[#This Row],[2020]:[2023]],),"") -> 0 | N3: =IFERROR(AVERAGE(Tabla1[[#This Row],[2023]:[2026]],),"") -> 0
B4: Clientes y deudores (Cuentas comerciales y no comerciales a cobrar) | C4: =IFERROR(INDEX('A1. BALANCES'!$B:$K,MATCH("III. Deudores comerciales y otras cuentas a cobrar",'A1. BALANCES'!$A:$A,0),MATCH(C$1,'A1. BALANCES'!$B$2:$K$2,0)),"") -> 0 | D4: =IFERROR(INDEX('A1. BALANCES'!$B:$K,MATCH("III. Deudores comerciales y otras cuentas a cobrar",'A1. BALANCES'!$A:$A,0),MATCH(D$1,'A1. BALANCES'!$B$2:$K$2,0)),"") -> 0 | E4: =IFERROR(INDEX('A1. BALANCES'!$B:$K,MATCH("III. Deudores comerciales y otras cuentas a cobrar",'A1. BALANCES'!$A:$A,0),MATCH(E$1,'A1. BALANCES'!$B$2:$K$2,0)),"") -> 0 | F4: =IFERROR(INDEX('A1. BALANCES'!$B:$K,MATCH("III. Deudores comerciales y otras cuentas a cobrar",'A1. BALANCES'!$A:$A,0),MATCH(F$1,'A1. BALANCES'!$B$2:$K$2,0)),"") -> 0 | G4: =IFERROR(INDEX('A1. BALANCES'!$B:$K,MATCH("III. Deudores comerciales y otras cuentas a cobrar",'A1. BALANCES'!$A:$A,0),MATCH(G$1,'A1. BALANCES'!$B$2:$K$2,0)),"") -> 0 | H4: =IFERROR(INDEX('A1. BALANCES'!$B:$K,MATCH("III. Deudores comerciales y otras cuentas a cobrar",'A1. BALANCES'!$A:$A,0),MATCH(H$1,'A1. BALANCES'!$B$2:$K$2,0)),"") -> 0 | I4: =IFERROR(INDEX('A1. BALANCES'!$B:$K,MATCH("III. Deudores comerciales y otras cuentas a cobrar",'A1. BALANCES'!$A:$A,0),MATCH(I$1,'A1. BALANCES'!$B$2:$K$2,0)),"") | J4: =IFERROR(INDEX('A1. BALANCES'!$B:$K,MATCH("III. Clientes",'A1. BALANCES'!$A:$A,0),MATCH(J$1,'A1. BALANCES'!$B$2:$K$2,0)),"") | K4: =IFERROR(INDEX('A1. BALANCES'!$B:$K,MATCH("III. Clientes",'A1. BALANCES'!$A:$A,0),MATCH(K$1,'A1. BALANCES'!$B$2:$K$2,0)),"") | L4: =IFERROR(INDEX('A1. BALANCES'!$B:$K,MATCH("III. Clientes",'A1. BALANCES'!$A:$A,0),MATCH(L$1,'A1. BALANCES'!$B$2:$K$2,0)),"") | M4: =IFERROR(AVERAGE(Tabla1[[#This Row],[2020]:[2023]],),"") -> 0 | N4: =IFERROR(AVERAGE(Tabla1[[#This Row],[2023]:[2026]],),"") -> 0
B5: Caja y bancos (Efectivo y otros activos líquidos equivalentes) | C5: =IFERROR(INDEX('A1. BALANCES'!$B:$K,MATCH("VII. Efectivo y otros activos líquidos equivalentes",'A1. BALANCES'!$A:$A,0),MATCH(C$1,'A1. BALANCES'!$B$2:$K$2,0)),"") -> 0 | D5: =IFERROR(INDEX('A1. BALANCES'!$B:$K,MATCH("VII. Efectivo y otros activos líquidos equivalentes",'A1. BALANCES'!$A:$A,0),MATCH(D$1,'A1. BALANCES'!$B$2:$K$2,0)),"") -> 0 | E5: =IFERROR(INDEX('A1. BALANCES'!$B:$K,MATCH("VII. Efectivo y otros activos líquidos equivalentes",'A1. BALANCES'!$A:$A,0),MATCH(E$1,'A1. BALANCES'!$B$2:$K$2,0)),"") -> 0 | F5: =IFERROR(INDEX('A1. BALANCES'!$B:$K,MATCH("VII. Efectivo y otros activos líquidos equivalentes",'A1. BALANCES'!$A:$A,0),MATCH(F$1,'A1. BALANCES'!$B$2:$K$2,0)),"") -> 0 | G5: =IFERROR(INDEX('A1. BALANCES'!$B:$K,MATCH("VII. Efectivo y otros activos líquidos equivalentes",'A1. BALANCES'!$A:$A,0),MATCH(G$1,'A1. BALANCES'!$B$2:$K$2,0)),"") -> 0 | H5: =IFERROR(INDEX('A1. BALANCES'!$B:$K,MATCH("VII. Efectivo y otros activos líquidos equivalentes",'A1. BALANCES'!$A:$A,0),MATCH(H$1,'A1. BALANCES'!$B$2:$K$2,0)),"") -> 0 | I5: =IFERROR(INDEX('A1. BALANCES'!$B:$K,MATCH("VI. Efectivo y otros activos líquidos equivalentes",'A1. BALANCES'!$A:$A,0),MATCH(I$1,'A1. BALANCES'!$B$2:$K$2,0)),"") | M5: =IFERROR(AVERAGE(Tabla1[[#This Row],[2020]:[2023]],),"") -> 0 | N5: =IFERROR(AVERAGE(Tabla1[[#This Row],[2023]:[2026]],),"") -> 0
B6: ACTIVO CORRIENTE | C6: =IFERROR(INDEX('A1. BALANCES'!$B:$K,MATCH("B. Activo corriente",'A1. BALANCES'!$A:$A,0),MATCH(C$1,'A1. BALANCES'!$B$2:$K$2,0)),"") -> 0 | D6: =IFERROR(INDEX('A1. BALANCES'!$B:$K,MATCH("B. Activo corriente",'A1. BALANCES'!$A:$A,0),MATCH(D$1,'A1. BALANCES'!$B$2:$K$2,0)),"") -> 0 | E6: =IFERROR(INDEX('A1. BALANCES'!$B:$K,MATCH("B. Activo corriente",'A1. BALANCES'!$A:$A,0),MATCH(E$1,'A1. BALANCES'!$B$2:$K$2,0)),"") -> 0 | F6: =IFERROR(INDEX('A1. BALANCES'!$B:$K,MATCH("B. Activo corriente",'A1. BALANCES'!$A:$A,0),MATCH(F$1,'A1. BALANCES'!$B$2:$K$2,0)),"") -> 0 | G6: =IFERROR(INDEX('A1. BALANCES'!$B:$K,MATCH("B. Activo corriente",'A1. BALANCES'!$A:$A,0),MATCH(G$1,'A1. BALANCES'!$B$2:$K$2,0)),"") -> 0 | H6: =IFERROR(INDEX('A1. BALANCES'!$B:$K,MATCH("B. Activo corriente",'A1. BALANCES'!$A:$A,0),MATCH(H$1,'A1. BALANCES'!$B$2:$K$2,0)),"") -> 0 | I6: =IFERROR(INDEX('A1. BALANCES'!$B:$K,MATCH("B. Activo corriente",'A1. BALANCES'!$A:$A,0),MATCH(I$1,'A1. BALANCES'!$B$2:$K$2,0)),"") | J6: =IFERROR(INDEX('A1. BALANCES'!$B:$K,MATCH("B. Activo corriente",'A1. BALANCES'!$A:$A,0),MATCH(J$1,'A1. BALANCES'!$B$2:$K$2,0)),"") | ... L6: =IFERROR(INDEX('A1. BALANCES'!$B:$K,MATCH("B. Activo corriente",'A1. BALANCES'!$A:$A,0),MATCH(L$1,'A1. BALANCES'!$B$2:$K$2,0)),"") | M6: =IFERROR(AVERAGE(Tabla1[[#This Row],[2020]:[2023]],),"") -> 0 | N6: =IFERROR(AVERAGE(Tabla1[[#This Row],[2023]:[2026]],),"") -> 0
B7: PATRIMONIO NETO | C7: =IFERROR(INDEX('A1. BALANCES'!$B:$K,MATCH("A. Patrimonio Neto",'A1. BALANCES'!$A:$A,0),MATCH(C$1,'A1. BALANCES'!$B$2:$K$2,0)),"") -> 0 | D7: =IFERROR(INDEX('A1. BALANCES'!$B:$K,MATCH("A. Patrimonio Neto",'A1. BALANCES'!$A:$A,0),MATCH(D$1,'A1. BALANCES'!$B$2:$K$2,0)),"") -> 0 | E7: =IFERROR(INDEX('A1. BALANCES'!$B:$K,MATCH("A. Patrimonio Neto",'A1. BALANCES'!$A:$A,0),MATCH(E$1,'A1. BALANCES'!$B$2:$K$2,0)),"") -> 0 | F7: =IFERROR(INDEX('A1. BALANCES'!$B:$K,MATCH("A. Patrimonio Neto",'A1. BALANCES'!$A:$A,0),MATCH(F$1,'A1. BALANCES'!$B$2:$K$2,0)),"") -> 0 | G7: =IFERROR(INDEX('A1. BALANCES'!$B:$K,MATCH("A. Patrimonio Neto",'A1. BALANCES'!$A:$A,0),MATCH(G$1,'A1. BALANCES'!$B$2:$K$2,0)),"") -> 0 | H7: =IFERROR(INDEX('A1. BALANCES'!$B:$K,MATCH("A. Patrimonio Neto",'A1. BALANCES'!$A:$A,0),MATCH(H$1,'A1. BALANCES'!$B$2:$K$2,0)),"") -> 0 | I7: =IFERROR(INDEX('A1. BALANCES'!$B:$K,MATCH("A. Patrimonio Neto",'A1. BALANCES'!$A:$A,0),MATCH(I$1,'A1. BALANCES'!$B$2:$K$2,0)),"") | J7: =IFERROR(INDEX('A1. BALANCES'!$B:$K,MATCH("A. Patrimonio Neto",'A1. BALANCES'!$A:$A,0),MATCH(J$1,'A1. BALANCES'!$B$2:$K$2,0)),"") | ... L7: =IFERROR(INDEX('A1. BALANCES'!$B:$K,MATCH("A. Patrimonio Neto",'A1. BALANCES'!$A:$A,0),MATCH(L$1,'A1. BALANCES'!$B$2:$K$2,0)),"") | M7: =IFERROR(AVERAGE(Tabla1[[#This Row],[2020]:[2023]],),"") -> 0 | N7: =IFERROR(AVERAGE(Tabla1[[#This Row],[2023]:[2026]],),"") -> 0
B8: PASIVO NO CORRIENTE | C8: =IFERROR(INDEX('A1. BALANCES'!$B:$K,MATCH("B. Pasivo no Corriente",'A1. BALANCES'!$A:$A,0),MATCH(C$1,'A1. BALANCES'!$B$2:$K$2,0)),"") -> 0 | D8: =IFERROR(INDEX('A1. BALANCES'!$B:$K,MATCH("B. Pasivo no Corriente",'A1. BALANCES'!$A:$A,0),MATCH(D$1,'A1. BALANCES'!$B$2:$K$2,0)),"") -> 0 | E8: =IFERROR(INDEX('A1. BALANCES'!$B:$K,MATCH("B. Pasivo no Corriente",'A1. BALANCES'!$A:$A,0),MATCH(E$1,'A1. BALANCES'!$B$2:$K$2,0)),"") -> 0 | F8: =IFERROR(INDEX('A1. BALANCES'!$B:$K,MATCH("B. Pasivo no Corriente",'A1. BALANCES'!$A:$A,0),MATCH(F$1,'A1. BALANCES'!$B$2:$K$2,0)),"") -> 0 | G8: =IFERROR(INDEX('A1. BALANCES'!$B:$K,MATCH("B. Pasivo no Corriente",'A1. BALANCES'!$A:$A,0),MATCH(G$1,'A1. BALANCES'!$B$2:$K$2,0)),"") -> 0 | H8: =IFERROR(INDEX('A1. BALANCES'!$B:$K,MATCH("B. Pasivo no Corriente",'A1. BALANCES'!$A:$A,0),MATCH(H$1,'A1. BALANCES'!$B$2:$K$2,0)),"") -> 0 | I8: =IFERROR(INDEX('A1. BALANCES'!$B:$K,MATCH("B. Pasivo no Corriente",'A1. BALANCES'!$A:$A,0),MATCH(I$1,'A1. BALANCES'!$B$2:$K$2,0)),"") | J8: =IFERROR(INDEX('A1. BALANCES'!$B:$K,MATCH("B. Pasivo no Corriente",'A1. BALANCES'!$A:$A,0),MATCH(J$1,'A1. BALANCES'!$B$2:$K$2,0)),"") | ... L8: =IFERROR(INDEX('A1. BALANCES'!$B:$K,MATCH("B. Pasivo no Corriente",'A1. BALANCES'!$A:$A,0),MATCH(L$1,'A1. BALANCES'!$B$2:$K$2,0)),"") | M8: =IFERROR(AVERAGE(Tabla1[[#This Row],[2020]:[2023]],),"") -> 0 | N8: =IFERROR(AVERAGE(Tabla1[[#This Row],[2023]:[2026]],),"") -> 0
B9: Proveedores y acreedores (Cuentas comerciales y no comerciales a pagar) | C9: =IFERROR(INDEX('A1. BALANCES'!$B:$K,MATCH("IV. Acreedores a corto plazo y otras cuentas a pagar",'A1. BALANCES'!$A:$A,0),MATCH(C$1,'A1. BALANCES'!$B$2:$K$2,0)),"") -> 0 | D9: =IFERROR(INDEX('A1. BALANCES'!$B:$K,MATCH("IV. Acreedores a corto plazo y otras cuentas a pagar",'A1. BALANCES'!$A:$A,0),MATCH(D$1,'A1. BALANCES'!$B$2:$K$2,0)),"") -> 0 | E9: =IFERROR(INDEX('A1. BALANCES'!$B:$K,MATCH("IV. Acreedores a corto plazo y otras cuentas a pagar",'A1. BALANCES'!$A:$A,0),MATCH(E$1,'A1. BALANCES'!$B$2:$K$2,0)),"") -> 0 | F9: =IFERROR(INDEX('A1. BALANCES'!$B:$K,MATCH("IV. Acreedores a corto plazo y otras cuentas a pagar",'A1. BALANCES'!$A:$A,0),MATCH(F$1,'A1. BALANCES'!$B$2:$K$2,0)),"") -> 0 | G9: =IFERROR(INDEX('A1. BALANCES'!$B:$K,MATCH("IV. Acreedores a corto plazo y otras cuentas a pagar",'A1. BALANCES'!$A:$A,0),MATCH(G$1,'A1. BALANCES'!$B$2:$K$2,0)),"") -> 0 | H9: =IFERROR(INDEX('A1. BALANCES'!$B:$K,MATCH("IV. Acreedores a corto plazo y otras cuentas a pagar",'A1. BALANCES'!$A:$A,0),MATCH(H$1,'A1. BALANCES'!$B$2:$K$2,0)),"") -> 0 | I9: =IFERROR(INDEX('A1. BALANCES'!$B:$K,MATCH("IV. Acreedores a corto plazo y otras cuentas a pagar",'A1. BALANCES'!$A:$A,0),MATCH(I$1,'A1. BALANCES'!$B$2:$K$2,0)),"") | J9: =IFERROR(INDEX('A1. BALANCES'!$B:$K,MATCH("Proveedores",'A1. BALANCES'!$A:$A,0),MATCH(J$1,'A1. BALANCES'!$B$2:$K$2,0)),"") | K9: =IFERROR(INDEX('A1. BALANCES'!$B:$K,MATCH("Proveedores",'A1. BALANCES'!$A:$A,0),MATCH(K$1,'A1. BALANCES'!$B$2:$K$2,0)),"") | L9: =IFERROR(INDEX('A1. BALANCES'!$B:$K,MATCH("Proveedores",'A1. BALANCES'!$A:$A,0),MATCH(L$1,'A1. BALANCES'!$B$2:$K$2,0)),"") | M9: =IFERROR(AVERAGE(Tabla1[[#This Row],[2020]:[2023]],),"") -> 0 | N9: =IFERROR(AVERAGE(Tabla1[[#This Row],[2023]:[2026]],),"") -> 0
B10: PASIVO CORRIENTE | C10: =IFERROR(INDEX('A1. BALANCES'!$B:$K,MATCH("C. Pasivo Corriente",'A1. BALANCES'!$A:$A,0),MATCH(C$1,'A1. BALANCES'!$B$2:$K$2,0)),"") -> 0 | D10: =IFERROR(INDEX('A1. BALANCES'!$B:$K,MATCH("C. Pasivo Corriente",'A1. BALANCES'!$A:$A,0),MATCH(D$1,'A1. BALANCES'!$B$2:$K$2,0)),"") -> 0 | E10: =IFERROR(INDEX('A1. BALANCES'!$B:$K,MATCH("C. Pasivo Corriente",'A1. BALANCES'!$A:$A,0),MATCH(E$1,'A1. BALANCES'!$B$2:$K$2,0)),"") -> 0 | F10: =IFERROR(INDEX('A1. BALANCES'!$B:$K,MATCH("C. Pasivo Corriente",'A1. BALANCES'!$A:$A,0),MATCH(F$1,'A1. BALANCES'!$B$2:$K$2,0)),"") -> 0 | G10: =IFERROR(INDEX('A1. BALANCES'!$B:$K,MATCH("C. Pasivo Corriente",'A1. BALANCES'!$A:$A,0),MATCH(G$1,'A1. BALANCES'!$B$2:$K$2,0)),"") -> 0 | H10: =IFERROR(INDEX('A1. BALANCES'!$B:$K,MATCH("C. Pasivo Corriente",'A1. BALANCES'!$A:$A,0),MATCH(H$1,'A1. BALANCES'!$B$2:$K$2,0)),"") -> 0 | I10: =IFERROR(INDEX('A1. BALANCES'!$B:$K,MATCH("Pasivo Corriente",'A1. BALANCES'!$A:$A,0),MATCH(I$1,'A1. BALANCES'!$B$2:$K$2,0)),"") | J10: =IFERROR(INDEX('A1. BALANCES'!$B:$K,MATCH("Pasivo Corriente",'A1. BALANCES'!$A:$A,0),MATCH(J$1,'A1. BALANCES'!$B$2:$K$2,0)),"") | K10: =IFERROR(INDEX('A1. BALANCES'!$B:$K,MATCH("Pasivo Corriente",'A1. BALANCES'!$A:$A,0),MATCH(K$1,'A1. BALANCES'!$B$2:$K$2,0)),"") | L10: =IFERROR(INDEX('A1. BALANCES'!$B:$K,MATCH("Pasivo Corriente",'A1. BALANCES'!$A:$A,0),MATCH(L$1,'A1. BALANCES'!$B$2:$K$2,0)),"") | M10: =IFERROR(AVERAGE(Tabla1[[#This Row],[2020]:[2023]],),"") -> 0 | N10: =IFERROR(AVERAGE(Tabla1[[#This Row],[2023]:[2026]],),"") -> 0
A11: DATOS PYG | B11: Ventas (importe neto de la cifra de negocios) | C11: =IFERROR(INDEX('A2. PYG'!$B:$K,MATCH("1. Importe neto de la cifra de negocios",'A2. PYG'!$A:$A,0),MATCH(C$1,'A2. PYG'!$B$2:$K$2,0)),"") -> 0 | D11: =IFERROR(INDEX('A2. PYG'!$B:$K,MATCH("1. Importe neto de la cifra de negocios",'A2. PYG'!$A:$A,0),MATCH(D$1,'A2. PYG'!$B$2:$K$2,0)),"") -> 0 | E11: =IFERROR(INDEX('A2. PYG'!$B:$K,MATCH("1. Importe neto de la cifra de negocios",'A2. PYG'!$A:$A,0),MATCH(E$1,'A2. PYG'!$B$2:$K$2,0)),"") -> 0 | F11: =IFERROR(INDEX('A2. PYG'!$B:$K,MATCH("1. Importe neto de la cifra de negocios",'A2. PYG'!$A:$A,0),MATCH(F$1,'A2. PYG'!$B$2:$K$2,0)),"") -> 0 | G11: =IFERROR(INDEX('A2. PYG'!$B:$K,MATCH("1. Importe neto de la cifra de negocios",'A2. PYG'!$A:$A,0),MATCH(G$1,'A2. PYG'!$B$2:$K$2,0)),"") -> 0 | H11: =IFERROR(INDEX('A2. PYG'!$B:$K,MATCH("1. Importe neto de la cifra de negocios",'A2. PYG'!$A:$A,0),MATCH(H$1,'A2. PYG'!$B$2:$K$2,0)),"") -> 0 | I11: =IFERROR(INDEX('A2. PYG'!$B:$K,MATCH("1. Importe neto de la cifra de negocios",'A2. PYG'!$A:$A,0),MATCH(I$1,'A2. PYG'!$B$2:$K$2,0)),"") -> 0 | J11: =IFERROR(INDEX('A2. PYG'!$B:$K,MATCH("1. Importe neto de la cifra de negocios",'A2. PYG'!$A:$A,0),MATCH(J$1,'A2. PYG'!$B$2:$K$2,0)),"") -> 0 | ... L11: =IFERROR(INDEX('A2. PYG'!$B:$K,MATCH("1. Importe neto de la cifra de negocios",'A2. PYG'!$A:$A,0),MATCH(L$1,'A2. PYG'!$B$2:$K$2,0)),"") -> 0 | M11: =IFERROR(AVERAGE(Tabla1[[#This Row],[2020]:[2023]],),"") -> 0 | N11: =IFERROR(AVERAGE(Tabla1[[#This Row],[2023]:[2026]],),"") -> 0
B12: Costes directos (Aprovisionamientos=Compras) | C12: =IFERROR(INDEX('A2. PYG'!$B:$K,MATCH("4. Aprovisionamientos",'A2. PYG'!$A:$A,0),MATCH(C$1,'A2. PYG'!$B$2:$K$2,0)),"") -> 0 | D12: =IFERROR(INDEX('A2. PYG'!$B:$K,MATCH("4. Aprovisionamientos",'A2. PYG'!$A:$A,0),MATCH(D$1,'A2. PYG'!$B$2:$K$2,0)),"") -> 0 | E12: =IFERROR(INDEX('A2. PYG'!$B:$K,MATCH("4. Aprovisionamientos",'A2. PYG'!$A:$A,0),MATCH(E$1,'A2. PYG'!$B$2:$K$2,0)),"") -> 0 | F12: =IFERROR(INDEX('A2. PYG'!$B:$K,MATCH("4. Aprovisionamientos",'A2. PYG'!$A:$A,0),MATCH(F$1,'A2. PYG'!$B$2:$K$2,0)),"") -> 0 | G12: =IFERROR(INDEX('A2. PYG'!$B:$K,MATCH("4. Aprovisionamientos",'A2. PYG'!$A:$A,0),MATCH(G$1,'A2. PYG'!$B$2:$K$2,0)),"") -> 0 | H12: =IFERROR(INDEX('A2. PYG'!$B:$K,MATCH("4. Aprovisionamientos",'A2. PYG'!$A:$A,0),MATCH(H$1,'A2. PYG'!$B$2:$K$2,0)),"") -> 0 | I12: =IFERROR(INDEX('A2. PYG'!$B:$K,MATCH("4. Aprovisionamientos",'A2. PYG'!$A:$A,0),MATCH(I$1,'A2. PYG'!$B$2:$K$2,0)),"") -> 0 | J12: =IFERROR(INDEX('A2. PYG'!$B:$K,MATCH("4. Aprovisionamientos",'A2. PYG'!$A:$A,0),MATCH(J$1,'A2. PYG'!$B$2:$K$2,0)),"") -> 0 | ... L12: =IFERROR(INDEX('A2. PYG'!$B:$K,MATCH("4. Aprovisionamientos",'A2. PYG'!$A:$A,0),MATCH(L$1,'A2. PYG'!$B$2:$K$2,0)),"") -> 0 | M12: =IFERROR(AVERAGE(Tabla1[[#This Row],[2020]:[2023]],),"") -> 0 | N12: =IFERROR(AVERAGE(Tabla1[[#This Row],[2023]:[2026]],),"") -> 0
B13: Gastos de Vª generales (Existencias iniciales+Compras-Existencias finales) | C13: =IFERROR((B3+(-B12)-C3),"") | D13: =IFERROR((C3+D12-D3),"") -> 0 | E13: =IFERROR((D3+E12-E3),"") -> 0 | F13: =IFERROR((E3+F12-F3),"") -> 0 | G13: =IFERROR((F3+G12-G3),"") -> 0 | H13: =IFERROR((G3+H12-H3),"") -> 0 | I13: =IFERROR((H3+I12-I3),"") | J13: =IFERROR((I3+J12-J3),"") | K13: =IFERROR((J3+K12-K3),"") -> 0 | L13: =IFERROR((K3+L12-L3),"") -> 0 | M13: =IFERROR(AVERAGE(Tabla1[[#This Row],[2020]:[2023]],),"") -> 0 | N13: =IFERROR(AVERAGE(Tabla1[[#This Row],[2023]:[2026]],),"") -> 0
B14: MARGEN BRUTO | C14: =IFERROR(INDEX('A2. PYG'!$B:$K,MATCH("Margen Bruto",'A2. PYG'!$A:$A,0),MATCH(C$1,'A2. PYG'!$B$2:$K$2,0)),"") | D14: =IFERROR(INDEX('A2. PYG'!$B:$K,MATCH("Margen Bruto",'A2. PYG'!$A:$A,0),MATCH(D$1,'A2. PYG'!$B$2:$K$2,0)),"") | E14: =IFERROR(INDEX('A2. PYG'!$B:$K,MATCH("Margen Bruto",'A2. PYG'!$A:$A,0),MATCH(E$1,'A2. PYG'!$B$2:$K$2,0)),"") | F14: =IFERROR(INDEX('A2. PYG'!$B:$K,MATCH("Margen Bruto",'A2. PYG'!$A:$A,0),MATCH(F$1,'A2. PYG'!$B$2:$K$2,0)),"") | G14: =IFERROR(INDEX('A2. PYG'!$B:$K,MATCH("Margen Bruto",'A2. PYG'!$A:$A,0),MATCH(G$1,'A2. PYG'!$B$2:$K$2,0)),"") | H14: =IFERROR(INDEX('A2. PYG'!$B:$K,MATCH("Margen Bruto",'A2. PYG'!$A:$A,0),MATCH(H$1,'A2. PYG'!$B$2:$K$2,0)),"") | I14: =IFERROR(INDEX('A2. PYG'!$B:$K,MATCH("Margen Bruto",'A2. PYG'!$A:$A,0),MATCH(I$1,'A2. PYG'!$B$2:$K$2,0)),"") | J14: =IFERROR(INDEX('A2. PYG'!$B:$K,MATCH("Margen Bruto",'A2. PYG'!$A:$A,0),MATCH(J$1,'A2. PYG'!$B$2:$K$2,0)),"") | ... L14: =IFERROR(INDEX('A2. PYG'!$B:$K,MATCH("Margen Bruto",'A2. PYG'!$A:$A,0),MATCH(L$1,'A2. PYG'!$B$2:$K$2,0)),"") | M14: =IFERROR(AVERAGE(Tabla1[[#This Row],[2020]:[2023]],),"") -> 0 | N14: =IFERROR(AVERAGE(Tabla1[[#This Row],[2023]:[2026]],),"") -> 0
B15: Costes indirectos (Gastos de personal) | C15: =IFERROR(INDEX('A2. PYG'!$B:$K,MATCH("6. Gastos de personal",'A2. PYG'!$A:$A,0),MATCH(C$1,'A2. PYG'!$B$2:$K$2,0)),"") -> 0 | D15: =IFERROR(INDEX('A2. PYG'!$B:$K,MATCH("6. Gastos de personal",'A2. PYG'!$A:$A,0),MATCH(D$1,'A2. PYG'!$B$2:$K$2,0)),"") -> 0 | E15: =IFERROR(INDEX('A2. PYG'!$B:$K,MATCH("6. Gastos de personal",'A2. PYG'!$A:$A,0),MATCH(E$1,'A2. PYG'!$B$2:$K$2,0)),"") -> 0 | F15: =IFERROR(INDEX('A2. PYG'!$B:$K,MATCH("6. Gastos de personal",'A2. PYG'!$A:$A,0),MATCH(F$1,'A2. PYG'!$B$2:$K$2,0)),"") -> 0 | G15: =IFERROR(INDEX('A2. PYG'!$B:$K,MATCH("6. Gastos de personal",'A2. PYG'!$A:$A,0),MATCH(G$1,'A2. PYG'!$B$2:$K$2,0)),"") -> 0 | H15: =IFERROR(INDEX('A2. PYG'!$B:$K,MATCH("6. Gastos de personal",'A2. PYG'!$A:$A,0),MATCH(H$1,'A2. PYG'!$B$2:$K$2,0)),"") -> 0 | I15: =IFERROR(INDEX('A2. PYG'!$B:$K,MATCH("6. Gastos de personal",'A2. PYG'!$A:$A,0),MATCH(I$1,'A2. PYG'!$B$2:$K$2,0)),"") -> 0 | J15: =IFERROR(INDEX('A2. PYG'!$B:$K,MATCH("6. Gastos de personal",'A2. PYG'!$A:$A,0),MATCH(J$1,'A2. PYG'!$B$2:$K$2,0)),"") -> 0 | ... L15: =IFERROR(INDEX('A2. PYG'!$B:$K,MATCH("6. Gastos de personal",'A2. PYG'!$A:$A,0),MATCH(L$1,'A2. PYG'!$B$2:$K$2,0)),"") -> 0 | M15: =IFERROR(AVERAGE(Tabla1[[#This Row],[2020]:[2023]],),"") -> 0 | N15: =IFERROR(AVERAGE(Tabla1[[#This Row],[2023]:[2026]],),"") -> 0
B16: EBITDA (Bº antes de intereses, impuestos, depreciaciones y amortizaciones) | C16: =IFERROR(INDEX('A2. PYG'!$B:$K,MATCH("EBITDA",'A2. PYG'!$A:$A,0),MATCH(C$1,'A2. PYG'!$B$2:$K$2,0)),"") -> 0 | D16: =IFERROR(INDEX('A2. PYG'!$B:$K,MATCH("EBITDA",'A2. PYG'!$A:$A,0),MATCH(D$1,'A2. PYG'!$B$2:$K$2,0)),"") -> 0 | E16: =IFERROR(INDEX('A2. PYG'!$B:$K,MATCH("EBITDA",'A2. PYG'!$A:$A,0),MATCH(E$1,'A2. PYG'!$B$2:$K$2,0)),"") -> 0 | F16: =IFERROR(INDEX('A2. PYG'!$B:$K,MATCH("EBITDA",'A2. PYG'!$A:$A,0),MATCH(F$1,'A2. PYG'!$B$2:$K$2,0)),"") -> 0 | G16: =IFERROR(INDEX('A2. PYG'!$B:$K,MATCH("EBITDA",'A2. PYG'!$A:$A,0),MATCH(G$1,'A2. PYG'!$B$2:$K$2,0)),"") -> 0 | H16: =IFERROR(INDEX('A2. PYG'!$B:$K,MATCH("EBITDA",'A2. PYG'!$A:$A,0),MATCH(H$1,'A2. PYG'!$B$2:$K$2,0)),"") -> 0 | I16: =IFERROR(INDEX('A2. PYG'!$B:$K,MATCH("EBITDA",'A2. PYG'!$A:$A,0),MATCH(I$1,'A2. PYG'!$B$2:$K$2,0)),"") -> 0 | J16: =IFERROR(INDEX('A2. PYG'!$B:$K,MATCH("EBITDA",'A2. PYG'!$A:$A,0),MATCH(J$1,'A2. PYG'!$B$2:$K$2,0)),"") -> 0 | ... L16: =IFERROR(INDEX('A2. PYG'!$B:$K,MATCH("EBITDA",'A2. PYG'!$A:$A,0),MATCH(L$1,'A2. PYG'!$B$2:$K$2,0)),"") -> 0 | M16: =IFERROR(AVERAGE(Tabla1[[#This Row],[2020]:[2023]],),"") -> 0 | N16: =IFERROR(AVERAGE(Tabla1[[#This Row],[2023]:[2026]],),"") -> 0
B17: EBIT o BAIT (Bº antes de intereses e impuestos) | C17: =IFERROR(INDEX('A2. PYG'!$B:$K,MATCH("BAIT",'A2. PYG'!$A:$A,0),MATCH(C$1,'A2. PYG'!$B$2:$K$2,0)),"") | D17: =IFERROR(INDEX('A2. PYG'!$B:$K,MATCH("EBIT o BAIT",'A2. PYG'!$A:$A,0),MATCH(D$1,'A2. PYG'!$B$2:$K$2,0)),"") -> 0 | E17: =IFERROR(INDEX('A2. PYG'!$B:$K,MATCH("EBIT o BAIT",'A2. PYG'!$A:$A,0),MATCH(E$1,'A2. PYG'!$B$2:$K$2,0)),"") -> 0 | F17: =IFERROR(INDEX('A2. PYG'!$B:$K,MATCH("EBIT o BAIT",'A2. PYG'!$A:$A,0),MATCH(F$1,'A2. PYG'!$B$2:$K$2,0)),"") -> 0 | G17: =IFERROR(INDEX('A2. PYG'!$B:$K,MATCH("BAIT",'A2. PYG'!$A:$A,0),MATCH(G$1,'A2. PYG'!$B$2:$K$2,0)),"") | H17: =IFERROR(INDEX('A2. PYG'!$B:$K,MATCH("BAIT",'A2. PYG'!$A:$A,0),MATCH(H$1,'A2. PYG'!$B$2:$K$2,0)),"") | I17: =IFERROR(INDEX('A2. PYG'!$B:$K,MATCH("BAIT",'A2. PYG'!$A:$A,0),MATCH(I$1,'A2. PYG'!$B$2:$K$2,0)),"") | J17: =IFERROR(INDEX('A2. PYG'!$B:$K,MATCH("BAIT",'A2. PYG'!$A:$A,0),MATCH(J$1,'A2. PYG'!$B$2:$K$2,0)),"") | K17: =IFERROR(INDEX('A2. PYG'!$B:$K,MATCH("BAIT",'A2. PYG'!$A:$A,0),MATCH(K$1,'A2. PYG'!$B$2:$K$2,0)),"") | L17: =IFERROR(INDEX('A2. PYG'!$B:$K,MATCH("BAIT",'A2. PYG'!$A:$A,0),MATCH(L$1,'A2. PYG'!$B$2:$K$2,0)),"") | M17: =IFERROR(AVERAGE(Tabla1[[#This Row],[2020]:[2023]],),"") -> 0 | N17: =IFERROR(AVERAGE(Tabla1[[#This Row],[2023]:[2026]],),"") -> 0
B18: EBT o BAT (Bº antes de impuestos) | C18: =IFERROR(INDEX('A2. PYG'!$B:$K,MATCH("BAT",'A2. PYG'!$A:$A,0),MATCH(C$1,'A2. PYG'!$B$2:$K$2,0)),"") | D18: =IFERROR(INDEX('A2. PYG'!$B:$K,MATCH("EBT o BAT",'A2. PYG'!$A:$A,0),MATCH(D$1,'A2. PYG'!$B$2:$K$2,0)),"") -> 0 | E18: =IFERROR(INDEX('A2. PYG'!$B:$K,MATCH("EBT o BAT",'A2. PYG'!$A:$A,0),MATCH(E$1,'A2. PYG'!$B$2:$K$2,0)),"") -> 0 | F18: =IFERROR(INDEX('A2. PYG'!$B:$K,MATCH("EBT o BAT",'A2. PYG'!$A:$A,0),MATCH(F$1,'A2. PYG'!$B$2:$K$2,0)),"") -> 0 | G18: =IFERROR(INDEX('A2. PYG'!$B:$K,MATCH("EBT o BAT",'A2. PYG'!$A:$A,0),MATCH(G$1,'A2. PYG'!$B$2:$K$2,0)),"") -> 0 | H18: =IFERROR(INDEX('A2. PYG'!$B:$K,MATCH("EBT o BAT",'A2. PYG'!$A:$A,0),MATCH(H$1,'A2. PYG'!$B$2:$K$2,0)),"") -> 0 | I18: =IFERROR(INDEX('A2. PYG'!$B:$K,MATCH("EBT o BAT",'A2. PYG'!$A:$A,0),MATCH(I$1,'A2. PYG'!$B$2:$K$2,0)),"") -> 0 | J18: =IFERROR(INDEX('A2. PYG'!$B:$K,MATCH("EBT o BAT",'A2. PYG'!$A:$A,0),MATCH(J$1,'A2. PYG'!$B$2:$K$2,0)),"") -> 0 | K18: =IFERROR(INDEX('A2. PYG'!$B:$K,MATCH("EBT o BAT",'A2. PYG'!$A:$A,0),MATCH(K$1,'A2. PYG'!$B$2:$K$2,0)),"") -> 0 | L18: =IFERROR(INDEX('A2. PYG'!$B:$K,MATCH("EBT o BAT",'A2. PYG'!$A:$A,0),MATCH(L$1,'A2. PYG'!$B$2:$K$2,0)),"") -> 0 | M18: =IFERROR(AVERAGE(Tabla1[[#This Row],[2020]:[2023]],),"") -> 0 | N18: =IFERROR(AVERAGE(Tabla1[[#This Row],[2023]:[2026]],),"") -> 0
B19: BN (Bº neto o Resultado del ejercicio) | C19: =IFERROR(INDEX('A2. PYG'!$B:$K,MATCH("F) RESULTADO DEL EJERCICIO (BN) (E+19)",'A2. PYG'!$A:$A,0),MATCH(C$1,'A2. PYG'!$B$2:$K$2,0)),"") -> 0 | D19: =IFERROR(INDEX('A2. PYG'!$B:$K,MATCH("F) RESULTADO DEL EJERCICIO (BN) (E+19)",'A2. PYG'!$A:$A,0),MATCH(D$1,'A2. PYG'!$B$2:$K$2,0)),"") -> 0 | E19: =IFERROR(INDEX('A2. PYG'!$B:$K,MATCH("F) RESULTADO DEL EJERCICIO (BN) (E+19)",'A2. PYG'!$A:$A,0),MATCH(E$1,'A2. PYG'!$B$2:$K$2,0)),"") -> 0 | F19: =IFERROR(INDEX('A2. PYG'!$B:$K,MATCH("F) RESULTADO DEL EJERCICIO (BN) (E+19)",'A2. PYG'!$A:$A,0),MATCH(F$1,'A2. PYG'!$B$2:$K$2,0)),"") -> 0 | G19: =IFERROR(INDEX('A2. PYG'!$B:$K,MATCH("F) RESULTADO DEL EJERCICIO (BN) (E+19)",'A2. PYG'!$A:$A,0),MATCH(G$1,'A2. PYG'!$B$2:$K$2,0)),"") -> 0 | H19: =IFERROR(INDEX('A2. PYG'!$B:$K,MATCH("F) RESULTADO DEL EJERCICIO (BN) (E+19)",'A2. PYG'!$A:$A,0),MATCH(H$1,'A2. PYG'!$B$2:$K$2,0)),"") -> 0 | I19: =IFERROR(INDEX('A2. PYG'!$B:$K,MATCH("F) RESULTADO DEL EJERCICIO (BN) (E+19)",'A2. PYG'!$A:$A,0),MATCH(I$1,'A2. PYG'!$B$2:$K$2,0)),"") -> 0 | J19: =IFERROR(INDEX('A2. PYG'!$B:$K,MATCH("Resultado del ejercicio",'A2. PYG'!$A:$A,0),MATCH(J$1,'A2. PYG'!$B$2:$K$2,0)),"") | K19: =IFERROR(INDEX('A2. PYG'!$B:$K,MATCH("Resultado del ejercicio",'A2. PYG'!$A:$A,0),MATCH(K$1,'A2. PYG'!$B$2:$K$2,0)),"") | L19: =IFERROR(INDEX('A2. PYG'!$B:$K,MATCH("Resultado del ejercicio",'A2. PYG'!$A:$A,0),MATCH(L$1,'A2. PYG'!$B$2:$K$2,0)),"") | M19: =IFERROR(AVERAGE(Tabla1[[#This Row],[2020]:[2023]],),"") -> 0 | N19: =IFERROR(AVERAGE(Tabla1[[#This Row],[2023]:[2026]],),"") -> 0
A20: ¿GANAN DINERO? | B20: Crecimiento Ventas | C20: =IFERROR(IF(B$1=0,"",((B11-C11)/ABS(C11))),"") | D20: =IFERROR(IF(C$1=0,"",((C11-D11)/ABS(D11))),"") | E20: =IFERROR(IF(D$1=0,"",((D11-E11)/ABS(E11))),"") | F20: =IFERROR(IF(E$1=0,"",((E11-F11)/ABS(F11))),"") | G20: =IFERROR(IF(F$1=0,"",((F11-G11)/ABS(G11))),"") | H20: =IFERROR(IF(G$1=0,"",((G11-H11)/ABS(H11))),"") | I20: =IFERROR(IF(H$1=0,"",((H11-I11)/ABS(I11))),"") | J20: =IFERROR(IF(I$1=0,"",((I11-J11)/ABS(J11))),"") | ... L20: =IFERROR(IF(K$1=0,"",((K11-L11)/ABS(L11))),"") | M20: =IFERROR(AVERAGE(Tabla1[[#This Row],[2020]:[2023]],),"") -> 0 | N20: =IFERROR(AVERAGE(Tabla1[[#This Row],[2023]:[2026]],),"") -> 0
B21: Crecimiento costes directos | C21: =IFERROR(IF(B$1=0,"",((B12-C12)/ABS(C12))),"") | D21: =IFERROR(IF(C$1=0,"",((C12-D12)/ABS(D12))),"") | E21: =IFERROR(IF(D$1=0,"",((D12-E12)/ABS(E12))),"") | F21: =IFERROR(IF(E$1=0,"",((E12-F12)/ABS(F12))),"") | G21: =IFERROR(IF(F$1=0,"",((F12-G12)/ABS(G12))),"") | H21: =IFERROR(IF(G$1=0,"",((G12-H12)/ABS(H12))),"") | I21: =IFERROR(IF(H$1=0,"",((H12-I12)/ABS(I12))),"") | J21: =IFERROR(IF(I$1=0,"",((I12-J12)/ABS(J12))),"") | ... L21: =IFERROR(IF(K$1=0,"",((K12-L12)/ABS(L12))),"") | M21: =IFERROR(AVERAGE(Tabla1[[#This Row],[2020]:[2023]],),"") -> 0 | N21: =IFERROR(AVERAGE(Tabla1[[#This Row],[2023]:[2026]],),"") -> 0
B22: MARGEN BRUTO | C22: =IFERROR(IF(B$1=0,"",((B14-C14)/ABS(C14))),"") | D22: =IFERROR(IF(C$1=0,"",((C14-D14)/ABS(D14))),"") | E22: =IFERROR(IF(D$1=0,"",((D14-E14)/ABS(E14))),"") | F22: =IFERROR(IF(E$1=0,"",((E14-F14)/ABS(F14))),"") | G22: =IFERROR(IF(F$1=0,"",((F14-G14)/ABS(G14))),"") | H22: =IFERROR(IF(G$1=0,"",((G14-H14)/ABS(H14))),"") | I22: =IFERROR(IF(H$1=0,"",((H14-I14)/ABS(I14))),"") | J22: =IFERROR(IF(I$1=0,"",((I14-J14)/ABS(J14))),"") | ... L22: =IFERROR(IF(K$1=0,"",((K14-L14)/ABS(L14))),"") | M22: =IFERROR(AVERAGE(Tabla1[[#This Row],[2020]:[2023]],),"") -> 0 | N22: =IFERROR(AVERAGE(Tabla1[[#This Row],[2023]:[2026]],),"") -> 0
B23: Margen Bruto/Ventas | C23: =IFERROR(C14/C11,"") | D23: =IFERROR(D14/D11,"") | E23: =IFERROR(E14/E11,"") | F23: =IFERROR(F14/F11,"") | G23: =IFERROR(G14/G11,"") | H23: =IFERROR(H14/H11,"") | I23: =IFERROR(I14/I11,"") | J23: =IFERROR(J14/J11,"") | ... L23: =IFERROR(L14/L11,"") | M23: =IFERROR(AVERAGE(Tabla1[[#This Row],[2020]:[2023]],),"") -> 0 | N23: =IFERROR(AVERAGE(Tabla1[[#This Row],[2023]:[2026]],),"") -> 0
B24: EBITDA/Ventas | C24: =IFERROR(C16/C11,"") | D24: =IFERROR(D16/D11,"") | E24: =IFERROR(E16/E11,"") | F24: =IFERROR(F16/F11,"") | G24: =IFERROR(G16/G11,"") | H24: =IFERROR(H16/H11,"") | I24: =IFERROR(I16/I11,"") | J24: =IFERROR(J16/J11,"") | ... L24: =IFERROR(L16/L11,"") | M24: =IFERROR(AVERAGE(Tabla1[[#This Row],[2020]:[2023]],),"") -> 0 | N24: =IFERROR(AVERAGE(Tabla1[[#This Row],[2023]:[2026]],),"") -> 0
B25: ROS=BN/Ventas | C25: =IFERROR(C19/C11,"") | D25: =IFERROR(D19/D11,"") | E25: =IFERROR(E19/E11,"") | F25: =IFERROR(F19/F11,"") | G25: =IFERROR(G19/G11,"") | H25: =IFERROR(H19/H11,"") | I25: =IFERROR(I19/I11,"") | J25: =IFERROR(J19/J11,"") | ... L25: =IFERROR(L19/L11,"") | M25: =IFERROR(AVERAGE(Tabla1[[#This Row],[2020]:[2023]],),"") -> 0 | N25: =IFERROR(AVERAGE(Tabla1[[#This Row],[2023]:[2026]],),"") -> 0
B26: ROE=BN/PN | C26: =IFERROR(C19/C7,"") | D26: =IFERROR(D19/D7,"") | E26: =IFERROR(E19/E7,"") | F26: =IFERROR(F19/F7,"") | G26: =IFERROR(G19/G7,"") | H26: =IFERROR(H19/H7,"") | I26: =IFERROR(I19/I7,"") | J26: =IFERROR(J19/J7,"") | ... L26: =IFERROR(L19/L7,"") | M26: =IFERROR(AVERAGE(Tabla1[[#This Row],[2020]:[2023]],),"") -> 0 | N26: =IFERROR(AVERAGE(Tabla1[[#This Row],[2023]:[2026]],),"") -> 0
B27: Margen=BN/Ventas | C27: =IFERROR(C19/C11,"") | D27: =IFERROR(D19/D11,"") | E27: =IFERROR(E19/E11,"") | F27: =IFERROR(F19/F11,"") | G27: =IFERROR(G19/G11,"") | H27: =IFERROR(H19/H11,"") | I27: =IFERROR(I19/I11,"") | J27: =IFERROR(J19/J11,"") | ... L27: =IFERROR(L19/L11,"") | M27: =IFERROR(AVERAGE(Tabla1[[#This Row],[2020]:[2023]],),"") -> 0 | N27: =IFERROR(AVERAGE(Tabla1[[#This Row],[2023]:[2026]],),"") -> 0
B28: Rotación=Ventas/Activo | C28: =IFERROR(C11/(C2+C6),"") | D28: =IFERROR(D11/(D2+D6),"") | E28: =IFERROR(E11/(E2+E6),"") | F28: =IFERROR(F11/(F2+F6),"") | G28: =IFERROR(G11/(G2+G6),"") | H28: =IFERROR(H11/(H2+H6),"") | I28: =IFERROR(I11/(I2+I6),"") | J28: =IFERROR(J11/(J2+J6),"") | ... L28: =IFERROR(L11/(L2+L6),"") | M28: =IFERROR(AVERAGE(Tabla1[[#This Row],[2020]:[2023]],),"") -> 0 | N28: =IFERROR(AVERAGE(Tabla1[[#This Row],[2023]:[2026]],),"") -> 0
B29: Apalancamiento=Activo/Partrimonio Neto | C29: =IFERROR((C2+C6)/C7,"") | D29: =IFERROR((D2+D6)/D7,"") | E29: =IFERROR((E2+E6)/E7,"") | F29: =IFERROR((F2+F6)/F7,"") | G29: =IFERROR((G2+G6)/G7,"") | H29: =IFERROR((H2+H6)/H7,"") | I29: =IFERROR((I2+I6)/I7,"") | J29: =IFERROR((J2+J6)/J7,"") | ... L29: =IFERROR((L2+L6)/L7,"") | M29: =IFERROR(AVERAGE(Tabla1[[#This Row],[2020]:[2023]],),"") -> 0 | N29: =IFERROR(AVERAGE(Tabla1[[#This Row],[2023]:[2026]],),"") -> 0
B30: ROA=EBIT/Activo | C30: =IFERROR(C17/(C2+C6),"") | D30: =IFERROR(D17/(D2+D6),"") | E30: =IFERROR(E17/(E2+E6),"") | F30: =IFERROR(F17/(F2+F6),"") | G30: =IFERROR(G17/(G2+G6),"") | H30: =IFERROR(H17/(H2+H6),"") | I30: =IFERROR(I17/(I2+I6),"") | J30: =IFERROR(J17/(J2+J6),"") | ... L30: =IFERROR(L17/(L2+L6),"") | M30: =IFERROR(AVERAGE(Tabla1[[#This Row],[2020]:[2023]],),"") -> 0 | N30: =IFERROR(AVERAGE(Tabla1[[#This Row],[2023]:[2026]],),"") -> 0
A31: ¿GESTIONAN BIEN LOS RECURSOS? | B31: Caja Operativa | C31: 0 | D31: 0 | E31: 0 | F31: 0 | G31: 0 | H31: 0 | I31: 0 | J31: 0 | K31: 0 | L31: 0 | M31: =IFERROR(AVERAGE(Tabla1[[#This Row],[2020]:[2023]],),"") -> 0 | N31: =IFERROR(AVERAGE(Tabla1[[#This Row],[2023]:[2026]],),"") -> 0
B32: Existencias | C32: =C3 -> 0 | D32: =D3 -> 0 | E32: =E3 -> 0 | F32: =F3 -> 0 | G32: =G3 -> 0 | H32: =H3 -> 0 | I32: =I3 | J32: =J3 -> 0 | ... L32: =L3 -> 0 | M32: =IFERROR(AVERAGE(Tabla1[[#This Row],[2020]:[2023]],),"") -> 0 | N32: =IFERROR(AVERAGE(Tabla1[[#This Row],[2023]:[2026]],),"") -> 0
B33: Clientes y deudores (Cuentas comerciales y no comerciales a cobrar) | C33: =C4 -> 0 | D33: =D4 -> 0 | E33: =E4 -> 0 | F33: =F4 -> 0 | G33: =G4 -> 0 | H33: =H4 -> 0 | I33: =I4 | J33: =J4 | ... L33: =L4 | M33: =IFERROR(AVERAGE(Tabla1[[#This Row],[2020]:[2023]],),"") -> 0 | N33: =IFERROR(AVERAGE(Tabla1[[#This Row],[2023]:[2026]],),"") -> 0
B34: ACTIVO CIRCULANTE OPERATIVO (Existencias+Clientes+Deudores) | C34: =SUM(C31:C33) -> 0 | D34: =SUM(D31:D33) -> 0 | E34: =SUM(E31:E33) -> 0 | F34: =SUM(F31:F33) -> 0 | G34: =SUM(G31:G33) -> 0 | H34: =SUM(H31:H33) -> 0 | I34: =SUM(I31:I33) -> 0 | J34: =SUM(J31:J33) -> 0 | ... L34: =SUM(L31:L33) -> 0 | M34: =IFERROR(AVERAGE(Tabla1[[#This Row],[2020]:[2023]],),"") -> 0 | N34: =IFERROR(AVERAGE(Tabla1[[#This Row],[2023]:[2026]],),"") -> 0
B35: Proveedores y acreedores (Cuentas comerciales y no comerciales a pagar) | C35: =C9 -> 0 | D35: =D9 -> 0 | E35: =E9 -> 0 | F35: =F9 -> 0 | G35: =G9 -> 0 | H35: =H9 -> 0 | I35: =I9 | J35: =J9 | ... L35: =L9 | M35: =IFERROR(AVERAGE(Tabla1[[#This Row],[2020]:[2023]],),"") -> 0 | N35: =IFERROR(AVERAGE(Tabla1[[#This Row],[2023]:[2026]],),"") -> 0
B36: RECURSOS ESPONTÁNEOS (Proveedores+Acreedores) | C36: =SUM(C35:C35) -> 0 | D36: =SUM(D35:D35) -> 0 | E36: =SUM(E35:E35) -> 0 | F36: =SUM(F35:F35) -> 0 | G36: =SUM(G35:G35) -> 0 | H36: =SUM(H35:H35) -> 0 | I36: =SUM(I35:I35) -> 0 | J36: =SUM(J35:J35) -> 0 | ... L36: =SUM(L35:L35) -> 0 | M36: =IFERROR(AVERAGE(Tabla1[[#This Row],[2020]:[2023]],),"") -> 0 | N36: =IFERROR(AVERAGE(Tabla1[[#This Row],[2023]:[2026]],),"") -> 0
B37: NECESIDADES OPERATIVAS FINANCIERAS (NOF) | C37: =C34-C36 -> 0 | D37: =D34-D36 -> 0 | E37: =E34-E36 -> 0 | F37: =F34-F36 -> 0 | G37: =G34-G36 -> 0 | H37: =H34-H36 -> 0 | I37: =I34-I36 -> 0 | J37: =J34-J36 -> 0 | ... L37: =L34-L36 -> 0 | M37: =IFERROR(AVERAGE(Tabla1[[#This Row],[2020]:[2023]],),"") -> 0 | N37: =IFERROR(AVERAGE(Tabla1[[#This Row],[2023]:[2026]],),"") -> 0
B38: NOF/Ventas | C38: =IFERROR(C37/C11,"") | D38: =IFERROR(D37/D11,"") | E38: =IFERROR(E37/E11,"") | F38: =IFERROR(F37/F11,"") | G38: =IFERROR(G37/G11,"") | H38: =IFERROR(H37/H11,"") | I38: =IFERROR(I37/I11,"") | J38: =IFERROR(J37/J11,"") | ... L38: =IFERROR(L37/L11,"") | M38: =IFERROR(AVERAGE(Tabla1[[#This Row],[2020]:[2023]],),"") -> 0 | N38: =IFERROR(AVERAGE(Tabla1[[#This Row],[2023]:[2026]],),"") -> 0
B39: Otros pasivos (descontar) | M39: =IFERROR(AVERAGE(Tabla1[[#This Row],[2020]:[2023]],),"") -> 0 | N39: =IFERROR(AVERAGE(Tabla1[[#This Row],[2023]:[2026]],),"") -> 0
B40: Pasivo no Corriente | C40: =C8 -> 0 | D40: =D8 -> 0 | E40: =E8 -> 0 | F40: =F8 -> 0 | G40: =G8 -> 0 | H40: =H8 -> 0 | I40: =I8 | J40: =J8 | ... L40: =L8 | M40: =IFERROR(AVERAGE(Tabla1[[#This Row],[2020]:[2023]],),"") -> 0 | N40: =IFERROR(AVERAGE(Tabla1[[#This Row],[2023]:[2026]],),"") -> 0
B41: Patrimonio Neto | C41: =C7 -> 0 | D41: =D7 -> 0 | E41: =E7 -> 0 | F41: =F7 -> 0 | G41: =G7 -> 0 | H41: =H7 -> 0 | I41: =I7 | J41: =J7 | ... L41: =L7 | M41: =IFERROR(AVERAGE(Tabla1[[#This Row],[2020]:[2023]],),"") -> 0 | N41: =IFERROR(AVERAGE(Tabla1[[#This Row],[2023]:[2026]],),"") -> 0
B42: FINANCIACIÓN A LARGO PLAZO (Patrimonio neto+Cuentas por pagar L/P) | C42: =-C39+C40+C41 -> 0 | D42: =SUM(D39:D41) -> 0 | E42: =SUM(E39:E41) -> 0 | F42: =SUM(F39:F41) -> 0 | G42: =SUM(G39:G41) -> 0 | H42: =SUM(H39:H41) -> 0 | I42: =SUM(I39:I41) -> 0 | J42: =SUM(J39:J41) -> 0 | K42: =SUM(K39:K41) -> 0 | L42: =SUM(L39:L41) -> 0 | M42: =IFERROR(AVERAGE(Tabla1[[#This Row],[2020]:[2023]],),"") -> 0 | N42: =IFERROR(AVERAGE(Tabla1[[#This Row],[2023]:[2026]],),"") -> 0
B43: Activo no corriente | C43: =C2 -> 0 | D43: =D2 -> 0 | E43: =E2 -> 0 | F43: =F2 -> 0 | G43: =G2 -> 0 | H43: =H2 -> 0 | I43: =I2 | J43: =J8 | K43: =K8 | L43: =L8 | M43: =IFERROR(AVERAGE(Tabla1[[#This Row],[2020]:[2023]],),"") -> 0 | N43: =IFERROR(AVERAGE(Tabla1[[#This Row],[2023]:[2026]],),"") -> 0
B44: TOTAL INMOVILIZADO (Activo No Corriente) | C44: =SUM(C43:C43) -> 0 | D44: =SUM(D43:D43) -> 0 | E44: =SUM(E43:E43) -> 0 | F44: =SUM(F43:F43) -> 0 | G44: =SUM(G43:G43) -> 0 | H44: =SUM(H43:H43) -> 0 | I44: =SUM(I43:I43) -> 0 | J44: =SUM(J43:J43) -> 0 | ... L44: =SUM(L43:L43) -> 0 | M44: =IFERROR(AVERAGE(Tabla1[[#This Row],[2020]:[2023]],),"") -> 0 | N44: =IFERROR(AVERAGE(Tabla1[[#This Row],[2023]:[2026]],),"") -> 0
B45: FONDO DE MANIOBRA (FM) | C45: =IFERROR(C42-C44,"") -> 0 | D45: =IFERROR(D42-D44,"") -> 0 | E45: =IFERROR(E42-E44,"") -> 0 | F45: =IFERROR(F42-F44,"") -> 0 | G45: =IFERROR(G42-G44,"") -> 0 | H45: =IFERROR(H42-H44,"") -> 0 | I45: =IFERROR(I42-I44,"") -> 0 | J45: =IFERROR(J42-J44,"") -> 0 | ... L45: =IFERROR(L42-L44,"") -> 0 | M45: =IFERROR(AVERAGE(Tabla1[[#This Row],[2020]:[2023]],),"") -> 0 | N45: =IFERROR(AVERAGE(Tabla1[[#This Row],[2023]:[2026]],),"") -> 0
B46: FM (AC-PC) | C46: =C6-C10 -> 0 | D46: =D6-D10 -> 0 | E46: =E6-E10 -> 0 | F46: =F6-F10 -> 0 | G46: =G6-G10 -> 0 | H46: =H6-H10 -> 0 | I46: =I6-I10 -> #VALUE! | J46: =J6-J2 -> #VALUE! | K46: =K6-K2 -> #VALUE! | L46: =L6-L2 -> #VALUE! | M46: =IFERROR(AVERAGE(Tabla1[[#This Row],[2020]:[2023]],),"") -> 0 | N46: =IFERROR(AVERAGE(Tabla1[[#This Row],[2023]:[2026]],),"")
B47: FM/Ventas | C47: =IFERROR(C45/C11,"") | D47: =IFERROR(D45/D11,"") | E47: =IFERROR(E45/E11,"") | F47: =IFERROR(F45/F11,"") | G47: =IFERROR(G45/G11,"") | H47: =IFERROR(H45/H11,"") | I47: =IFERROR(I45/I11,"") | J47: =IFERROR(J45/J11,"") | ... L47: =IFERROR(L45/L11,"") | M47: =IFERROR(AVERAGE(Tabla1[[#This Row],[2020]:[2023]],),"") -> 0 | N47: =IFERROR(AVERAGE(Tabla1[[#This Row],[2023]:[2026]],),"") -> 0
B48: Necesidades Recursos Negociados: NRN a corto=NOF-FM | C48: =IFERROR((C34-C36)-(C42-C44),"") -> 0 | D48: =IFERROR((D34-D36)-(D42-D44),"") -> 0 | E48: =IFERROR((E34-E36)-(E42-E44),"") -> 0 | F48: =IFERROR((F34-F36)-(F42-F44),"") -> 0 | G48: =IFERROR((G34-G36)-(G42-G44),"") -> 0 | H48: =IFERROR((H34-H36)-(H42-H44),"") -> 0 | I48: =IFERROR((I34-I36)-(I42-I44),"") -> 0 | J48: =IFERROR((J34-J36)-(J42-J44),"") -> 0 | ... L48: =IFERROR((L34-L36)-(L42-L44),"") -> 0 | M48: =IFERROR(AVERAGE(Tabla1[[#This Row],[2020]:[2023]],),"") -> 0 | N48: =IFERROR(AVERAGE(Tabla1[[#This Row],[2023]:[2026]],),"") -> 0
B49: Exceso de caja | C49: =(-C37+C42)-C44 -> 0 | D49: =(-D37+D42)-D44 -> 0 | E49: =(-E37+E42)-E44 -> 0 | F49: =(-F37+F42)-F44 -> 0 | G49: =(-G37+G42)-G44 -> 0 | H49: =(-H37+H42)-H44 -> 0 | I49: =(-I37+I42)-I44 -> 0 | M49: =IFERROR(AVERAGE(Tabla1[[#This Row],[2020]:[2023]],),"") -> 0 | N49: =IFERROR(AVERAGE(Tabla1[[#This Row],[2023]:[2026]],),"") -> 0
